Workbook

Sheet Input Capital & Operating Costs
B2: Input Requirements
B3: Capital Expenditures
B4: Capital Expenditures from 2027 to 2031 should be the same as in the five year capital budget.
B5: The year the costs are put into the spreadsheet is the year the project placed into rate base.
B6: The Capital expenditures beyond 2031 should be based on 2027 costs and will be escalated to the in-service year by this spreadsheet.
B8: Operating Expenditures
B9: All Operating expenditures should be input based on 2027 costs. The Spreadsheet will escalate the operating costs to future years.
B11: Project Life Cycle Analysis Assumptions
B12: Year production due to life extension project starts. | E12: 2027
B14: Notes
B15: 1) Present Value Calculation assumes an in-service date at end of year with production from life extension project starting the year subsequent to the in-service year.
B16: 2) Revenue Requirement and Avoided Energy Costs are all Year End Cash Flows.
B17: 2) Total present value of costs will be based on a assumed study period (life cycle) starting in the year subsequent to the in-service year.
B18: 3) Lost production during construction will be modeled as a cost of the project.
B19: 4) Present Value Calculation is discounted to the beginning of the year when production from the project is deemed to have started.
B23: Capital Expenditures by Year
B25: Year | C25: Generation | D25: Generation | E25: Transmission | F25: Substation | G25: Distribution | H25: Buildings | I25: Operating | J25: Description of Capital Work
C26: Hydro | D26: Hydro | I26: Costs
C27: 65.7 yrs | D27: 65.7 yrs | E27: 51.9 yrs | F27: 48.5 yrs | G27: 52.9 yrs | H27: 78 yrs
C28: 8% CCA | D28: 100% CCA | E28: 8% CCA | F28: 8% CCA | G28: 8% CCA | H28: 4% CCA
B30: 2027 | C30: 612000 | F30: 73000 | I30: ='Generation Plant Input'!O40 -> 300666.4 | J30: Lookout Brook Bridges #1 and Transformer Year 1
B31: =B30+1 -> 2028 | C31: 622000 | F31: 86000 | I31: =I30 -> 300666.4 | J31: Lookout Brook Bridges #2 and Transformer Year 2
B32: =B31+1 -> 2029 | C32: 1588000 | F32: 2175000 | I32: =I31 -> 300666.4 | J32: Lookout Brook Bridge #3 and Transformer Year 3
B33: =B32+1 -> 2030 | I33: =I32 -> 300666.4
B34: =B33+1 -> 2031 | C34: 3286000 | I34: =I33 -> 300666.4 | J34: Road and Joe Dennis Pond Outlet Year 1
B35: =B34+1 -> 2032 | C35: 8714000 | I35: =I34 -> 300666.4 | J35: Road and Joe Dennis Pond Outlet Year 2
B36: =B35+1 -> 2033 | C36: 3500000 | I36: =I35 -> 300666.4 | J36: Penstock Coating
B37: =B36+1 -> 2034 | I37: =I36 -> 300666.4
B38: =B37+1 -> 2035 | C38: 1500000 | I38: =I37 -> 300666.4 | J38: Mechanical Overhaul
B39: =B38+1 -> 2036 | C39: 1000000 | I39: =I38 -> 300666.4 | J39: Cross Pond Outlet Replacement
B40: =B39+1 -> 2037 | I40: =I39 -> 300666.4
B41: =B40+1 -> 2038 | I41: =I40 -> 300666.4
B42: =B41+1 -> 2039 | I42: =I41 -> 300666.4
B43: =B42+1 -> 2040 | I43: =I42 -> 300666.4
B44: =B43+1 -> 2041 | I44: =I43 -> 300666.4
B45: =B44+1 -> 2042 | I45: =I44 -> 300666.4
B46: =B45+1 -> 2043 | I46: =I45 -> 300666.4
B47: =B46+1 -> 2044 | I47: =I46 -> 300666.4
B48: =B47+1 -> 2045 | I48: =I47 -> 300666.4
B49: =B48+1 -> 2046 | I49: =I48 -> 300666.4
B50: =B49+1 -> 2047 | C50: 2000000 | I50: =I49 -> 300666.4 | J50: G4 Rewind and Protection and Controls
B51: =B50+1 -> 2048 | I51: =I50 -> 300666.4
B52: =B51+1 -> 2049 | I52: =I51 -> 300666.4
B53: =B52+1 -> 2050 | C53: 1500000 | I53: =I52 -> 300666.4 | J53: Mechanical Overhaul and Switchgear
B54: =B53+1 -> 2051 | I54: =I53 -> 300666.4
B55: =B54+1 -> 2052 | I55: =I54 -> 300666.4
B56: =B55+1 -> 2053 | I56: =I55 -> 300666.4
B57: =B56+1 -> 2054 | C57: 1000000 | I57: =I56 -> 300666.4 | J57: Building Envelope and Crane
B58: =B57+1 -> 2055 | I58: =I57 -> 300666.4
B59: =B58+1 -> 2056 | I59: =I58 -> 300666.4
B60: =B59+1 -> 2057 | I60: =I59 -> 300666.4
B61: =B60+1 -> 2058 | C61: 3500000 | I61: =I60 -> 300666.4 | J61: Penstock Coating
B62: =B61+1 -> 2059 | I62: =I61 -> 300666.4
B63: =B62+1 -> 2060 | I63: =I62 -> 300666.4
B64: =B63+1 -> 2061 | C64: 750000 | E64: 4000000 | I64: =I63 -> 300666.4 | J64: Mechanical Overhaul and Transmission Line
B65: =B64+1 -> 2062 | I65: =I64 -> 300666.4
B66: =B65+1 -> 2063 | I66: =I65 -> 300666.4
B67: =B66+1 -> 2064 | I67: =I66 -> 300666.4
B68: =B67+1 -> 2065 | C68: 750000 | I68: =I67 -> 300666.4 | J68: Mechanical Overhaul
B69: =B68+1 -> 2066 | I69: =I68 -> 300666.4
B70: =B69+1 -> 2067 | I70: =I69 -> 300666.4
B71: =B70+1 -> 2068 | I71: =I70 -> 300666.4
B72: =B71+1 -> 2069 | I72: =I71 -> 300666.4
B73: =B72+1 -> 2070 | I73: =I72 -> 300666.4
B74: =B73+1 -> 2071 | I74: =I73 -> 300666.4
B75: =B74+1 -> 2072 | I75: =I74 -> 300666.4
B76: =B75+1 -> 2073 | I76: =I75 -> 300666.4
B77: =B76+1 -> 2074 | I77: =I76 -> 300666.4
B78: =B77+1 -> 2075 | C78: 1500000 | I78: =I77 -> 300666.4 | J78: G3 Rewind
B79: =B78+1 -> 2076 | I79: =I78 -> 300666.4
B80: =B79+1 -> 2077 | I80: =I79 -> 300666.4
B81: =B80+1 -> 2078 | I81: =I80 -> 300666.4
B82: =B81+1 -> 2079 | I82: =I81 -> 300666.4
B83: =B82+1 -> 2080 | C83: 750000 | I83: =I82 -> 300666.4 | J83: Mechanical Overhaul
B84: =B83+1 -> 2081 | I84: =I83 -> 300666.4
B85: =B84+1 -> 2082 | I85: =I84 -> 300666.4
B86: =B85+1 -> 2083 | C86: =3500000+7500000 -> 11000000 | I86: =I85 -> 300666.4 | J86: Penstock Coating and Mechanical Overhaul
B87: =B86+1 -> 2084 | I87: =I86 -> 300666.4
B88: =B87+1 -> 2085 | I88: =I87 -> 300666.4
B89: =B88+1 -> 2086 | I89: =I88 -> 300666.4
B90: =B89+1 -> 2087 | I90: =I89 -> 300666.4
B91: =B90+1 -> 2088 | I91: =I90 -> 300666.4
B92: =B91+1 -> 2089 | I92: =I91 -> 300666.4
B93: =B92+1 -> 2090 | I93: =I92 -> 300666.4
B94: =B93+1 -> 2091 | I94: =I93 -> 300666.4
B95: =B94+1 -> 2092 | I95: =I94 -> 300666.4
B96: =B95+1 -> 2093 | I96: =I95 -> 300666.4
B97: =B96+1 -> 2094 | I97: =I96 -> 300666.4
B98: =B97+1 -> 2095 | I98: =I97 -> 300666.4
... B110: =B109+1 -> 2107 | I110: =I109 -> 300666.4

Sheet Generation Plant Input
B2: Lookout Brook
B3: All Operating costs should reflect cost escalations to 2027
B6: Plant Production Information
B8: Summary
B9: Existing Plant Output | D9: 31.51 | E9: GWhrs | F9: Estimated Normal Production
B10: Generation Increase | D10: 0 | E10: GWhrs
B11: New Plant Output | D11: =D10+D9 -> 31.51 | E11: GWhrs
B12: NP Output | D12: 438.4 | E12: GWhrs
B13: Existing Plant Capacity | D13: 5.6 | E13: MW | F13: (Available for Winter Peak)
B14: Generation Increase | D14: 0 | E14: MW
B15: New Plant Output | D15: =D13+D14 -> 5.6 | E15: MW | F15: (Available for Winter Peak)
B17: Annual Operating Costs | D17: See Operating Cost Table
B18: Operating Savings
B19: Revised Annual Costs
B21: NOTES
B22: 1) Normalized Energy Production based on the results of the 2020 Water Management Study
B23: 2) Annual Cost Calculated Specific Plant Charges + % Of Hydro Operations based on annual Output
B24: 3) Ensure Gen Tax is included
B25: 4) Available for Winter Peak as reported to Hydro (based on capacity during capacity test)
B27: Operating Cost Information
B29: Operating Costs Information
C30: Plant Operating | E30: Hydro Ops | F30: 51201 | G30: Plant Portion of | I30: Total | K30: Escalation to 2027 - Labour | L30: Escalation to 2027 - Non Labour | M30: $2027 Labour | N30: $2027 Non Labour | O30: Total
C31: 51233 - Lookout Brook | E31: 51201 | G31: Hydro Ops
C32: Labour | D32: Non Labour | E32: Labour | F32: Non Labour | G32: Labour | H32: Non Labour | I32: Labour | J32: Non Labour | L32: Non Labour | M32: 2023 $ | O32: Total
B33: 2021 | C33: 81335 | D33: 31985 | E33: 658209.86 | F33: 266034.64 | G33: =$D$9/$D$12*E33 -> 47308.834 | H33: =$D$9/$D$12*F33 -> 19121.24 | I33: =C33+G33 -> 128643.83 | J33: =D33+H33 -> 51106.24 | K33: =F65 -> 1.2542378 | L33: =D65 -> 1.1964532 | M33: =I33*K33 -> 161349.96 | N33: =L33*J33 -> 61146.226 | O33: =SUM(M33:N33) -> 222496.19
B34: 2022 | C34: 67797 | D34: 42396 | E34: 700705.58 | F34: 225810.76 | G34: =$D$9/$D$12*E34 -> 50363.214 | H34: =$D$9/$D$12*F34 -> 16230.148 | I34: =C34+G34 -> 118160.21 | J34: =D34+H34 -> 58626.148 | K34: =F66 -> 1.2177066 | L34: =D66 -> 1.108804 | M34: =I34*K34 -> 143884.48 | N34: =L34*J34 -> 65004.908 | O34: =SUM(M34:N34) -> 208889.38
B35: 2023 | C35: 88619 | D35: 26599 | E35: 795219 | F35: 187174 | G35: =$D$9/$D$12*E35 -> 57156.366 | H35: =$D$9/$D$12*F35 -> 13453.131 | I35: =C35+G35 -> 145775.37 | J35: =D35+H35 -> 40052.131 | K35: =F67 -> 1.1839637 | L35: =D67 -> 1.0918872 | M35: =I35*K35 -> 172592.74 | N35: =L35*J35 -> 43732.41 | O35: =SUM(M35:N35) -> 216325.15
B36: 2024 | C36: 80190 | D36: 11599 | E36: 648233 | F36: 291164 | G36: =$D$9/$D$12*E36 -> 46591.747 | H36: =$D$9/$D$12*F36 -> 20927.413 | I36: =C36+G36 -> 126781.75 | J36: =D36+H36 -> 32526.413 | K36: =F68 -> 1.1406201 | L36: =D68 -> 1.0629094 | M36: =I36*K36 -> 144609.81 | N36: =L36*J36 -> 34572.63 | O36: =SUM(M36:N36) -> 179182.44
B37: 2025 | C37: 62366 | D37: 14145 | E37: 783515 | F37: 206805 | G37: =$D$9/$D$12*E37 -> 56315.141 | H37: =$D$9/$D$12*F37 -> 14864.109 | I37: =C37+G37 -> 118681.14 | J37: =D37+H37 -> 29009.109 | K37: =F69 -> 1.092025 | L37: =D69 -> 1.0366417 | M37: =I37*K37 -> 129602.77 | N37: =L37*J37 -> 30072.054 | O37: =SUM(M37:N37) -> 159674.83
B38: 5 year Average | C38: =AVERAGE(C33:C37) -> 76061.4 | D38: =AVERAGE(D33:D37) -> 25344.8 | E38: =AVERAGE(E33:E37) -> 717176.49 | F38: =AVERAGE(F33:F37) -> 235397.68 | G38: =AVERAGE(G33:G37) -> 51547.06 | H38: =AVERAGE(H33:H37) -> 16919.208 | I38: =G38+C38 -> 127608.46 | J38: =D38+H38 -> 42264.008 | M38: =AVERAGE(M33:M37) -> 150407.95 | N38: =AVERAGE(N33:N37) -> 46905.646 | O38: =AVERAGE(O33:O37) -> 197313.6
N39: Water Tax | O39: =E52 -> 103352.8
N40: Total Annual Operating Cost: | O40: =O38+O39 -> 300666.4
B42: Water Rental Tax
B43: 2025 Water Rental Rate | E43: 3.1489
B44: based on rate of 2.5 $/MWh established in 2016 and adjusted by CPI annually
B46: CPI Escalation 2026 | C46: 0.0208 | E46: =E43*(1+C46) -> 3.2143971
B47: CPI Escalation 2027 | C47: 0.0205 | E47: =E46*(1+C47) -> 3.2802923
B49: Rounded Figure for 2027 | E49: =ROUND(E47,2) -> 3.28 | F49: $/MWh
B50: Normal Production | E50: =D11*1000 -> 31510
B52: Total Water Rental Rate ($2027) | E52: =E50*E49 -> 103352.8
B54: Escalation
B55: Escalation to 2027 based on Signal49's forecast for All Items Consumer price index.
B56: Beyond 2026 assumes GDP Deflator forecast (Canada) is a reasonable approximation for forecast CPI
B58: Escalation for converting historic operating costs to 2027 equivalent
B60: Inflation adjustment taken from historic medium term all Canada GDP Deflator Forecast - February 6, 2026
C63: Non-Labour Escalator | E63: Labour Escalator
C64: Index | D64: Escalation to 2027 | E64: Index | F64: Escalation to 2027
B65: 2021 | C65: 1.1242038 | D65: =$C$71/C65 -> 1.1964532 | E65: 1 | F65: =$E$71/E65 -> 1.2542378
B66: 2022 | C66: 1.2130703 | D66: =$C$71/C66 -> 1.108804 | E66: =E65*1.03 -> 1.03 | F66: =$E$71/E66 -> 1.2177066
B67: 2023 | C67: 1.2318646 | D67: =$C$71/C67 -> 1.0918872 | E67: =E66*1.0285 -> 1.059355 | F67: =$E$71/E67 -> 1.1839637
B68: 2024 | C68: 1.2654486 | D68: =$C$71/C68 -> 1.0629094 | E68: =E67*1.038 -> 1.0996105 | F68: =$E$71/E68 -> 1.1406201
B69: 2025 | C69: 1.2975141 | D69: =$C$71/C69 -> 1.0366417 | E69: =E68*1.0445 -> 1.1485432 | F69: =$E$71/E69 -> 1.092025
B70: 2026 | C70: 1.3218018 | D70: =$C$71/C70 -> 1.0175938 | E70: =E69*1.045 -> 1.2002276 | F70: =$E$71/E70 -> 1.045
B71: 2027 | C71: 1.3450572 | D71: 1 | E71: =E70*1.045 -> 1.2542378 | F71: =$E$71/E71 -> 1
B73: Estimated Spillage
B74: Estimated Spillage | J74: Export Energy Supply cost $/MWh
J75: Winter on Peak Cost | K75: Winter off peak cost | L75: Non-Winter Cost | M75: Winter Production Split
B76: # | C76: Year | D76: GWH | E76: Winter Season spill | F76: Non-Winter Spill | G76: Weighted Export Energy Supply Cost $/MWh | H76: Cost of Spillage ($) | M76: On Peak | N76: Off Peak
B77: 1 | C77: 2029 | D77: 8 | E77: 0 | F77: 1 | G77: =L77*F77+M77*E77*J77+N77*E77*K77 -> 25.68 | H77: =G77*D77*1000 -> 205440 | J77: =IFERROR(VLOOKUP(C77, 'Marginal Supply Costs'!$A$12:$O$95,2,TRUE),0) -> 65.26 | K77: =IFERROR(VLOOKUP(C77, 'Marginal Supply Costs'!$A$12:$O$95,3,TRUE),0) -> 55.99 | L77: =IFERROR(VLOOKUP(C77, 'Marginal Supply Costs'!$A$12:$O$95,4,TRUE),0) -> 25.68 | M77: ='Marginal Supply Costs'!K16/('Marginal Supply Costs'!$K$16+'Marginal Supply Costs'!$L$16) -> 0.47761194 | N77: ='Marginal Supply Costs'!L16/('Marginal Supply Costs'!$K$16+'Marginal Supply Costs'!$L$16) -> 0.52238806
B78: 2 | G78: =L78*F78+M78*E78*J78+N78*E78*K78 -> 0 | H78: =D78*G78*1000 -> 0 | J78: =IFERROR(VLOOKUP(C78, 'Marginal Supply Costs'!$A$12:$O$95,2,TRUE),0) -> 0 | K78: =IFERROR(VLOOKUP(C78, 'Marginal Supply Costs'!$A$12:$O$95,3,TRUE),0) -> 0 | L78: =IFERROR(VLOOKUP(C78, 'Marginal Supply Costs'!$A$12:$O$95,4,TRUE),0) -> 0 | M78: ='Marginal Supply Costs'!K17/('Marginal Supply Costs'!$K$16+'Marginal Supply Costs'!$L$16) -> 0.47761194 | N78: ='Marginal Supply Costs'!L17/('Marginal Supply Costs'!$K$16+'Marginal Supply Costs'!$L$16) -> 0.53731343
B79: =B78+1 -> 3 | G79: =L79*F79+M79*E79*J79+N79*E79*K79 -> 0 | H79: =D79*G79*1000 -> 0 | J79: =IFERROR(VLOOKUP(C79, 'Marginal Supply Costs'!$A$12:$O$95,2,TRUE),0) -> 0 | K79: =IFERROR(VLOOKUP(C79, 'Marginal Supply Costs'!$A$12:$O$95,3,TRUE),0) -> 0 | L79: =IFERROR(VLOOKUP(C79, 'Marginal Supply Costs'!$A$12:$O$95,4,TRUE),0) -> 0 | M79: ='Marginal Supply Costs'!K18/('Marginal Supply Costs'!$K$16+'Marginal Supply Costs'!$L$16) -> 0.47761194 | N79: ='Marginal Supply Costs'!L18/('Marginal Supply Costs'!$K$16+'Marginal Supply Costs'!$L$16) -> 0.53731343
B80: =B79+1 -> 4 | G80: =L80*F80+M80*E80*J80+N80*E80*K80 -> 0 | H80: =D80*G80*1000 -> 0 | J80: =IFERROR(VLOOKUP(C80, 'Marginal Supply Costs'!$A$12:$O$95,2,TRUE),0) -> 0 | K80: =IFERROR(VLOOKUP(C80, 'Marginal Supply Costs'!$A$12:$O$95,3,TRUE),0) -> 0 | L80: =IFERROR(VLOOKUP(C80, 'Marginal Supply Costs'!$A$12:$O$95,4,TRUE),0) -> 0 | M80: ='Marginal Supply Costs'!K19/('Marginal Supply Costs'!$K$16+'Marginal Supply Costs'!$L$16) -> 0.47761194 | N80: ='Marginal Supply Costs'!L19/('Marginal Supply Costs'!$K$16+'Marginal Supply Costs'!$L$16) -> 0.53731343
B81: =B80+1 -> 5 | G81: =L81*F81+M81*E81*J81+N81*E81*K81 -> 0 | H81: =D81*G81*1000 -> 0 | J81: =IFERROR(VLOOKUP(C81, 'Marginal Supply Costs'!$A$12:$O$95,2,TRUE),0) -> 0 | K81: =IFERROR(VLOOKUP(C81, 'Marginal Supply Costs'!$A$12:$O$95,3,TRUE),0) -> 0 | L81: =IFERROR(VLOOKUP(C81, 'Marginal Supply Costs'!$A$12:$O$95,4,TRUE),0) -> 0 | M81: ='Marginal Supply Costs'!K20/('Marginal Supply Costs'!$K$16+'Marginal Supply Costs'!$L$16) -> 0.47761194 | N81: ='Marginal Supply Costs'!L20/('Marginal Supply Costs'!$K$16+'Marginal Supply Costs'!$L$16) -> 0.53731343
B82: =B81+1 -> 6 | G82: =L82*F82+M82*E82*J82+N82*E82*K82 -> 0 | H82: =D82*G82*1000 -> 0 | J82: =IFERROR(VLOOKUP(C82, 'Marginal Supply Costs'!$A$12:$O$95,2,TRUE),0) -> 0 | K82: =IFERROR(VLOOKUP(C82, 'Marginal Supply Costs'!$A$12:$O$95,3,TRUE),0) -> 0 | L82: =IFERROR(VLOOKUP(C82, 'Marginal Supply Costs'!$A$12:$O$95,4,TRUE),0) -> 0 | M82: ='Marginal Supply Costs'!K21/('Marginal Supply Costs'!$K$16+'Marginal Supply Costs'!$L$16) -> 0.47761194 | N82: ='Marginal Supply Costs'!L21/('Marginal Supply Costs'!$K$16+'Marginal Supply Costs'!$L$16) -> 0.53731343
B83: =B82+1 -> 7 | G83: =L83*F83+M83*E83*J83+N83*E83*K83 -> 0 | H83: =D83*G83*1000 -> 0 | J83: =IFERROR(VLOOKUP(C83, 'Marginal Supply Costs'!$A$12:$O$95,2,TRUE),0) -> 0 | K83: =IFERROR(VLOOKUP(C83, 'Marginal Supply Costs'!$A$12:$O$95,3,TRUE),0) -> 0 | L83: =IFERROR(VLOOKUP(C83, 'Marginal Supply Costs'!$A$12:$O$95,4,TRUE),0) -> 0 | M83: ='Marginal Supply Costs'!K22/('Marginal Supply Costs'!$K$16+'Marginal Supply Costs'!$L$16) -> 0.47761194 | N83: ='Marginal Supply Costs'!L22/('Marginal Supply Costs'!$K$16+'Marginal Supply Costs'!$L$16) -> 0.53731343
B84: =B83+1 -> 8 | G84: =L84*F84+M84*E84*J84+N84*E84*K84 -> 0 | H84: =D84*G84*1000 -> 0 | J84: =IFERROR(VLOOKUP(C84, 'Marginal Supply Costs'!$A$12:$O$95,2,TRUE),0) -> 0 | K84: =IFERROR(VLOOKUP(C84, 'Marginal Supply Costs'!$A$12:$O$95,3,TRUE),0) -> 0 | L84: =IFERROR(VLOOKUP(C84, 'Marginal Supply Costs'!$A$12:$O$95,4,TRUE),0) -> 0 | M84: ='Marginal Supply Costs'!K23/('Marginal Supply Costs'!$K$16+'Marginal Supply Costs'!$L$16) -> 0.47761194 | N84: ='Marginal Supply Costs'!L23/('Marginal Supply Costs'!$K$16+'Marginal Supply Costs'!$L$16) -> 0.53731343
B85: =B84+1 -> 9 | G85: =L85*F85+M85*E85*J85+N85*E85*K85 -> 0 | H85: =D85*G85*1000 -> 0 | J85: =IFERROR(VLOOKUP(C85, 'Marginal Supply Costs'!$A$12:$O$95,2,TRUE),0) -> 0 | K85: =IFERROR(VLOOKUP(C85, 'Marginal Supply Costs'!$A$12:$O$95,3,TRUE),0) -> 0 | L85: =IFERROR(VLOOKUP(C85, 'Marginal Supply Costs'!$A$12:$O$95,4,TRUE),0) -> 0 | M85: ='Marginal Supply Costs'!K24/('Marginal Supply Costs'!$K$16+'Marginal Supply Costs'!$L$16) -> 0.47761194 | N85: ='Marginal Supply Costs'!L24/('Marginal Supply Costs'!$K$16+'Marginal Supply Costs'!$L$16) -> 0.53731343
B86: =B85+1 -> 10 | G86: =L86*F86+M86*E86*J86+N86*E86*K86 -> 0 | H86: =D86*G86*1000 -> 0 | J86: =IFERROR(VLOOKUP(C86, 'Marginal Supply Costs'!$A$12:$O$95,2,TRUE),0) -> 0 | K86: =IFERROR(VLOOKUP(C86, 'Marginal Supply Costs'!$A$12:$O$95,3,TRUE),0) -> 0 | L86: =IFERROR(VLOOKUP(C86, 'Marginal Supply Costs'!$A$12:$O$95,4,TRUE),0) -> 0 | M86: ='Marginal Supply Costs'!K25/('Marginal Supply Costs'!$K$16+'Marginal Supply Costs'!$L$16) -> 0.47761194 | N86: ='Marginal Supply Costs'!L25/('Marginal Supply Costs'!$K$16+'Marginal Supply Costs'!$L$16) -> 0.53731343
B88: Notes:
B89: 1. Estimated Spillage accounts for cost of spilled water (lost generation) during planned work.
B90: 2. Enter the year the spill is expected to occur and the spillage amount (GWh).
B91: 3. The value of the spillage is based on the weighted export energy supply cost for the year the spill is expected.

Sheet Marginal Supply Costs
A1: Notes: | B1: Basis of Energy, Generation Capacity and Transmission Capacity is NL Hydro's Marginal Cost update- December 2025
B2: Winter Season defined as December through March.
B3: On peak Hours 7:00 a.m. to 10:00 p.m., Monday through Friday
B4: Hourly Marginal Capacity estimated by Newfoundland Power.
B5: Annual Capacity costs does not include losses to NP delivery point
A7: Marginal Cost Projection 2026 - 2045
A8: Island Inter-Connected System
A9: at Hydro's Delivery Point to NP | K9: Plant Production
A10: Source: Hydro's Marginal Cost Update, December 2025 | K10: Source: Hourly Hydro Prod Input for NPV - for appropriate hydro Plant
B12: Energy Supply Costs | F12: Generation and Transmission Capacity Costs | K12: Plant Production Splits | O12: Weighted Export Energy Supply Cost | P12: Weighted Capacity Cost (Run of River)
B13: Winter | D13: Non-Winter | F13: Winter | H13: Non-Winter | K13: Winter | M13: Non-Winter
A14: Year | B14: On-Peak | C14: Off-Peak | D14: All hours | F14: On-Peak | G14: Off-Peak | H14: All hours | I14: Annual | K14: On-Peak | L14: Off-Peak | M14: All hours
B15: $/MWh | C15: $/MWh | D15: $/MWh | F15: $/MWh | G15: $/MWh | H15: $/MWh | I15: $/kW·yr | O15: $/MWh | P15: $/MWh
A16: 2027 | B16: 100.83 | C16: 84.05 | D16: 35.8 | F16: 135.85 | G16: 42.49 | H16: 2.07 | I16: 258.02 | K16: 0.16 | L16: 0.175 | M16: 0.66 | O16: =B16*K16+C16*L16+D16*M16 -> 54.46955 | P16: =F16*K16+G16*L16+H16*M16 -> 30.53795
A17: =A16+1 -> 2028 | B17: 85.88 | C17: 69.58 | D17: 28.17 | F17: 125.92 | G17: 39.35 | H17: 1.9 | I17: 239.29 | K17: 0.16 | L17: 0.18 | M17: 0.66 | O17: =B17*K17+C17*L17+D17*M17 -> 44.8574 | P17: =F17*K17+G17*L17+H17*M17 -> 28.4842
A18: =A17+1 -> 2029 | B18: 65.26 | C18: 55.99 | D18: 25.68 | F18: 157.6 | G18: 49.33 | H18: 2.43 | I18: 299.49 | K18: 0.16 | L18: 0.18 | M18: 0.66 | O18: =B18*K18+C18*L18+D18*M18 -> 37.4686 | P18: =F18*K18+G18*L18+H18*M18 -> 35.6992
A19: =A18+1 -> 2030 | B19: 63.93 | C19: 55.58 | D19: 25.34 | F19: 251.8 | G19: 79.02 | H19: 4 | I19: 478.32 | K19: 0.16 | L19: 0.18 | M19: 0.66 | O19: =B19*K19+C19*L19+D19*M19 -> 36.9576 | P19: =F19*K19+G19*L19+H19*M19 -> 57.1516
A20: =A19+1 -> 2031 | B20: 67.76 | C20: 56.83 | D20: 27.76 | F20: 467.19 | G20: 146.91 | H20: 7.62 | I20: 887.06 | K20: 0.16 | L20: 0.18 | M20: 0.66 | O20: =B20*K20+C20*L20+D20*M20 -> 39.3926 | P20: =F20*K20+G20*L20+H20*M20 -> 106.2234
A21: =A20+1 -> 2032 | B21: 71.74 | C21: 59.62 | D21: 28.94 | F21: 339.33 | G21: 106.6 | H21: 5.46 | I21: 644.61 | K21: 0.16 | L21: 0.18 | M21: 0.66 | O21: =B21*K21+C21*L21+D21*M21 -> 41.3104 | P21: =F21*K21+G21*L21+H21*M21 -> 77.0844
A22: =A21+1 -> 2033 | B22: 71.58 | C22: 59.73 | D22: 29.89 | F22: 372.95 | G22: 117.19 | H22: 6.02 | I22: 708.53 | K22: 0.16 | L22: 0.18 | M22: 0.66 | O22: =B22*K22+C22*L22+D22*M22 -> 41.9316 | P22: =F22*K22+G22*L22+H22*M22 -> 84.7394
A23: =A22+1 -> 2034 | B23: 71.94 | C23: 62.43 | D23: 29.2 | F23: 282.63 | G23: 88.71 | H23: 4.5 | I23: 537.31 | K23: 0.16 | L23: 0.18 | M23: 0.66 | O23: =B23*K23+C23*L23+D23*M23 -> 42.0198 | P23: =F23*K23+G23*L23+H23*M23 -> 64.1586
A24: =A23+1 -> 2035 | B24: 72.63 | C24: 65.76 | D24: 29.74 | F24: 203.08 | G24: 63.62 | H24: 3.16 | I24: 386.53 | K24: 0.16 | L24: 0.18 | M24: 0.66 | O24: =B24*K24+C24*L24+D24*M24 -> 43.086 | P24: =F24*K24+G24*L24+H24*M24 -> 46.03
A25: =A24+1 -> 2036 | B25: 70.37 | C25: 62.99 | D25: 30.67 | F25: 298.04 | G25: 93.54 | H25: 4.75 | I25: 566.82 | K25: 0.16 | L25: 0.18 | M25: 0.66 | O25: =B25*K25+C25*L25+D25*M25 -> 42.8396 | P25: =F25*K25+G25*L25+H25*M25 -> 67.6586
A26: =A25+1 -> 2037 | B26: 72.77 | C26: 62.95 | D26: 30.23 | F26: 306.79 | G26: 96.29 | H26: 4.89 | I26: 583.57 | K26: 0.16 | L26: 0.18 | M26: 0.66 | O26: =B26*K26+C26*L26+D26*M26 -> 42.926 | P26: =F26*K26+G26*L26+H26*M26 -> 69.646
A27: =A26+1 -> 2038 | B27: 77.31 | C27: 67.08 | D27: 30.89 | F27: 315.8 | G27: 99.12 | H27: 5.04 | I27: 600.82 | K27: 0.16 | L27: 0.18 | M27: 0.66 | O27: =B27*K27+C27*L27+D27*M27 -> 44.8314 | P27: =F27*K27+G27*L27+H27*M27 -> 71.696
A28: =A27+1 -> 2039 | B28: 76.92 | C28: 67.4 | D28: 30.82 | F28: 325.07 | G28: 102.04 | H28: 5.19 | I28: 618.59 | K28: 0.16 | L28: 0.18 | M28: 0.66 | O28: =B28*K28+C28*L28+D28*M28 -> 44.7804 | P28: =F28*K28+G28*L28+H28*M28 -> 73.8038
... A34: =A33+1 -> 2045 | B34: 98.76 | C34: 90.09 | D34: 39.75 | F34: 386.87 | G34: 121.46 | H34: 6.19 | I34: 736.96 | K34: 0.16 | L34: 0.18 | M34: 0.66 | O34: =B34*K34+C34*L34+D34*M34 -> 58.2528 | P34: =F34*K34+G34*L34+H34*M34 -> 87.8474
A35: =A34+1 -> 2046 | B35: =B34*(1+'Escalation Sheet'!$C22) -> 100.41374 | C35: =C34*(1+'Escalation Sheet'!$C22) -> 91.598557 | D35: =D34*(1+'Escalation Sheet'!$C22) -> 40.415614 | F35: =F34*(1+'Escalation Sheet'!$C22) -> 393.34814 | G35: =G34*(1+'Escalation Sheet'!$C22) -> 123.49385 | H35: =H34*(1+'Escalation Sheet'!$C22) -> 6.2936516 | I35: =I34*(1+'Escalation Sheet'!$C22) -> 749.3004 | K35: 0.16 | L35: 0.18 | M35: 0.66 | O35: =B35*K35+C35*L35+D35*M35 -> 59.228243 | P35: =F35*K35+G35*L35+H35*M35 -> 89.318405
A36: =A35+1 -> 2047 | B36: =B35*(1+'Escalation Sheet'!$C23) -> 102.09516 | C36: =C35*(1+'Escalation Sheet'!$C23) -> 93.132375 | D36: =D35*(1+'Escalation Sheet'!$C23) -> 41.092373 | F36: =F35*(1+'Escalation Sheet'!$C23) -> 399.93475 | G36: =G35*(1+'Escalation Sheet'!$C23) -> 125.56175 | H36: =H35*(1+'Escalation Sheet'!$C23) -> 6.3990387 | I36: =I35*(1+'Escalation Sheet'!$C23) -> 761.84743 | K36: 0.16 | L36: 0.18 | M36: 0.66 | O36: =B36*K36+C36*L36+D36*M36 -> 60.22002 | P36: =F36*K36+G36*L36+H36*M36 -> 90.814041
A37: =A36+1 -> 2048 | B37: =B36*(1+'Escalation Sheet'!$C24) -> 103.80475 | C37: =C36*(1+'Escalation Sheet'!$C24) -> 94.691877 | D37: =D36*(1+'Escalation Sheet'!$C24) -> 41.780465 | F37: =F36*(1+'Escalation Sheet'!$C24) -> 406.63166 | G37: =G36*(1+'Escalation Sheet'!$C24) -> 127.66428 | H37: =H36*(1+'Escalation Sheet'!$C24) -> 6.5061906 | I37: =I36*(1+'Escalation Sheet'!$C24) -> 774.60457 | K37: 0.16 | L37: 0.18 | M37: 0.66 | O37: =B37*K37+C37*L37+D37*M37 -> 61.228404 | P37: =F37*K37+G37*L37+H37*M37 -> 92.334723
A38: =A37+1 -> 2049 | B38: =B37*(1+'Escalation Sheet'!$C25) -> 105.54296 | C38: =C37*(1+'Escalation Sheet'!$C25) -> 96.277492 | D38: =D37*(1+'Escalation Sheet'!$C25) -> 42.480079 | F38: =F37*(1+'Escalation Sheet'!$C25) -> 413.44071 | G38: =G37*(1+'Escalation Sheet'!$C25) -> 129.80202 | H38: =H37*(1+'Escalation Sheet'!$C25) -> 6.6151368 | I38: =I37*(1+'Escalation Sheet'!$C25) -> 787.57532 | K38: 0.16 | L38: 0.18 | M38: 0.66 | O38: =B38*K38+C38*L38+D38*M38 -> 62.253674 | P38: =F38*K38+G38*L38+H38*M38 -> 93.880867
A39: =A38+1 -> 2050 | B39: =B38*(1+'Escalation Sheet'!$C26) -> 107.31028 | C39: =C38*(1+'Escalation Sheet'!$C26) -> 97.889659 | D39: =D38*(1+'Escalation Sheet'!$C26) -> 43.191408 | F39: =F38*(1+'Escalation Sheet'!$C26) -> 420.36377 | G39: =G38*(1+'Escalation Sheet'!$C26) -> 131.97556 | H39: =H38*(1+'Escalation Sheet'!$C26) -> 6.7259073 | I39: =I38*(1+'Escalation Sheet'!$C26) -> 800.76327 | K39: 0.16 | L39: 0.18 | M39: 0.66 | O39: =B39*K39+C39*L39+D39*M39 -> 63.296112 | P39: =F39*K39+G39*L39+H39*M39 -> 95.452903
A40: =A39+1 -> 2051 | B40: =B39*(1+'Escalation Sheet'!$C27) -> 109.10719 | C40: =C39*(1+'Escalation Sheet'!$C27) -> 99.528821 | D40: =D39*(1+'Escalation Sheet'!$C27) -> 43.914648 | F40: =F39*(1+'Escalation Sheet'!$C27) -> 427.40276 | G40: =G39*(1+'Escalation Sheet'!$C27) -> 134.18549 | H40: =H39*(1+'Escalation Sheet'!$C27) -> 6.8385326 | I40: =I39*(1+'Escalation Sheet'!$C27) -> 814.17205 | K40: 0.16 | L40: 0.18 | M40: 0.66 | O40: =B40*K40+C40*L40+D40*M40 -> 64.356005 | P40: =F40*K40+G40*L40+H40*M40 -> 97.051261
A41: =A40+1 -> 2052 | B41: =B40*(1+'Escalation Sheet'!$C28) -> 110.93419 | C41: =C40*(1+'Escalation Sheet'!$C28) -> 101.19543 | D41: =D40*(1+'Escalation Sheet'!$C28) -> 44.649999 | F41: =F40*(1+'Escalation Sheet'!$C28) -> 434.55962 | G41: =G40*(1+'Escalation Sheet'!$C28) -> 136.43242 | H41: =H40*(1+'Escalation Sheet'!$C28) -> 6.9530438 | I41: =I40*(1+'Escalation Sheet'!$C28) -> 827.80536 | K41: 0.16 | L41: 0.18 | M41: 0.66 | O41: =B41*K41+C41*L41+D41*M41 -> 65.433646 | P41: =F41*K41+G41*L41+H41*M41 -> 98.676385
A42: =A41+1 -> 2053 | B42: =B41*(1+'Escalation Sheet'!$C29) -> 112.79178 | C42: =C41*(1+'Escalation Sheet'!$C29) -> 102.88995 | D42: =D41*(1+'Escalation Sheet'!$C29) -> 45.397663 | F42: =F41*(1+'Escalation Sheet'!$C29) -> 441.83632 | G42: =G41*(1+'Escalation Sheet'!$C29) -> 138.71698 | H42: =H41*(1+'Escalation Sheet'!$C29) -> 7.0694725 | I42: =I41*(1+'Escalation Sheet'!$C29) -> 841.66696 | K42: 0.16 | L42: 0.18 | M42: 0.66 | O42: =B42*K42+C42*L42+D42*M42 -> 66.529333 | P42: =F42*K42+G42*L42+H42*M42 -> 100.32872
A43: =A42+1 -> 2054 | B43: =B42*(1+'Escalation Sheet'!$C30) -> 114.68048 | C43: =C42*(1+'Escalation Sheet'!$C30) -> 104.61284 | D43: =D42*(1+'Escalation Sheet'!$C30) -> 46.157847 | F43: =F42*(1+'Escalation Sheet'!$C30) -> 449.23487 | G43: =G42*(1+'Escalation Sheet'!$C30) -> 141.0398 | H43: =H42*(1+'Escalation Sheet'!$C30) -> 7.1878509 | I43: =I42*(1+'Escalation Sheet'!$C30) -> 855.76067 | K43: 0.16 | L43: 0.18 | M43: 0.66 | O43: =B43*K43+C43*L43+D43*M43 -> 67.643366 | P43: =F43*K43+G43*L43+H43*M43 -> 102.00873
A44: =A43+1 -> 2055 | B44: =B43*(1+'Escalation Sheet'!$C31) -> 116.6008 | C44: =C43*(1+'Escalation Sheet'!$C31) -> 106.36458 | D44: =D43*(1+'Escalation Sheet'!$C31) -> 46.93076 | F44: =F43*(1+'Escalation Sheet'!$C31) -> 456.75731 | G44: =G43*(1+'Escalation Sheet'!$C31) -> 143.40151 | H44: =H43*(1+'Escalation Sheet'!$C31) -> 7.3082114 | I44: =I43*(1+'Escalation Sheet'!$C31) -> 870.09039 | K44: 0.16 | L44: 0.18 | M44: 0.66 | O44: =B44*K44+C44*L44+D44*M44 -> 68.776055 | P44: =F44*K44+G44*L44+H44*M44 -> 103.71686
A45: =A44+1 -> 2056 | B45: =B44*(1+'Escalation Sheet'!$C32) -> 118.55328 | C45: =C44*(1+'Escalation Sheet'!$C32) -> 108.14566 | D45: =D44*(1+'Escalation Sheet'!$C32) -> 47.716616 | F45: =F44*(1+'Escalation Sheet'!$C32) -> 464.40571 | G45: =G44*(1+'Escalation Sheet'!$C32) -> 145.80277 | H45: =H44*(1+'Escalation Sheet'!$C32) -> 7.4305874 | I45: =I44*(1+'Escalation Sheet'!$C32) -> 884.66005 | K45: 0.16 | L45: 0.18 | M45: 0.66 | O45: =B45*K45+C45*L45+D45*M45 -> 69.92771 | P45: =F45*K45+G45*L45+H45*M45 -> 105.4536
A46: =A45+1 -> 2057 | B46: =B45*(1+'Escalation Sheet'!$C33) -> 120.53846 | C46: =C45*(1+'Escalation Sheet'!$C33) -> 109.95656 | D46: =D45*(1+'Escalation Sheet'!$C33) -> 48.51563 | F46: =F45*(1+'Escalation Sheet'!$C33) -> 472.18219 | G46: =G45*(1+'Escalation Sheet'!$C33) -> 148.24424 | H46: =H45*(1+'Escalation Sheet'!$C33) -> 7.5550126 | I46: =I45*(1+'Escalation Sheet'!$C33) -> 899.47368 | K46: 0.16 | L46: 0.18 | M46: 0.66 | O46: =B46*K46+C46*L46+D46*M46 -> 71.098649 | P46: =F46*K46+G46*L46+H46*M46 -> 107.21942
... A96: =A95+1 -> 2107 | B96: =B95*(1+'Escalation Sheet'!$C83) -> 276.52086 | C96: =C95*(1+'Escalation Sheet'!$C83) -> 252.24548 | D96: =D95*(1+'Escalation Sheet'!$C83) -> 111.29713 | F96: =F95*(1+'Escalation Sheet'!$C83) -> 1083.208 | G96: =G95*(1+'Escalation Sheet'!$C83) -> 340.07922 | H96: =H95*(1+'Escalation Sheet'!$C83) -> 17.331552 | I96: =I95*(1+'Escalation Sheet'!$C83) -> 2063.4347 | K96: 0.16 | L96: 0.18 | M96: 0.66 | O96: =B96*K96+C96*L96+D96*M96 -> 163.10363 | P96: =F96*K96+G96*L96+H96*M96 -> 245.96637
A98: Notes
A99: 2027 - 2045 Based on Marginal Cost Projection from Hydro's Marginal Cost Update, December 2025
A100: After 2045 Based on Cost Escalation Factor from Escalation Sheet

Sheet Escalation Sheet
B1: GDP Deflator (All Canada)
A2: Year | B2: Index | C2: (% over previous year) | E2: Escalated Amount
A3: 2027 | B3: 1.3450572 | E3: 100
A4: =A3+1 -> 2028 | B4: 1.3711757 | C4: =B4/B3-1 -> 0.019418133 | E4: =E3*(1+C4) -> 101.94181
A5: =A4+1 -> 2029 | B5: 1.399154 | C5: =B5/B4-1 -> 0.020404569 | E5: =E4*(1+C5) -> 104.02189
A6: =A5+1 -> 2030 | B6: 1.4242133 | C6: =B6/B5-1 -> 0.017910287 | E6: =E5*(1+C6) -> 105.88495
A7: =A6+1 -> 2031 | B7: 1.4479065 | C7: =B7/B6-1 -> 0.016636 | E7: =E6*(1+C7) -> 107.64646
A8: =A7+1 -> 2032 | B8: 1.47092 | C8: =B8/B7-1 -> 0.015894354 | E8: =E7*(1+C8) -> 109.35743
A9: =A8+1 -> 2033 | B9: 1.4956978 | C9: =B9/B8-1 -> 0.01684507 | E9: =E8*(1+C9) -> 111.19956
A10: =A9+1 -> 2034 | B10: 1.5208525 | C10: =B10/B9-1 -> 0.01681807 | E10: =E9*(1+C10) -> 113.06972
A11: =A10+1 -> 2035 | B11: 1.5462662 | C11: =B11/B10-1 -> 0.0167102 | E11: =E10*(1+C11) -> 114.95914
A12: =A11+1 -> 2036 | B12: 1.571893 | C12: =B12/B11-1 -> 0.01657331 | E12: =E11*(1+C12) -> 116.86439
A13: =A12+1 -> 2037 | B13: 1.5979408 | C13: =B13/B12-1 -> 0.016570943 | E13: =E12*(1+C13) -> 118.80095
A14: =A13+1 -> 2038 | B14: 1.6245393 | C14: =B14/B13-1 -> 0.016645486 | E14: =E13*(1+C14) -> 120.77845
A15: =A14+1 -> 2039 | B15: 1.6516148 | C15: =B15/B14-1 -> 0.016666572 | E15: =E14*(1+C15) -> 122.79141
... A21: =A20+1 -> 2045 | B21: 1.8246995 | C21: =B21/B20-1 -> 0.016816031 | E21: =E20*(1+C21) -> 135.65962
A22: =A21+1 -> 2046 | B22: =B21*1.016745 -> 1.8552541 | C22: =B22/B21-1 -> 0.016745 | E22: =E21*(1+C22) -> 137.93124
A23: =A22+1 -> 2047 | B23: =B22*1.016745 -> 1.8863203 | C23: =B23/B22-1 -> 0.016745 | E23: =E22*(1+C23) -> 140.24089
A24: =A23+1 -> 2048 | B24: =B23*1.016745 -> 1.9179068 | C24: =B24/B23-1 -> 0.016745 | E24: =E23*(1+C24) -> 142.58923
A25: =A24+1 -> 2049 | B25: =B24*1.016745 -> 1.9500221 | C25: =B25/B24-1 -> 0.016745 | E25: =E24*(1+C25) -> 144.97689
A26: =A25+1 -> 2050 | B26: =B25*1.016745 -> 1.9826752 | C26: =B26/B25-1 -> 0.016745 | E26: =E25*(1+C26) -> 147.40452
A27: =A26+1 -> 2051 | B27: =B26*1.016745 -> 2.0158751 | C27: =B27/B26-1 -> 0.016745 | E27: =E26*(1+C27) -> 149.87281
A28: =A27+1 -> 2052 | B28: =B27*1.016745 -> 2.049631 | C28: =B28/B27-1 -> 0.016745 | E28: =E27*(1+C28) -> 152.38243
A29: =A28+1 -> 2053 | B29: =B28*1.016745 -> 2.083952 | C29: =B29/B28-1 -> 0.016745 | E29: =E28*(1+C29) -> 154.93408
A30: =A29+1 -> 2054 | B30: =B29*1.016745 -> 2.1188478 | C30: =B30/B29-1 -> 0.016745 | E30: =E29*(1+C30) -> 157.52845
A31: =A30+1 -> 2055 | B31: =B30*1.016745 -> 2.1543279 | C31: =B31/B30-1 -> 0.016745 | E31: =E30*(1+C31) -> 160.16626
A32: =A31+1 -> 2056 | B32: =B31*1.016745 -> 2.1904021 | C32: =B32/B31-1 -> 0.016745 | E32: =E31*(1+C32) -> 162.84824
A33: =A32+1 -> 2057 | B33: =B32*1.016745 -> 2.2270804 | C33: =B33/B32-1 -> 0.016745 | E33: =E32*(1+C33) -> 165.57514
... A84: =A83+1 -> 2108 | B84: =B83*1.016745 -> 5.1945773 | C84: =B84/B83-1 -> 0.016745 | E84: =E83*(1+C84) -> 386.19749
A86: Notes:
A88: 2027 - 2031 | B88: Escalation from Signal49's medium term forecast of the Implicit Price Deflator: G.D.P at Market Price for Canada. Dated February 6, 2026.
A89: 2031 - 2045 | B89: Escalation from Signal49's long term forecast of the Implicit Price Deflator: G.D.P at Market Price for Canada. Dated March 27, 2026.
A90: 2046 and Beyond | B90: Escalation based on average annual % escalation from 2041 - 2045 = (1.6745%)

Sheet Summary of Alternatives
A1: Summary of Alternatives
A4: Alternative 1: | B4: Life Cycle Cost of Plant
A6: Life (Years) | B6: PV Costs | C6: Levelized Annual Cost | D6: Annual Production | E6: Levelized Unit Cost
B7: ($ 000) | C7: ($ 000) | D7: (GWh) | E7: (¢/kWhr)
A9: 50 | B9: =-VLOOKUP(A9,'Life Cycle Cost Evaluation'!$A$14:$T$94,17,FALSE)/1000 -> 28718.512 | C9: =-PMT('Life Cycle Cost Evaluation'!$M$1,'Summary of Alternatives'!A9,'Summary of Alternatives'!B9,,0) -> 1968.5389 | D9: ='Generation Plant Input'!D9 -> 31.51 | E9: =C9/D9/10 -> 6.2473467
A11: Alternative 2a: Replacement Cost of Energy and Capacity (Run of River Scenario)
B13: Energy Costs | F13: Capacity Costs (Run of River Scenario) | J13: Totals
A14: Life (Years) | B14: PV Costs | C14: Levelized Annual Cost | D14: Annual Production | E14: Levelized Unit Cost | F14: PV Costs | G14: Levelized Annual Cost | H14: Annual Production | I14: Levelized Unit Cost | J14: PV Costs | K14: Levelized Annual Cost | L14: Annual Production | M14: Levelized Unit Cost
B15: ($ 000) | C15: ($ 000) | D15: (GWh) | E15: (¢/kWhr) | F15: ($ 000) | G15: ($ 000) | H15: (GWh) | I15: (¢/kWhr) | J15: ($ 000) | K15: ($ 000) | L15: (GWh) | M15: (¢/kWhr)
A17: 50 | B17: =VLOOKUP(A17,'Replacement Energy '!$A$8:$F$88,5,FALSE)/1000 -> 23813.884 | C17: =-PMT('Life Cycle Cost Evaluation'!$M$1,'Summary of Alternatives'!A17,'Summary of Alternatives'!B17,,0) -> 1632.3463 | D17: =D9 -> 31.51 | E17: =C17/D17/10 -> 5.1804072 | F17: =VLOOKUP(A17,'Replacement Capacity (R.O.R)'!$A$9:$F$88,5,FALSE)/1000 -> 34723.998 | G17: =-PMT('Life Cycle Cost Evaluation'!$M$1,'Summary of Alternatives'!A17,'Summary of Alternatives'!F17,,0) -> 2380.1909 | H17: =D17 -> 31.51 | I17: =G17/H17/10 -> 7.5537636 | J17: =F17+B17 -> 58537.881 | K17: =-PMT('Life Cycle Cost Evaluation'!$M$1,'Summary of Alternatives'!A17,'Summary of Alternatives'!J17,,0) -> 4012.5372 | L17: =H17 -> 31.51 | M17: =K17/L17/10 -> 12.734171
A19: Alternative 2b: Replacement Cost of Energy and Capacity (Fully Dispatchable Plant Scenario)
B21: Energy Costs | F21: Capacity Costs (Fully Dispatchable Plant Scenario) | J21: Totals
A22: Life (Years) | B22: PV Costs | C22: Levelized Annual Cost | D22: Annual Production | E22: Levelized Unit Cost | F22: PV Costs | G22: Levelized Annual Cost | H22: Annual Production | I22: Levelized Unit Cost | J22: PV Costs | K22: Levelized Annual Cost | L22: Annual Production | M22: Levelized Unit Cost
B23: ($ 000) | C23: ($ 000) | D23: (GWh) | E23: (¢/kWhr) | F23: ($ 000) | G23: ($ 000) | H23: (GWh) | I23: (¢/kWhr) | J23: ($ 000) | K23: ($ 000) | L23: (GWh) | M23: (¢/kWhr)
A25: 50 | B25: =VLOOKUP(A25,'Replacement Energy '!$A$8:$F$88,5,FALSE)/1000 -> 23813.884 | C25: =-PMT('Life Cycle Cost Evaluation'!$M$1,'Summary of Alternatives'!A25,'Summary of Alternatives'!B25,,0) -> 1632.3463 | D25: =D17 -> 31.51 | E25: =C25/D25/10 -> 5.1804072 | F25: =VLOOKUP(A25,'Replacement Capacity (Dispatch)'!$A$9:$G$89,6,FALSE)/1000 -> 43110.173 | G25: =-PMT('Life Cycle Cost Evaluation'!$M$1,'Summary of Alternatives'!A25,'Summary of Alternatives'!F25,,0) -> 2955.0296 | H25: =D25 -> 31.51 | I25: =G25/H25/10 -> 9.3780692 | J25: =F25+B25 -> 66924.057 | K25: =-PMT('Life Cycle Cost Evaluation'!$M$1,'Summary of Alternatives'!A25,'Summary of Alternatives'!J25,,0) -> 4587.3759 | L25: =H25 -> 31.51 | M25: =K25/L25/10 -> 14.558476

Sheet Life Cycle Cost Evaluation
B1: Weighted Average Incremental Cost of Capital: | M1: 0.0657
B2: Escalation Rate: | M2: See following worksheet
B3: First year for capital expenditures: | M3: 2027
B4: PW Year: | M4: ='Input Capital & Operating Costs'!E12 -> 2027
B5: Life Cycle Period: | M5: 50 | N5: Years
A7: Present Worth Analysis of the Cost of Future Plant Production
A9: Production | B9: Year | C9: Generation | D9: Generation | E9: Transmission | F9: Substation | G9: Distribution | H9: Buildings | J9: Capital Revenue Requirement | L9: Operating Costs | M9: Spillage Cost | N9: Operating Benefits | O9: Net benefit | P9: Present Worth Benefit | Q9: Cumulative Present Value Benefit | R9: Present Worth of Sunk Costs | S9: Total Present Worth Benefit | T9: Revenue Rqmt (¢/kWhr)
A10: Year | C10: Hydro | D10: Hydro
C11: 65.7yrs | D11: 65.7yrs | E11: 51.9 yrs | F11: 48.5 yrs | G11: 52.9 yrs | H11: 78 yrs
C12: 8% CCA | D12: 100% CCA | E12: 8% CCA | F12: 8% CCA | G12: 8% CCA | H12: 4% CCA
A14: =B14-$M$4+1 -> 1 | B14: =M3 -> 2027 | C14: ='Input Capital & Operating Costs'!C30 -> 612000 | D14: ='Input Capital & Operating Costs'!D30 -> 0 | E14: ='Input Capital & Operating Costs'!E30 -> 0 | F14: ='Input Capital & Operating Costs'!F30 -> 73000 | G14: ='Input Capital & Operating Costs'!G30 -> 0 | H14: ='Input Capital & Operating Costs'!H30 -> 0 | J14: ='Gen H 8%CCA'!CG20+'Gen H 100% CCA'!CG20+Transmission!CG20+Substation!CG20+Distribution!CG20+'Buildings 4%CCA'!CG20 -> 62408.568 | L14: =IF(B14<$M$4,0, ('Input Capital & Operating Costs'!I30*'Escalation Sheet'!E3/'Escalation Sheet'!$E$3)) -> 300666.4 | M14: =IFERROR(VLOOKUP(B14,'Generation Plant Input'!$C$77:$H$86,6,0),0) -> 0 | N14: 0 | O14: =N14-J14-L14-M14 -> -363074.97 | P14: =O14/(1+$M$1)^(A14) -> -340691.53 | Q14: =P14 -> -340691.53 | R14: ='Gen H 8%CCA'!CG105+'Gen H 100% CCA'!CG105+Transmission!CG105+Substation!CG105+Distribution!CG105+'Buildings 4%CCA'!CG105 -> -720231.68 | S14: =R14+Q14 -> -1060923.2 | T14: =-O14*100/('Generation Plant Input'!$D$11*1000000) -> 1.1522531
A15: =B15-$M$4+1 -> 2 | B15: =B14+1 -> 2028 | C15: ='Input Capital & Operating Costs'!C31 -> 622000 | D15: ='Input Capital & Operating Costs'!D31 -> 0 | E15: ='Input Capital & Operating Costs'!E31 -> 0 | F15: ='Input Capital & Operating Costs'!F31 -> 86000 | G15: ='Input Capital & Operating Costs'!G31 -> 0 | H15: ='Input Capital & Operating Costs'!H31 -> 0 | J15: ='Gen H 8%CCA'!CG21+'Gen H 100% CCA'!CG21+Transmission!CG21+Substation!CG21+Distribution!CG21+'Buildings 4%CCA'!CG21 -> 131966.67 | L15: =IF(B15<$M$4,0, ('Input Capital & Operating Costs'!I31*'Escalation Sheet'!E4/'Escalation Sheet'!$E$3)) -> 306504.78 | M15: =IFERROR(VLOOKUP(B15,'Generation Plant Input'!$C$77:$H$86,6,0),0) -> 0 | N15: 0 | O15: =N15-J15-L15-M15 -> -438471.45 | P15: =O15/(1+$M$1)^(A15) -> -386074.74 | Q15: =Q14+P15 -> -726766.27 | R15: ='Gen H 8%CCA'!CG106+'Gen H 100% CCA'!CG106+Transmission!CG106+Substation!CG106+Distribution!CG106+'Buildings 4%CCA'!CG106 -> -1355562.3 | S15: =R15+Q15 -> -2082328.6 | T15: =-O15*100/('Generation Plant Input'!$D$11*1000000) -> 1.3915311
A16: =B16-$M$4+1 -> 3 | B16: =B15+1 -> 2029 | C16: ='Input Capital & Operating Costs'!C32 -> 1588000 | D16: ='Input Capital & Operating Costs'!D32 -> 0 | E16: ='Input Capital & Operating Costs'!E32 -> 0 | F16: ='Input Capital & Operating Costs'!F32 -> 2175000 | G16: ='Input Capital & Operating Costs'!G32 -> 0 | H16: ='Input Capital & Operating Costs'!H32 -> 0 | J16: ='Gen H 8%CCA'!CG22+'Gen H 100% CCA'!CG22+Transmission!CG22+Substation!CG22+Distribution!CG22+'Buildings 4%CCA'!CG22 -> 482394.53 | L16: =IF(B16<$M$4,0, ('Input Capital & Operating Costs'!I32*'Escalation Sheet'!E5/'Escalation Sheet'!$E$3)) -> 312758.88 | M16: =IFERROR(VLOOKUP(B16,'Generation Plant Input'!$C$77:$H$86,6,0),0) -> 205440 | N16: 0 | O16: =N16-J16-L16-M16 -> -1000593.4 | P16: =O16/(1+$M$1)^(A16) -> -826709.14 | Q16: =Q15+P16 -> -1553475.4 | R16: ='Gen H 8%CCA'!CG107+'Gen H 100% CCA'!CG107+Transmission!CG107+Substation!CG107+Distribution!CG107+'Buildings 4%CCA'!CG107 -> -4734174.7 | S16: =R16+Q16 -> -6287650.1 | T16: =-O16*100/('Generation Plant Input'!$D$11*1000000) -> 3.1754789
A17: =B17-$M$4+1 -> 4 | B17: =B16+1 -> 2030 | C17: ='Input Capital & Operating Costs'!C33 -> 0 | D17: ='Input Capital & Operating Costs'!D33 -> 0 | E17: ='Input Capital & Operating Costs'!E33 -> 0 | F17: ='Input Capital & Operating Costs'!F33 -> 0 | G17: ='Input Capital & Operating Costs'!G33 -> 0 | H17: ='Input Capital & Operating Costs'!H33 -> 0 | J17: ='Gen H 8%CCA'!CG23+'Gen H 100% CCA'!CG23+Transmission!CG23+Substation!CG23+Distribution!CG23+'Buildings 4%CCA'!CG23 -> 510160.23 | L17: =IF(B17<$M$4,0, ('Input Capital & Operating Costs'!I33*'Escalation Sheet'!E6/'Escalation Sheet'!$E$3)) -> 318360.48 | M17: =IFERROR(VLOOKUP(B17,'Generation Plant Input'!$C$77:$H$86,6,0),0) -> 0 | N17: 0 | O17: =N17-J17-L17-M17 -> -828520.7 | P17: =O17/(1+$M$1)^(A17) -> -642337.83 | Q17: =Q16+P17 -> -2195813.2 | R17: ='Gen H 8%CCA'!CG108+'Gen H 100% CCA'!CG108+Transmission!CG108+Substation!CG108+Distribution!CG108+'Buildings 4%CCA'!CG108 -> -4312670.7 | S17: =R17+Q17 -> -6508483.9 | T17: =-O17*100/('Generation Plant Input'!$D$11*1000000) -> 2.6293897
A18: =B18-$M$4+1 -> 5 | B18: =B17+1 -> 2031 | C18: ='Input Capital & Operating Costs'!C34 -> 3286000 | D18: ='Input Capital & Operating Costs'!D34 -> 0 | E18: ='Input Capital & Operating Costs'!E34 -> 0 | F18: ='Input Capital & Operating Costs'!F34 -> 0 | G18: ='Input Capital & Operating Costs'!G34 -> 0 | H18: ='Input Capital & Operating Costs'!H34 -> 0 | J18: ='Gen H 8%CCA'!CG24+'Gen H 100% CCA'!CG24+Transmission!CG24+Substation!CG24+Distribution!CG24+'Buildings 4%CCA'!CG24 -> 795066.16 | L18: =IF(B18<$M$4,0, ('Input Capital & Operating Costs'!I34*'Escalation Sheet'!E7/'Escalation Sheet'!$E$3)) -> 323656.72 | M18: =IFERROR(VLOOKUP(B18,'Generation Plant Input'!$C$77:$H$86,6,0),0) -> 0 | N18: 0 | O18: =N18-J18-L18-M18 -> -1118722.9 | P18: =O18/(1+$M$1)^(A18) -> -813856.23 | Q18: =Q17+P18 -> -3009669.5 | R18: ='Gen H 8%CCA'!CG109+'Gen H 100% CCA'!CG109+Transmission!CG109+Substation!CG109+Distribution!CG109+'Buildings 4%CCA'!CG109 -> -6621727.1 | S18: =R18+Q18 -> -9631396.6 | T18: =-O18*100/('Generation Plant Input'!$D$11*1000000) -> 3.5503741
A19: =B19-$M$4+1 -> 6 | B19: =B18+1 -> 2032 | C19: ='Input Capital & Operating Costs'!C35*'Escalation Sheet'!$E8/'Escalation Sheet'!$E$3 -> 9529406.2 | D19: ='Input Capital & Operating Costs'!D35*'Escalation Sheet'!$E8/'Escalation Sheet'!$E$3 -> 0 | E19: ='Input Capital & Operating Costs'!E35*'Escalation Sheet'!$E8/'Escalation Sheet'!$E$3 -> 0 | F19: ='Input Capital & Operating Costs'!F35*'Escalation Sheet'!$E8/'Escalation Sheet'!$E$3 -> 0 | G19: ='Input Capital & Operating Costs'!G35*'Escalation Sheet'!$E8/'Escalation Sheet'!$E$3 -> 0 | H19: ='Input Capital & Operating Costs'!H35*'Escalation Sheet'!$E8/'Escalation Sheet'!$E$3 -> 0 | J19: ='Gen H 8%CCA'!CG25+'Gen H 100% CCA'!CG25+Transmission!CG25+Substation!CG25+Distribution!CG25+'Buildings 4%CCA'!CG25 -> 1675738.4 | L19: =IF(B19<$M$4,0, ('Input Capital & Operating Costs'!I35*'Escalation Sheet'!E8/'Escalation Sheet'!$E$3)) -> 328801.04 | M19: =IFERROR(VLOOKUP(B19,'Generation Plant Input'!$C$77:$H$86,6,0),0) -> 0 | N19: 0 | O19: =N19-J19-L19-M19 -> -2004539.4 | P19: =O19/(1+$M$1)^(A19) -> -1368374 | Q19: =Q18+P19 -> -4378043.4 | R19: ='Gen H 8%CCA'!CG110+'Gen H 100% CCA'!CG110+Transmission!CG110+Substation!CG110+Distribution!CG110+'Buildings 4%CCA'!CG110 -> -13363457 | S19: =R19+Q19 -> -17741500 | T19: =-O19*100/('Generation Plant Input'!$D$11*1000000) -> 6.3615976
A20: =B20-$M$4+1 -> 7 | B20: =B19+1 -> 2033 | C20: ='Input Capital & Operating Costs'!C36*'Escalation Sheet'!$E9/'Escalation Sheet'!$E$3 -> 3891984.6 | D20: ='Input Capital & Operating Costs'!D36*'Escalation Sheet'!$E9/'Escalation Sheet'!$E$3 -> 0 | E20: ='Input Capital & Operating Costs'!E36*'Escalation Sheet'!$E9/'Escalation Sheet'!$E$3 -> 0 | F20: ='Input Capital & Operating Costs'!F36*'Escalation Sheet'!$E9/'Escalation Sheet'!$E$3 -> 0 | G20: ='Input Capital & Operating Costs'!G36*'Escalation Sheet'!$E9/'Escalation Sheet'!$E$3 -> 0 | H20: ='Input Capital & Operating Costs'!H36*'Escalation Sheet'!$E9/'Escalation Sheet'!$E$3 -> 0 | J20: ='Gen H 8%CCA'!CG26+'Gen H 100% CCA'!CG26+Transmission!CG26+Substation!CG26+Distribution!CG26+'Buildings 4%CCA'!CG26 -> 2079556 | L20: =IF(B20<$M$4,0, ('Input Capital & Operating Costs'!I36*'Escalation Sheet'!E9/'Escalation Sheet'!$E$3)) -> 334339.71 | M20: =IFERROR(VLOOKUP(B20,'Generation Plant Input'!$C$77:$H$86,6,0),0) -> 0 | N20: 0 | O20: =N20-J20-L20-M20 -> -2413895.7 | P20: =O20/(1+$M$1)^(A20) -> -1546228.8 | Q20: =Q19+P20 -> -5924272.2 | R20: ='Gen H 8%CCA'!CG111+'Gen H 100% CCA'!CG111+Transmission!CG111+Substation!CG111+Distribution!CG111+'Buildings 4%CCA'!CG111 -> -14994770 | S20: =R20+Q20 -> -20919042 | T20: =-O20*100/('Generation Plant Input'!$D$11*1000000) -> 7.6607291
A21: =B21-$M$4+1 -> 8 | B21: =B20+1 -> 2034 | C21: ='Input Capital & Operating Costs'!C37*'Escalation Sheet'!$E10/'Escalation Sheet'!$E$3 -> 0 | D21: ='Input Capital & Operating Costs'!D37*'Escalation Sheet'!$E10/'Escalation Sheet'!$E$3 -> 0 | E21: ='Input Capital & Operating Costs'!E37*'Escalation Sheet'!$E10/'Escalation Sheet'!$E$3 -> 0 | F21: ='Input Capital & Operating Costs'!F37*'Escalation Sheet'!$E10/'Escalation Sheet'!$E$3 -> 0 | G21: ='Input Capital & Operating Costs'!G37*'Escalation Sheet'!$E10/'Escalation Sheet'!$E$3 -> 0 | H21: ='Input Capital & Operating Costs'!H37*'Escalation Sheet'!$E10/'Escalation Sheet'!$E$3 -> 0 | J21: ='Gen H 8%CCA'!CG27+'Gen H 100% CCA'!CG27+Transmission!CG27+Substation!CG27+Distribution!CG27+'Buildings 4%CCA'!CG27 -> 2058258 | L21: =IF(B21<$M$4,0, ('Input Capital & Operating Costs'!I37*'Escalation Sheet'!E10/'Escalation Sheet'!$E$3)) -> 339962.66 | M21: =IFERROR(VLOOKUP(B21,'Generation Plant Input'!$C$77:$H$86,6,0),0) -> 0 | N21: 0 | O21: =N21-J21-L21-M21 -> -2398220.7 | P21: =O21/(1+$M$1)^(A21) -> -1441482.6 | Q21: =Q20+P21 -> -7365754.8 | R21: ='Gen H 8%CCA'!CG112+'Gen H 100% CCA'!CG112+Transmission!CG112+Substation!CG112+Distribution!CG112+'Buildings 4%CCA'!CG112 -> -13676346 | S21: =R21+Q21 -> -21042101 | T21: =-O21*100/('Generation Plant Input'!$D$11*1000000) -> 7.6109827
A22: =B22-$M$4+1 -> 9 | B22: =B21+1 -> 2035 | C22: ='Input Capital & Operating Costs'!C38*'Escalation Sheet'!$E11/'Escalation Sheet'!$E$3 -> 1724387.1 | D22: ='Input Capital & Operating Costs'!D38*'Escalation Sheet'!$E11/'Escalation Sheet'!$E$3 -> 0 | E22: ='Input Capital & Operating Costs'!E38*'Escalation Sheet'!$E11/'Escalation Sheet'!$E$3 -> 0 | F22: ='Input Capital & Operating Costs'!F38*'Escalation Sheet'!$E11/'Escalation Sheet'!$E$3 -> 0 | G22: ='Input Capital & Operating Costs'!G38*'Escalation Sheet'!$E11/'Escalation Sheet'!$E$3 -> 0 | H22: ='Input Capital & Operating Costs'!H38*'Escalation Sheet'!$E11/'Escalation Sheet'!$E$3 -> 0 | J22: ='Gen H 8%CCA'!CG28+'Gen H 100% CCA'!CG28+Transmission!CG28+Substation!CG28+Distribution!CG28+'Buildings 4%CCA'!CG28 -> 2155963.3 | L22: =IF(B22<$M$4,0, ('Input Capital & Operating Costs'!I38*'Escalation Sheet'!E11/'Escalation Sheet'!$E$3)) -> 345643.51 | M22: =IFERROR(VLOOKUP(B22,'Generation Plant Input'!$C$77:$H$86,6,0),0) -> 0 | N22: 0 | O22: =N22-J22-L22-M22 -> -2501606.8 | P22: =O22/(1+$M$1)^(A22) -> -1410926.4 | Q22: =Q21+P22 -> -8776681.2 | R22: ='Gen H 8%CCA'!CG113+'Gen H 100% CCA'!CG113+Transmission!CG113+Substation!CG113+Distribution!CG113+'Buildings 4%CCA'!CG113 -> -13570678 | S22: =R22+Q22 -> -22347360 | T22: =-O22*100/('Generation Plant Input'!$D$11*1000000) -> 7.9390884
A23: =B23-$M$4+1 -> 10 | B23: =B22+1 -> 2036 | C23: ='Input Capital & Operating Costs'!C39*'Escalation Sheet'!$E12/'Escalation Sheet'!$E$3 -> 1168643.9 | D23: ='Input Capital & Operating Costs'!D39*'Escalation Sheet'!$E12/'Escalation Sheet'!$E$3 -> 0 | E23: ='Input Capital & Operating Costs'!E39*'Escalation Sheet'!$E12/'Escalation Sheet'!$E$3 -> 0 | F23: ='Input Capital & Operating Costs'!F39*'Escalation Sheet'!$E12/'Escalation Sheet'!$E$3 -> 0 | G23: ='Input Capital & Operating Costs'!G39*'Escalation Sheet'!$E12/'Escalation Sheet'!$E$3 -> 0 | H23: ='Input Capital & Operating Costs'!H39*'Escalation Sheet'!$E12/'Escalation Sheet'!$E$3 -> 0 | J23: ='Gen H 8%CCA'!CG29+'Gen H 100% CCA'!CG29+Transmission!CG29+Substation!CG29+Distribution!CG29+'Buildings 4%CCA'!CG29 -> 2218670.2 | L23: =IF(B23<$M$4,0, ('Input Capital & Operating Costs'!I39*'Escalation Sheet'!E12/'Escalation Sheet'!$E$3)) -> 351371.96 | M23: =IFERROR(VLOOKUP(B23,'Generation Plant Input'!$C$77:$H$86,6,0),0) -> 0 | N23: 0 | O23: =N23-J23-L23-M23 -> -2570042.2 | P23: =O23/(1+$M$1)^(A23) -> -1360161.9 | Q23: =Q22+P23 -> -10136843 | R23: ='Gen H 8%CCA'!CG114+'Gen H 100% CCA'!CG114+Transmission!CG114+Substation!CG114+Distribution!CG114+'Buildings 4%CCA'!CG114 -> -13076222 | S23: =R23+Q23 -> -23213065 | T23: =-O23*100/('Generation Plant Input'!$D$11*1000000) -> 8.1562748
A24: =B24-$M$4+1 -> 11 | B24: =B23+1 -> 2037 | C24: ='Input Capital & Operating Costs'!C40*'Escalation Sheet'!$E13/'Escalation Sheet'!$E$3 -> 0 | D24: ='Input Capital & Operating Costs'!D40*'Escalation Sheet'!$E13/'Escalation Sheet'!$E$3 -> 0 | E24: ='Input Capital & Operating Costs'!E40*'Escalation Sheet'!$E13/'Escalation Sheet'!$E$3 -> 0 | F24: ='Input Capital & Operating Costs'!F40*'Escalation Sheet'!$E13/'Escalation Sheet'!$E$3 -> 0 | G24: ='Input Capital & Operating Costs'!G40*'Escalation Sheet'!$E13/'Escalation Sheet'!$E$3 -> 0 | H24: ='Input Capital & Operating Costs'!H40*'Escalation Sheet'!$E13/'Escalation Sheet'!$E$3 -> 0 | J24: ='Gen H 8%CCA'!CG30+'Gen H 100% CCA'!CG30+Transmission!CG30+Substation!CG30+Distribution!CG30+'Buildings 4%CCA'!CG30 -> 2167874.4 | L24: =IF(B24<$M$4,0, ('Input Capital & Operating Costs'!I40*'Escalation Sheet'!E13/'Escalation Sheet'!$E$3)) -> 357194.53 | M24: =IFERROR(VLOOKUP(B24,'Generation Plant Input'!$C$77:$H$86,6,0),0) -> 0 | N24: 0 | O24: =N24-J24-L24-M24 -> -2525069 | P24: =O24/(1+$M$1)^(A24) -> -1253974.3 | Q24: =Q23+P24 -> -11390817 | R24: ='Gen H 8%CCA'!CG115+'Gen H 100% CCA'!CG115+Transmission!CG115+Substation!CG115+Distribution!CG115+'Buildings 4%CCA'!CG115 -> -11928902 | S24: =R24+Q24 -> -23319720 | T24: =-O24*100/('Generation Plant Input'!$D$11*1000000) -> 8.013548
A25: =B25-$M$4+1 -> 12 | B25: =B24+1 -> 2038 | C25: ='Input Capital & Operating Costs'!C41*'Escalation Sheet'!$E14/'Escalation Sheet'!$E$3 -> 0 | D25: ='Input Capital & Operating Costs'!D41*'Escalation Sheet'!$E14/'Escalation Sheet'!$E$3 -> 0 | E25: ='Input Capital & Operating Costs'!E41*'Escalation Sheet'!$E14/'Escalation Sheet'!$E$3 -> 0 | F25: ='Input Capital & Operating Costs'!F41*'Escalation Sheet'!$E14/'Escalation Sheet'!$E$3 -> 0 | G25: ='Input Capital & Operating Costs'!G41*'Escalation Sheet'!$E14/'Escalation Sheet'!$E$3 -> 0 | H25: ='Input Capital & Operating Costs'!H41*'Escalation Sheet'!$E14/'Escalation Sheet'!$E$3 -> 0 | J25: ='Gen H 8%CCA'!CG31+'Gen H 100% CCA'!CG31+Transmission!CG31+Substation!CG31+Distribution!CG31+'Buildings 4%CCA'!CG31 -> 2107382.6 | L25: =IF(B25<$M$4,0, ('Input Capital & Operating Costs'!I41*'Escalation Sheet'!E14/'Escalation Sheet'!$E$3)) -> 363140.2 | M25: =IFERROR(VLOOKUP(B25,'Generation Plant Input'!$C$77:$H$86,6,0),0) -> 0 | N25: 0 | O25: =N25-J25-L25-M25 -> -2470522.8 | P25: =O25/(1+$M$1)^(A25) -> -1151249 | Q25: =Q24+P25 -> -12542066 | R25: ='Gen H 8%CCA'!CG116+'Gen H 100% CCA'!CG116+Transmission!CG116+Substation!CG116+Distribution!CG116+'Buildings 4%CCA'!CG116 -> -10882355 | S25: =R25+Q25 -> -23424422 | T25: =-O25*100/('Generation Plant Input'!$D$11*1000000) -> 7.8404406
A26: =B26-$M$4+1 -> 13 | B26: =B25+1 -> 2039 | C26: ='Input Capital & Operating Costs'!C42*'Escalation Sheet'!$E15/'Escalation Sheet'!$E$3 -> 0 | D26: ='Input Capital & Operating Costs'!D42*'Escalation Sheet'!$E15/'Escalation Sheet'!$E$3 -> 0 | E26: ='Input Capital & Operating Costs'!E42*'Escalation Sheet'!$E15/'Escalation Sheet'!$E$3 -> 0 | F26: ='Input Capital & Operating Costs'!F42*'Escalation Sheet'!$E15/'Escalation Sheet'!$E$3 -> 0 | G26: ='Input Capital & Operating Costs'!G42*'Escalation Sheet'!$E15/'Escalation Sheet'!$E$3 -> 0 | H26: ='Input Capital & Operating Costs'!H42*'Escalation Sheet'!$E15/'Escalation Sheet'!$E$3 -> 0 | J26: ='Gen H 8%CCA'!CG32+'Gen H 100% CCA'!CG32+Transmission!CG32+Substation!CG32+Distribution!CG32+'Buildings 4%CCA'!CG32 -> 2049431 | L26: =IF(B26<$M$4,0, ('Input Capital & Operating Costs'!I42*'Escalation Sheet'!E15/'Escalation Sheet'!$E$3)) -> 369192.51 | M26: =IFERROR(VLOOKUP(B26,'Generation Plant Input'!$C$77:$H$86,6,0),0) -> 0 | N26: 0 | O26: =N26-J26-L26-M26 -> -2418623.5 | P26: =O26/(1+$M$1)^(A26) -> -1057581.2 | Q26: =Q25+P26 -> -13599648 | R26: ='Gen H 8%CCA'!CG117+'Gen H 100% CCA'!CG117+Transmission!CG117+Substation!CG117+Distribution!CG117+'Buildings 4%CCA'!CG117 -> -9927332.5 | S26: =R26+Q26 -> -23526980 | T26: =-O26*100/('Generation Plant Input'!$D$11*1000000) -> 7.6757332
A27: =B27-$M$4+1 -> 14 | B27: =B26+1 -> 2040 | C27: ='Input Capital & Operating Costs'!C43*'Escalation Sheet'!$E16/'Escalation Sheet'!$E$3 -> 0 | D27: ='Input Capital & Operating Costs'!D43*'Escalation Sheet'!$E16/'Escalation Sheet'!$E$3 -> 0 | E27: ='Input Capital & Operating Costs'!E43*'Escalation Sheet'!$E16/'Escalation Sheet'!$E$3 -> 0 | F27: ='Input Capital & Operating Costs'!F43*'Escalation Sheet'!$E16/'Escalation Sheet'!$E$3 -> 0 | G27: ='Input Capital & Operating Costs'!G43*'Escalation Sheet'!$E16/'Escalation Sheet'!$E$3 -> 0 | H27: ='Input Capital & Operating Costs'!H43*'Escalation Sheet'!$E16/'Escalation Sheet'!$E$3 -> 0 | J27: ='Gen H 8%CCA'!CG33+'Gen H 100% CCA'!CG33+Transmission!CG33+Substation!CG33+Distribution!CG33+'Buildings 4%CCA'!CG33 -> 1993816.4 | L27: =IF(B27<$M$4,0, ('Input Capital & Operating Costs'!I43*'Escalation Sheet'!E16/'Escalation Sheet'!$E$3)) -> 375383.68 | M27: =IFERROR(VLOOKUP(B27,'Generation Plant Input'!$C$77:$H$86,6,0),0) -> 0 | N27: 0 | O27: =N27-J27-L27-M27 -> -2369200.1 | P27: =O27/(1+$M$1)^(A27) -> -972102.85 | Q27: =Q26+P27 -> -14571750 | R27: ='Gen H 8%CCA'!CG118+'Gen H 100% CCA'!CG118+Transmission!CG118+Substation!CG118+Distribution!CG118+'Buildings 4%CCA'!CG118 -> -9055504.9 | S27: =R27+Q27 -> -23627255 | T27: =-O27*100/('Generation Plant Input'!$D$11*1000000) -> 7.5188831
A28: =B28-$M$4+1 -> 15 | B28: =B27+1 -> 2041 | C28: ='Input Capital & Operating Costs'!C44*'Escalation Sheet'!$E17/'Escalation Sheet'!$E$3 -> 0 | D28: ='Input Capital & Operating Costs'!D44*'Escalation Sheet'!$E17/'Escalation Sheet'!$E$3 -> 0 | E28: ='Input Capital & Operating Costs'!E44*'Escalation Sheet'!$E17/'Escalation Sheet'!$E$3 -> 0 | F28: ='Input Capital & Operating Costs'!F44*'Escalation Sheet'!$E17/'Escalation Sheet'!$E$3 -> 0 | G28: ='Input Capital & Operating Costs'!G44*'Escalation Sheet'!$E17/'Escalation Sheet'!$E$3 -> 0 | H28: ='Input Capital & Operating Costs'!H44*'Escalation Sheet'!$E17/'Escalation Sheet'!$E$3 -> 0 | J28: ='Gen H 8%CCA'!CG34+'Gen H 100% CCA'!CG34+Transmission!CG34+Substation!CG34+Distribution!CG34+'Buildings 4%CCA'!CG34 -> 1940351.8 | L28: =IF(B28<$M$4,0, ('Input Capital & Operating Costs'!I44*'Escalation Sheet'!E17/'Escalation Sheet'!$E$3)) -> 381658.51 | M28: =IFERROR(VLOOKUP(B28,'Generation Plant Input'!$C$77:$H$86,6,0),0) -> 0 | N28: 0 | O28: =N28-J28-L28-M28 -> -2322010.3 | P28: =O28/(1+$M$1)^(A28) -> -894004.4 | Q28: =Q27+P28 -> -15465755 | R28: ='Gen H 8%CCA'!CG119+'Gen H 100% CCA'!CG119+Transmission!CG119+Substation!CG119+Distribution!CG119+'Buildings 4%CCA'!CG119 -> -8259362.1 | S28: =R28+Q28 -> -23725117 | T28: =-O28*100/('Generation Plant Input'!$D$11*1000000) -> 7.3691219
A29: =B29-$M$4+1 -> 16 | B29: =B28+1 -> 2042 | C29: ='Input Capital & Operating Costs'!C45*'Escalation Sheet'!$E18/'Escalation Sheet'!$E$3 -> 0 | D29: ='Input Capital & Operating Costs'!D45*'Escalation Sheet'!$E18/'Escalation Sheet'!$E$3 -> 0 | E29: ='Input Capital & Operating Costs'!E45*'Escalation Sheet'!$E18/'Escalation Sheet'!$E$3 -> 0 | F29: ='Input Capital & Operating Costs'!F45*'Escalation Sheet'!$E18/'Escalation Sheet'!$E$3 -> 0 | G29: ='Input Capital & Operating Costs'!G45*'Escalation Sheet'!$E18/'Escalation Sheet'!$E$3 -> 0 | H29: ='Input Capital & Operating Costs'!H45*'Escalation Sheet'!$E18/'Escalation Sheet'!$E$3 -> 0 | J29: ='Gen H 8%CCA'!CG35+'Gen H 100% CCA'!CG35+Transmission!CG35+Substation!CG35+Distribution!CG35+'Buildings 4%CCA'!CG35 -> 1888865.2 | L29: =IF(B29<$M$4,0, ('Input Capital & Operating Costs'!I45*'Escalation Sheet'!E18/'Escalation Sheet'!$E$3)) -> 388024.77 | M29: =IFERROR(VLOOKUP(B29,'Generation Plant Input'!$C$77:$H$86,6,0),0) -> 0 | N29: 0 | O29: =N29-J29-L29-M29 -> -2276890 | P29: =O29/(1+$M$1)^(A29) -> -822588.43 | Q29: =Q28+P29 -> -16288343 | R29: ='Gen H 8%CCA'!CG120+'Gen H 100% CCA'!CG120+Transmission!CG120+Substation!CG120+Distribution!CG120+'Buildings 4%CCA'!CG120 -> -7532124.2 | S29: =R29+Q29 -> -23820467 | T29: =-O29*100/('Generation Plant Input'!$D$11*1000000) -> 7.2259283
A30: =B30-$M$4+1 -> 17 | B30: =B29+1 -> 2043 | C30: ='Input Capital & Operating Costs'!C46*'Escalation Sheet'!$E19/'Escalation Sheet'!$E$3 -> 0 | D30: ='Input Capital & Operating Costs'!D46*'Escalation Sheet'!$E19/'Escalation Sheet'!$E$3 -> 0 | E30: ='Input Capital & Operating Costs'!E46*'Escalation Sheet'!$E19/'Escalation Sheet'!$E$3 -> 0 | F30: ='Input Capital & Operating Costs'!F46*'Escalation Sheet'!$E19/'Escalation Sheet'!$E$3 -> 0 | G30: ='Input Capital & Operating Costs'!G46*'Escalation Sheet'!$E19/'Escalation Sheet'!$E$3 -> 0 | H30: ='Input Capital & Operating Costs'!H46*'Escalation Sheet'!$E19/'Escalation Sheet'!$E$3 -> 0 | J30: ='Gen H 8%CCA'!CG36+'Gen H 100% CCA'!CG36+Transmission!CG36+Substation!CG36+Distribution!CG36+'Buildings 4%CCA'!CG36 -> 1839198.5 | L30: =IF(B30<$M$4,0, ('Input Capital & Operating Costs'!I46*'Escalation Sheet'!E19/'Escalation Sheet'!$E$3)) -> 394515.48 | M30: =IFERROR(VLOOKUP(B30,'Generation Plant Input'!$C$77:$H$86,6,0),0) -> 0 | N30: 0 | O30: =N30-J30-L30-M30 -> -2233713.9 | P30: =O30/(1+$M$1)^(A30) -> -757239.28 | Q30: =Q29+P30 -> -17045583 | R30: ='Gen H 8%CCA'!CG121+'Gen H 100% CCA'!CG121+Transmission!CG121+Substation!CG121+Distribution!CG121+'Buildings 4%CCA'!CG121 -> -6867663.8 | S30: =R30+Q30 -> -23913246 | T30: =-O30*100/('Generation Plant Input'!$D$11*1000000) -> 7.0889049
... A94: =B94-$M$4+1 -> 81 | B94: =B93+1 -> 2107 | C94: ='Input Capital & Operating Costs'!C110*'Escalation Sheet'!$E83/'Escalation Sheet'!$E$3 -> 0 | D94: ='Input Capital & Operating Costs'!D110*'Escalation Sheet'!$E83/'Escalation Sheet'!$E$3 -> 0 | E94: ='Input Capital & Operating Costs'!E110*'Escalation Sheet'!$E83/'Escalation Sheet'!$E$3 -> 0 | F94: ='Input Capital & Operating Costs'!F110*'Escalation Sheet'!$E83/'Escalation Sheet'!$E$3 -> 0 | G94: ='Input Capital & Operating Costs'!G110*'Escalation Sheet'!$E83/'Escalation Sheet'!$E$3 -> 0 | H94: ='Input Capital & Operating Costs'!H110*'Escalation Sheet'!$E83/'Escalation Sheet'!$E$3 -> 0 | J94: ='Gen H 8%CCA'!CG100+'Gen H 100% CCA'!CG100+Transmission!CG100+Substation!CG100+Distribution!CG100+'Buildings 4%CCA'!CG100 -> 2124187.7 | L94: =IF(B94<$M$4,0, ('Input Capital & Operating Costs'!I110*'Escalation Sheet'!E83/'Escalation Sheet'!$E$3)) -> 1142042.6 | M94: =IFERROR(VLOOKUP(B94,'Generation Plant Input'!$C$77:$H$86,6,0),0) -> 0 | N94: 0 | O94: =N94-J94-L94-M94 -> -3266230.2 | P94: =O94/(1+$M$1)^(A94) -> -18863.165 | Q94: =Q93+P94 -> -30888599 | R94: ='Gen H 8%CCA'!CG185+'Gen H 100% CCA'!CG185+Transmission!CG185+Substation!CG185+Distribution!CG185+'Buildings 4%CCA'!CG185 -> -1086196.9 | S94: =R94+Q94 -> -31974796 | T94: =-O94*100/('Generation Plant Input'!$D$11*1000000) -> 10.365694
A96: Note: Assumes normal production

Sheet Replacement Energy 
B2: Cost of Replacement Energy (Reduced Exports)
A4: Production | B4: Year | C4: Marginal Energy Costs | D4: Total Present Worth | E4: Cumulative present Worth | F4: Value of Export Sales (¢/kWhr)
A5: Year
A8: =B8-'Input Capital & Operating Costs'!$E$12+1 -> 1 | B8: ='Life Cycle Cost Evaluation'!B14 -> 2027 | C8: =IF(B8<'Input Capital & Operating Costs'!$E$12,0,'Generation Plant Input'!$D$9*'Marginal Supply Costs'!O16*1000) -> 1716335.5 | D8: =C8/(1+'Life Cycle Cost Evaluation'!$M$1)^(A8) -> 1610524.1 | E8: =D8 -> 1610524.1 | F8: =C8/'Generation Plant Input'!$D$9/10000 -> 5.446955
A9: =B9-'Input Capital & Operating Costs'!$E$12+1 -> 2 | B9: ='Life Cycle Cost Evaluation'!B15 -> 2028 | C9: =IF(B9<'Input Capital & Operating Costs'!$E$12,0,'Generation Plant Input'!$D$9*'Marginal Supply Costs'!O17*1000) -> 1413456.7 | D9: =C9/(1+'Life Cycle Cost Evaluation'!$M$1)^(A9) -> 1244550.6 | E9: =D9+E8 -> 2855074.7 | F9: =C9/'Generation Plant Input'!$D$9/10000 -> 4.48574
A10: =B10-'Input Capital & Operating Costs'!$E$12+1 -> 3 | B10: ='Life Cycle Cost Evaluation'!B16 -> 2029 | C10: =IF(B10<'Input Capital & Operating Costs'!$E$12,0,'Generation Plant Input'!$D$9*'Marginal Supply Costs'!O18*1000) -> 1180635.6 | D10: =C10/(1+'Life Cycle Cost Evaluation'!$M$1)^(A10) -> 975463.38 | E10: =D10+E9 -> 3830538.1 | F10: =C10/'Generation Plant Input'!$D$9/10000 -> 3.74686
A11: =B11-'Input Capital & Operating Costs'!$E$12+1 -> 4 | B11: ='Life Cycle Cost Evaluation'!B17 -> 2030 | C11: =IF(B11<'Input Capital & Operating Costs'!$E$12,0,'Generation Plant Input'!$D$9*'Marginal Supply Costs'!O19*1000) -> 1164534 | D11: =C11/(1+'Life Cycle Cost Evaluation'!$M$1)^(A11) -> 902843.14 | E11: =D11+E10 -> 4733381.2 | F11: =C11/'Generation Plant Input'!$D$9/10000 -> 3.69576
A12: =B12-'Input Capital & Operating Costs'!$E$12+1 -> 5 | B12: ='Life Cycle Cost Evaluation'!B18 -> 2031 | C12: =IF(B12<'Input Capital & Operating Costs'!$E$12,0,'Generation Plant Input'!$D$9*'Marginal Supply Costs'!O20*1000) -> 1241260.8 | D12: =C12/(1+'Life Cycle Cost Evaluation'!$M$1)^(A12) -> 903000.98 | E12: =D12+E11 -> 5636382.2 | F12: =C12/'Generation Plant Input'!$D$9/10000 -> 3.93926
A13: =B13-'Input Capital & Operating Costs'!$E$12+1 -> 6 | B13: ='Life Cycle Cost Evaluation'!B19 -> 2032 | C13: =IF(B13<'Input Capital & Operating Costs'!$E$12,0,'Generation Plant Input'!$D$9*'Marginal Supply Costs'!O21*1000) -> 1301690.7 | D13: =C13/(1+'Life Cycle Cost Evaluation'!$M$1)^(A13) -> 888583.02 | E13: =D13+E12 -> 6524965.2 | F13: =C13/'Generation Plant Input'!$D$9/10000 -> 4.13104
A14: =B14-'Input Capital & Operating Costs'!$E$12+1 -> 7 | B14: ='Life Cycle Cost Evaluation'!B20 -> 2033 | C14: =IF(B14<'Input Capital & Operating Costs'!$E$12,0,'Generation Plant Input'!$D$9*'Marginal Supply Costs'!O22*1000) -> 1321264.7 | D14: =C14/(1+'Life Cycle Cost Evaluation'!$M$1)^(A14) -> 846340.41 | E14: =D14+E13 -> 7371305.6 | F14: =C14/'Generation Plant Input'!$D$9/10000 -> 4.19316
A15: =B15-'Input Capital & Operating Costs'!$E$12+1 -> 8 | B15: ='Life Cycle Cost Evaluation'!B21 -> 2034 | C15: =IF(B15<'Input Capital & Operating Costs'!$E$12,0,'Generation Plant Input'!$D$9*'Marginal Supply Costs'!O23*1000) -> 1324043.9 | D15: =C15/(1+'Life Cycle Cost Evaluation'!$M$1)^(A15) -> 795834.31 | E15: =D15+E14 -> 8167140 | F15: =C15/'Generation Plant Input'!$D$9/10000 -> 4.20198
A16: =B16-'Input Capital & Operating Costs'!$E$12+1 -> 9 | B16: ='Life Cycle Cost Evaluation'!B22 -> 2035 | C16: =IF(B16<'Input Capital & Operating Costs'!$E$12,0,'Generation Plant Input'!$D$9*'Marginal Supply Costs'!O24*1000) -> 1357639.9 | D16: =C16/(1+'Life Cycle Cost Evaluation'!$M$1)^(A16) -> 765719.82 | E16: =D16+E15 -> 8932859.8 | F16: =C16/'Generation Plant Input'!$D$9/10000 -> 4.3086
A17: =B17-'Input Capital & Operating Costs'!$E$12+1 -> 10 | B17: ='Life Cycle Cost Evaluation'!B23 -> 2036 | C17: =IF(B17<'Input Capital & Operating Costs'!$E$12,0,'Generation Plant Input'!$D$9*'Marginal Supply Costs'!O25*1000) -> 1349875.8 | D17: =C17/(1+'Life Cycle Cost Evaluation'!$M$1)^(A17) -> 714404.45 | E17: =D17+E16 -> 9647264.2 | F17: =C17/'Generation Plant Input'!$D$9/10000 -> 4.28396
A18: =B18-'Input Capital & Operating Costs'!$E$12+1 -> 11 | B18: ='Life Cycle Cost Evaluation'!B24 -> 2037 | C18: =IF(B18<'Input Capital & Operating Costs'!$E$12,0,'Generation Plant Input'!$D$9*'Marginal Supply Costs'!O26*1000) -> 1352598.3 | D18: =C18/(1+'Life Cycle Cost Evaluation'!$M$1)^(A18) -> 671713.69 | E18: =D18+E17 -> 10318978 | F18: =C18/'Generation Plant Input'!$D$9/10000 -> 4.2926
A19: =B19-'Input Capital & Operating Costs'!$E$12+1 -> 12 | B19: ='Life Cycle Cost Evaluation'!B25 -> 2038 | C19: =IF(B19<'Input Capital & Operating Costs'!$E$12,0,'Generation Plant Input'!$D$9*'Marginal Supply Costs'!O27*1000) -> 1412637.4 | D19: =C19/(1+'Life Cycle Cost Evaluation'!$M$1)^(A19) -> 658280.69 | E19: =D19+E18 -> 10977259 | F19: =C19/'Generation Plant Input'!$D$9/10000 -> 4.48314
A20: =B20-'Input Capital & Operating Costs'!$E$12+1 -> 13 | B20: ='Life Cycle Cost Evaluation'!B26 -> 2039 | C20: =IF(B20<'Input Capital & Operating Costs'!$E$12,0,'Generation Plant Input'!$D$9*'Marginal Supply Costs'!O28*1000) -> 1411030.4 | D20: =C20/(1+'Life Cycle Cost Evaluation'!$M$1)^(A20) -> 616995.24 | E20: =D20+E19 -> 11594254 | F20: =C20/'Generation Plant Input'!$D$9/10000 -> 4.47804
... A88: =B88-'Input Capital & Operating Costs'!$E$12+1 -> 81 | B88: ='Life Cycle Cost Evaluation'!B94 -> 2107 | C88: =IF(B88<'Input Capital & Operating Costs'!$E$12,0,'Generation Plant Input'!$D$9*'Marginal Supply Costs'!O96*1000) -> 5139395.3 | D88: =C88/(1+'Life Cycle Cost Evaluation'!$M$1)^(A88) -> 29681.086 | E88: =D88+E87 -> 25845971 | F88: =C88/'Generation Plant Input'!$D$9/10000 -> 16.310363

Sheet Replacement Capacity (R.O.R)
B2: Cost of Replacement Capacity (Run of River Assumption)
A4: Production | C4: Marginal Capacity Cost | D4: Total Present Worth | E4: Cumulative present Worth | F4: Value of Avoided Generation Capacity
A5: Year
B6: Year
C7: $ | D7: $ | E7: $ | F7: (¢/kWhr)
A9: =B9-'Input Capital & Operating Costs'!$E$12+1 -> 1 | B9: ='Replacement Energy '!B8 -> 2027 | C9: =IF(B9<'Input Capital & Operating Costs'!$E$12,0,'Generation Plant Input'!$D$9*'Marginal Supply Costs'!P16*1000) -> 962250.8 | D9: =C9/(1+'Life Cycle Cost Evaluation'!$M$1)^(A9) -> 902928.41 | E9: =D9 -> 902928.41 | F9: =C9/'Generation Plant Input'!$D$9/10000 -> 3.053795
A10: =B10-'Input Capital & Operating Costs'!$E$12+1 -> 2 | B10: ='Replacement Energy '!B9 -> 2028 | C10: =IF(B10<'Input Capital & Operating Costs'!$E$12,0,'Generation Plant Input'!$D$9*'Marginal Supply Costs'!P17*1000) -> 897537.14 | D10: =C10/(1+'Life Cycle Cost Evaluation'!$M$1)^(A10) -> 790282.74 | E10: =D10+E9 -> 1693211.2 | F10: =C10/'Generation Plant Input'!$D$9/10000 -> 2.84842
A11: =B11-'Input Capital & Operating Costs'!$E$12+1 -> 3 | B11: ='Replacement Energy '!B10 -> 2029 | C11: =IF(B11<'Input Capital & Operating Costs'!$E$12,0,'Generation Plant Input'!$D$9*'Marginal Supply Costs'!P18*1000) -> 1124881.8 | D11: =C11/(1+'Life Cycle Cost Evaluation'!$M$1)^(A11) -> 929398.55 | E11: =D11+E10 -> 2622609.7 | F11: =C11/'Generation Plant Input'!$D$9/10000 -> 3.56992
A12: =B12-'Input Capital & Operating Costs'!$E$12+1 -> 4 | B12: ='Replacement Energy '!B11 -> 2030 | C12: =IF(B12<'Input Capital & Operating Costs'!$E$12,0,'Generation Plant Input'!$D$9*'Marginal Supply Costs'!P19*1000) -> 1800846.9 | D12: =C12/(1+'Life Cycle Cost Evaluation'!$M$1)^(A12) -> 1396165.6 | E12: =D12+E11 -> 4018775.3 | F12: =C12/'Generation Plant Input'!$D$9/10000 -> 5.71516
A13: =B13-'Input Capital & Operating Costs'!$E$12+1 -> 5 | B13: ='Replacement Energy '!B12 -> 2031 | C13: =IF(B13<'Input Capital & Operating Costs'!$E$12,0,'Generation Plant Input'!$D$9*'Marginal Supply Costs'!P20*1000) -> 3347099.3 | D13: =C13/(1+'Life Cycle Cost Evaluation'!$M$1)^(A13) -> 2434970.9 | E13: =D13+E12 -> 6453746.2 | F13: =C13/'Generation Plant Input'!$D$9/10000 -> 10.62234
A14: =B14-'Input Capital & Operating Costs'!$E$12+1 -> 6 | B14: ='Replacement Energy '!B13 -> 2032 | C14: =IF(B14<'Input Capital & Operating Costs'!$E$12,0,'Generation Plant Input'!$D$9*'Marginal Supply Costs'!P21*1000) -> 2428929.4 | D14: =C14/(1+'Life Cycle Cost Evaluation'!$M$1)^(A14) -> 1658078.6 | E14: =D14+E13 -> 8111824.7 | F14: =C14/'Generation Plant Input'!$D$9/10000 -> 7.70844
A15: =B15-'Input Capital & Operating Costs'!$E$12+1 -> 7 | B15: ='Replacement Energy '!B14 -> 2033 | C15: =IF(B15<'Input Capital & Operating Costs'!$E$12,0,'Generation Plant Input'!$D$9*'Marginal Supply Costs'!P22*1000) -> 2670138.5 | D15: =C15/(1+'Life Cycle Cost Evaluation'!$M$1)^(A15) -> 1710365.9 | E15: =D15+E14 -> 9822190.6 | F15: =C15/'Generation Plant Input'!$D$9/10000 -> 8.47394
A16: =B16-'Input Capital & Operating Costs'!$E$12+1 -> 8 | B16: ='Replacement Energy '!B15 -> 2034 | C16: =IF(B16<'Input Capital & Operating Costs'!$E$12,0,'Generation Plant Input'!$D$9*'Marginal Supply Costs'!P23*1000) -> 2021637.5 | D16: =C16/(1+'Life Cycle Cost Evaluation'!$M$1)^(A16) -> 1215132.3 | E16: =D16+E15 -> 11037323 | F16: =C16/'Generation Plant Input'!$D$9/10000 -> 6.41586
A17: =B17-'Input Capital & Operating Costs'!$E$12+1 -> 9 | B17: ='Replacement Energy '!B16 -> 2035 | C17: =IF(B17<'Input Capital & Operating Costs'!$E$12,0,'Generation Plant Input'!$D$9*'Marginal Supply Costs'!P24*1000) -> 1450405.3 | D17: =C17/(1+'Life Cycle Cost Evaluation'!$M$1)^(A17) -> 818040.28 | E17: =D17+E16 -> 11855363 | F17: =C17/'Generation Plant Input'!$D$9/10000 -> 4.603
A18: =B18-'Input Capital & Operating Costs'!$E$12+1 -> 10 | B18: ='Replacement Energy '!B17 -> 2036 | C18: =IF(B18<'Input Capital & Operating Costs'!$E$12,0,'Generation Plant Input'!$D$9*'Marginal Supply Costs'!P25*1000) -> 2131922.5 | D18: =C18/(1+'Life Cycle Cost Evaluation'!$M$1)^(A18) -> 1128292.6 | E18: =D18+E17 -> 12983656 | F18: =C18/'Generation Plant Input'!$D$9/10000 -> 6.76586
A19: =B19-'Input Capital & Operating Costs'!$E$12+1 -> 11 | B19: ='Replacement Energy '!B18 -> 2037 | C19: =IF(B19<'Input Capital & Operating Costs'!$E$12,0,'Generation Plant Input'!$D$9*'Marginal Supply Costs'!P26*1000) -> 2194545.5 | D19: =C19/(1+'Life Cycle Cost Evaluation'!$M$1)^(A19) -> 1089833 | E19: =D19+E18 -> 14073489 | F19: =C19/'Generation Plant Input'!$D$9/10000 -> 6.9646
A20: =B20-'Input Capital & Operating Costs'!$E$12+1 -> 12 | B20: ='Replacement Energy '!B19 -> 2038 | C20: =IF(B20<'Input Capital & Operating Costs'!$E$12,0,'Generation Plant Input'!$D$9*'Marginal Supply Costs'!P27*1000) -> 2259141 | D20: =C20/(1+'Life Cycle Cost Evaluation'!$M$1)^(A20) -> 1052746.3 | E20: =D20+E19 -> 15126235 | F20: =C20/'Generation Plant Input'!$D$9/10000 -> 7.1696
A21: =B21-'Input Capital & Operating Costs'!$E$12+1 -> 13 | B21: ='Replacement Energy '!B20 -> 2039 | C21: =IF(B21<'Input Capital & Operating Costs'!$E$12,0,'Generation Plant Input'!$D$9*'Marginal Supply Costs'!P28*1000) -> 2325557.7 | D21: =C21/(1+'Life Cycle Cost Evaluation'!$M$1)^(A21) -> 1016886.7 | E21: =D21+E20 -> 16143122 | F21: =C21/'Generation Plant Input'!$D$9/10000 -> 7.38038
... A89: =B89-'Input Capital & Operating Costs'!$E$12+1 -> 81 | B89: ='Replacement Energy '!B88 -> 2107 | C89: =IF(B89<'Input Capital & Operating Costs'!$E$12,0,'Generation Plant Input'!$D$9*'Marginal Supply Costs'!P96*1000) -> 7750400.2 | D89: =C89/(1+'Life Cycle Cost Evaluation'!$M$1)^(A89) -> 44760.188 | E89: =D89+E88 -> 37788461 | F89: =C89/'Generation Plant Input'!$D$9/10000 -> 24.596637

Sheet Replacement Capacity (Dispatch)
B2: Cost of Replacement Capacity (Fully Dispatchable Assumption)
B3: Plant Effective Capacity reflecting 5% FOR and a 14.0% Reserve Margin
A4: Production | B4: Year | C4: Effective Capacity | D4: Marginal Capacity Cost | E4: Total Present Worth | F4: Cumulative Present Worth | G4: Value of Avoided Generation Capacity
A5: Year
C7: MW | G7: (¢/kWhr)
A9: =B9-'Input Capital & Operating Costs'!$E$12+1 -> 1 | B9: ='Life Cycle Cost Evaluation'!B14 -> 2027 | C9: =IF(B9<'Input Capital & Operating Costs'!$E$12,0,'Generation Plant Input'!$D$13*0.95/(1.14)) -> 4.6666667 | D9: =C9*'Marginal Supply Costs'!I16*1000 -> 1204093.3 | E9: =D9/(1+'Life Cycle Cost Evaluation'!$M$1)^(A9) -> 1129861.4 | F9: =E9 -> 1129861.4 | G9: =D9/'Generation Plant Input'!$D$9/10000 -> 3.8213054
A10: =B10-'Input Capital & Operating Costs'!$E$12+1 -> 2 | B10: ='Life Cycle Cost Evaluation'!B15 -> 2028 | C10: =IF(B10<'Input Capital & Operating Costs'!$E$12,0,'Generation Plant Input'!$D$13*0.95/(1.14)) -> 4.6666667 | D10: =C10*'Marginal Supply Costs'!I17*1000 -> 1116686.7 | E10: =D10/(1+'Life Cycle Cost Evaluation'!$M$1)^(A10) -> 983244.21 | F10: =E10+F9 -> 2113105.7 | G10: =D10/'Generation Plant Input'!$D$9/10000 -> 3.543912
A11: =B11-'Input Capital & Operating Costs'!$E$12+1 -> 3 | B11: ='Life Cycle Cost Evaluation'!B16 -> 2029 | C11: =IF(B11<'Input Capital & Operating Costs'!$E$12,0,'Generation Plant Input'!$D$13*0.95/(1.14)) -> 4.6666667 | D11: =C11*'Marginal Supply Costs'!I18*1000 -> 1397620 | E11: =D11/(1+'Life Cycle Cost Evaluation'!$M$1)^(A11) -> 1154740 | F11: =E11+F10 -> 3267845.6 | G11: =D11/'Generation Plant Input'!$D$9/10000 -> 4.4354808
A12: =B12-'Input Capital & Operating Costs'!$E$12+1 -> 4 | B12: ='Life Cycle Cost Evaluation'!B17 -> 2030 | C12: =IF(B12<'Input Capital & Operating Costs'!$E$12,0,'Generation Plant Input'!$D$13*0.95/(1.14)) -> 4.6666667 | D12: =C12*'Marginal Supply Costs'!I19*1000 -> 2232160 | E12: =D12/(1+'Life Cycle Cost Evaluation'!$M$1)^(A12) -> 1730555.2 | F12: =E12+F11 -> 4998400.9 | G12: =D12/'Generation Plant Input'!$D$9/10000 -> 7.0839733
A13: =B13-'Input Capital & Operating Costs'!$E$12+1 -> 5 | B13: ='Life Cycle Cost Evaluation'!B18 -> 2031 | C13: =IF(B13<'Input Capital & Operating Costs'!$E$12,0,'Generation Plant Input'!$D$13*0.95/(1.14)) -> 4.6666667 | D13: =C13*'Marginal Supply Costs'!I20*1000 -> 4139613.3 | E13: =D13/(1+'Life Cycle Cost Evaluation'!$M$1)^(A13) -> 3011514.4 | F13: =E13+F12 -> 8009915.3 | G13: =D13/'Generation Plant Input'!$D$9/10000 -> 13.137459
A14: =B14-'Input Capital & Operating Costs'!$E$12+1 -> 6 | B14: ='Life Cycle Cost Evaluation'!B19 -> 2032 | C14: =IF(B14<'Input Capital & Operating Costs'!$E$12,0,'Generation Plant Input'!$D$13*0.95/(1.14)) -> 4.6666667 | D14: =C14*'Marginal Supply Costs'!I21*1000 -> 3008180 | E14: =D14/(1+'Life Cycle Cost Evaluation'!$M$1)^(A14) -> 2053496.8 | F14: =E14+F13 -> 10063412 | G14: =D14/'Generation Plant Input'!$D$9/10000 -> 9.5467471
A15: =B15-'Input Capital & Operating Costs'!$E$12+1 -> 7 | B15: ='Life Cycle Cost Evaluation'!B20 -> 2033 | C15: =IF(B15<'Input Capital & Operating Costs'!$E$12,0,'Generation Plant Input'!$D$13*0.95/(1.14)) -> 4.6666667 | D15: =C15*'Marginal Supply Costs'!I22*1000 -> 3306473.3 | E15: =D15/(1+'Life Cycle Cost Evaluation'!$M$1)^(A15) -> 2117972.2 | F15: =E15+F14 -> 12181384 | G15: =D15/'Generation Plant Input'!$D$9/10000 -> 10.493409
A16: =B16-'Input Capital & Operating Costs'!$E$12+1 -> 8 | B16: ='Life Cycle Cost Evaluation'!B21 -> 2034 | C16: =IF(B16<'Input Capital & Operating Costs'!$E$12,0,'Generation Plant Input'!$D$13*0.95/(1.14)) -> 4.6666667 | D16: =C16*'Marginal Supply Costs'!I23*1000 -> 2507446.7 | E16: =D16/(1+'Life Cycle Cost Evaluation'!$M$1)^(A16) -> 1507134.4 | F16: =E16+F15 -> 13688519 | G16: =D16/'Generation Plant Input'!$D$9/10000 -> 7.9576219
A17: =B17-'Input Capital & Operating Costs'!$E$12+1 -> 9 | B17: ='Life Cycle Cost Evaluation'!B22 -> 2035 | C17: =IF(B17<'Input Capital & Operating Costs'!$E$12,0,'Generation Plant Input'!$D$13*0.95/(1.14)) -> 4.6666667 | D17: =C17*'Marginal Supply Costs'!I24*1000 -> 1803806.7 | E17: =D17/(1+'Life Cycle Cost Evaluation'!$M$1)^(A17) -> 1017361.5 | F17: =E17+F16 -> 14705880 | G17: =D17/'Generation Plant Input'!$D$9/10000 -> 5.7245531
A18: =B18-'Input Capital & Operating Costs'!$E$12+1 -> 10 | B18: ='Life Cycle Cost Evaluation'!B23 -> 2036 | C18: =IF(B18<'Input Capital & Operating Costs'!$E$12,0,'Generation Plant Input'!$D$13*0.95/(1.14)) -> 4.6666667 | D18: =C18*'Marginal Supply Costs'!I25*1000 -> 2645160 | E18: =D18/(1+'Life Cycle Cost Evaluation'!$M$1)^(A18) -> 1399917 | F18: =E18+F17 -> 16105797 | G18: =D18/'Generation Plant Input'!$D$9/10000 -> 8.3946684
A19: =B19-'Input Capital & Operating Costs'!$E$12+1 -> 11 | B19: ='Life Cycle Cost Evaluation'!B24 -> 2037 | C19: =IF(B19<'Input Capital & Operating Costs'!$E$12,0,'Generation Plant Input'!$D$13*0.95/(1.14)) -> 4.6666667 | D19: =C19*'Marginal Supply Costs'!I26*1000 -> 2723326.7 | E19: =D19/(1+'Life Cycle Cost Evaluation'!$M$1)^(A19) -> 1352431 | F19: =E19+F18 -> 17458228 | G19: =D19/'Generation Plant Input'!$D$9/10000 -> 8.6427378
A20: =B20-'Input Capital & Operating Costs'!$E$12+1 -> 12 | B20: ='Life Cycle Cost Evaluation'!B25 -> 2038 | C20: =IF(B20<'Input Capital & Operating Costs'!$E$12,0,'Generation Plant Input'!$D$13*0.95/(1.14)) -> 4.6666667 | D20: =C20*'Marginal Supply Costs'!I27*1000 -> 2803826.7 | E20: =D20/(1+'Life Cycle Cost Evaluation'!$M$1)^(A20) -> 1306566.7 | F20: =E20+F19 -> 18764795 | G20: =D20/'Generation Plant Input'!$D$9/10000 -> 8.8982122
A21: =B21-'Input Capital & Operating Costs'!$E$12+1 -> 13 | B21: ='Life Cycle Cost Evaluation'!B26 -> 2039 | C21: =IF(B21<'Input Capital & Operating Costs'!$E$12,0,'Generation Plant Input'!$D$13*0.95/(1.14)) -> 4.6666667 | D21: =C21*'Marginal Supply Costs'!I28*1000 -> 2886753.3 | E21: =D21/(1+'Life Cycle Cost Evaluation'!$M$1)^(A21) -> 1262278.3 | F21: =E21+F20 -> 20027073 | G21: =D21/'Generation Plant Input'!$D$9/10000 -> 9.1613879
... A89: =B89-'Input Capital & Operating Costs'!$E$12+1 -> 81 | B89: ='Life Cycle Cost Evaluation'!B94 -> 2107 | C89: =IF(B89<'Input Capital & Operating Costs'!$E$12,0,'Generation Plant Input'!$D$13*0.95/(1.14)) -> 4.6666667 | D89: =C89*'Marginal Supply Costs'!I96*1000 -> 9629361.9 | E89: =D89/(1+'Life Cycle Cost Evaluation'!$M$1)^(A89) -> 55611.586 | F89: =E89+F88 -> 46917567 | G89: =D89/'Generation Plant Input'!$D$9/10000 -> 30.559701

Sheet Gen H 8%CCA
B3: GENERATION EXPENDITURES
B4: CONVERSION FROM CAPITAL EXPENDITURES TO REVENUE REQUIREMENT
B6: DO NOT MODIFY ENTRIES IN THIS SHEET
B9: Capital Expenditures transferred from Summary Sheet
B11: Revenue Requirement values transferred back to Summary Sheet
CG14: Revenue Requirement
CG15: By Asset Type
B16: YEAR | D16: =B20 -> 2027 | E16: =D16+1 -> 2028 | F16: =E16+1 -> 2029 | G16: =F16+1 -> 2030 | H16: =G16+1 -> 2031 | I16: =H16+1 -> 2032 | J16: =I16+1 -> 2033 | K16: =J16+1 -> 2034 | L16: =K16+1 -> 2035 | ... CF16: =CE16+1 -> 2107 | CJ16: Future Rev Req Factors 2030
B18: Capital Expenditure | D18: ='Life Cycle Cost Evaluation'!$C$14 -> 612000 | E18: ='Life Cycle Cost Evaluation'!$C$15 -> 622000 | F18: ='Life Cycle Cost Evaluation'!$C$16 -> 1588000 | G18: ='Life Cycle Cost Evaluation'!$C$17 -> 0 | H18: ='Life Cycle Cost Evaluation'!$C$18 -> 3286000 | I18: ='Life Cycle Cost Evaluation'!$C$19 -> 9529406.2 | J18: ='Life Cycle Cost Evaluation'!$C$20 -> 3891984.6 | K18: ='Life Cycle Cost Evaluation'!$C$21 -> 0 | L18: ='Life Cycle Cost Evaluation'!$C$22 -> 1724387.1 | M18: ='Life Cycle Cost Evaluation'!$C$23 -> 1168643.9 | N18: ='Life Cycle Cost Evaluation'!$C$24 -> 0 | O18: ='Life Cycle Cost Evaluation'!$C$25 -> 0 | P18: ='Life Cycle Cost Evaluation'!$C$26 -> 0 | Q18: ='Life Cycle Cost Evaluation'!$C$27 -> 0 | R18: ='Life Cycle Cost Evaluation'!$C$28 -> 0 | S18: ='Life Cycle Cost Evaluation'!$C$29 -> 0 | T18: ='Life Cycle Cost Evaluation'!$C$30 -> 0 | U18: ='Life Cycle Cost Evaluation'!$C$31 -> 0 | V18: ='Life Cycle Cost Evaluation'!$C$32 -> 0 | W18: ='Life Cycle Cost Evaluation'!$C$33 -> 0 | X18: ='Life Cycle Cost Evaluation'!$C$34 -> 2804817.9 | Y18: ='Life Cycle Cost Evaluation'!$C$35 -> 0 | Z18: ='Life Cycle Cost Evaluation'!$C$36 -> 0 | AA18: ='Life Cycle Cost Evaluation'!$C$37 -> 2211067.8 | AB18: ='Life Cycle Cost Evaluation'!$C$38 -> 0 | AC18: ='Life Cycle Cost Evaluation'!$C$39 -> 0 | AD18: ='Life Cycle Cost Evaluation'!$C$40 -> 0 | AE18: ='Life Cycle Cost Evaluation'!$C$41 -> 1575284.5 | AF18: ='Life Cycle Cost Evaluation'!$C$42 -> 0 | AG18: ='Life Cycle Cost Evaluation'!$C$43 -> 0 | AH18: ='Life Cycle Cost Evaluation'!$C$44 -> 0 | AI18: ='Life Cycle Cost Evaluation'!$C$45 -> 5892169.3 | AJ18: ='Life Cycle Cost Evaluation'!$C$46 -> 0 | AK18: ='Life Cycle Cost Evaluation'!$C$47 -> 0 | AL18: ='Life Cycle Cost Evaluation'!$C$48 -> 1327102.8 | AM18: ='Life Cycle Cost Evaluation'!$C$49 -> 0 | AN18: ='Life Cycle Cost Evaluation'!$C$50 -> 0 | AO18: ='Life Cycle Cost Evaluation'!$C$51 -> 0 | AP18: ='Life Cycle Cost Evaluation'!$C$52 -> 1418249.9 | AQ18: ='Life Cycle Cost Evaluation'!$C$53 -> 0 | AR18: ='Life Cycle Cost Evaluation'!$C$54 -> 0 | AS18: ='Life Cycle Cost Evaluation'!$C$55 -> 0 | AT18: ='Life Cycle Cost Evaluation'!$C$56 -> 0 | AU18: ='Life Cycle Cost Evaluation'!$C$57 -> 0 | AV18: ='Life Cycle Cost Evaluation'!$C$58 -> 0 | AW18: ='Life Cycle Cost Evaluation'!$C$59 -> 0 | AX18: ='Life Cycle Cost Evaluation'!$C$60 -> 0 | AY18: ='Life Cycle Cost Evaluation'!$C$61 -> 0 | AZ18: ='Life Cycle Cost Evaluation'!$C$62 -> 3348907.9 | BA18: ='Life Cycle Cost Evaluation'!$C$63 -> 0 | BB18: ='Life Cycle Cost Evaluation'!$C$64 -> 0 | BC18: ='Life Cycle Cost Evaluation'!$C$65 -> 0 | BD18: ='Life Cycle Cost Evaluation'!$C$66 -> 0 | BE18: ='Life Cycle Cost Evaluation'!$C$67 -> 1819422 | BF18: ='Life Cycle Cost Evaluation'!$C$68 -> 0 | BG18: ='Life Cycle Cost Evaluation'!$C$69 -> 0 | BH18: ='Life Cycle Cost Evaluation'!$C$70 -> 28047941 | BI18: ='Life Cycle Cost Evaluation'!$C$71 -> 0 | BJ18: ='Life Cycle Cost Evaluation'!$C$72 -> 0 | BK18: ='Life Cycle Cost Evaluation'!$C$73 -> 0 | BL18: ='Life Cycle Cost Evaluation'!$C$74 -> 0 | BM18: ='Life Cycle Cost Evaluation'!$C$75 -> 0 | BN18: ='Life Cycle Cost Evaluation'!$C$76 -> 0 | BO18: ='Life Cycle Cost Evaluation'!$C$77 -> 0 | BP18: ='Life Cycle Cost Evaluation'!$C$78 -> 0 | BQ18: ='Life Cycle Cost Evaluation'!$C$79 -> 0 | BR18: ='Life Cycle Cost Evaluation'!$C$80 -> 0 | BS18: ='Life Cycle Cost Evaluation'!$C$81 -> 0 | BT18: ='Life Cycle Cost Evaluation'!$C$82 -> 0 | BU18: ='Life Cycle Cost Evaluation'!$C$83 -> 0 | BV18: ='Life Cycle Cost Evaluation'!$C$84 -> 0 | BW18: ='Life Cycle Cost Evaluation'!$C$85 -> 0 | BX18: ='Life Cycle Cost Evaluation'!$C$86 -> 0 | BY18: ='Life Cycle Cost Evaluation'!$C$87 -> 0 | BZ18: ='Life Cycle Cost Evaluation'!$C$88 -> 0 | CA18: ='Life Cycle Cost Evaluation'!$C$89 -> 0 | CB18: ='Life Cycle Cost Evaluation'!$C$90 -> 0 | CC18: ='Life Cycle Cost Evaluation'!$C$91 -> 0 | CD18: ='Life Cycle Cost Evaluation'!$C$92 -> 0 | CE18: ='Life Cycle Cost Evaluation'!$C$93 -> 0 | CF18: ='Life Cycle Cost Evaluation'!$C$94 -> 0 | CG18: =SUM(D18:CF18) -> 70867385
B20: 2027 | C20: 9.0845377 | D20: =D$18*$C20/100 -> 55597.371 | CG20: =SUM(D20:CF20) -> 55597.371 | CJ20: 9.1339036
B21: =B20+1 -> 2028 | C21: 9.7939227 | D21: =D$18*$C21/100 -> 59938.807 | E21: =E$18*$C20/100 -> 56505.824 | CG21: =SUM(D21:CF21) -> 116444.63 | CJ21: 9.8887052
B22: =B21+1 -> 2029 | C22: 9.506184 | D22: =D$18*$C22/100 -> 58177.846 | E22: =E$18*$C21/100 -> 60918.199 | F22: =F$18*$C20/100 -> 144262.46 | CG22: =SUM(D22:CF22) -> 263358.5 | CJ22: 9.593384
B23: =B22+1 -> 2030 | C23: 9.2323973 | D23: =D$18*$C23/100 -> 56502.272 | E23: =E$18*$C22/100 -> 59128.465 | F23: =F$18*$C21/100 -> 155527.49 | G23: =G$18*$CJ20/100 -> 0 | CG23: =SUM(D23:CF23) -> 271158.23 | CJ23: 9.3126213
B24: =B23+1 -> 2031 | C24: 8.9714465 | D24: =D$18*$C24/100 -> 54905.252 | E24: =E$18*$C23/100 -> 57425.511 | F24: =F$18*$C22/100 -> 150958.2 | G24: =G$18*$CJ21/100 -> 0 | H24: =H$18*$CJ20/100 -> 300140.07 | CG24: =SUM(D24:CF24) -> 563429.04 | CJ24: 9.0452525
B25: =B24+1 -> 2032 | C25: 8.7223046 | D25: =D$18*$C25/100 -> 53380.504 | E25: =E$18*$C24/100 -> 55802.397 | F25: =F$18*$C23/100 -> 146610.47 | G25: =G$18*$CJ22/100 -> 0 | H25: =H$18*$CJ21/100 -> 324942.85 | I25: =I$18*$CJ20/100 -> 870406.77 | CG25: =SUM(D25:CF25) -> 1451143 | CJ25: 8.7902061
B26: =B25+1 -> 2033 | C26: 8.4840269 | D26: =D$18*$C26/100 -> 51922.245 | E26: =E$18*$C25/100 -> 54252.734 | F26: =F$18*$C24/100 -> 142466.57 | G26: =G$18*$CJ23/100 -> 0 | H26: =H$18*$CJ22/100 -> 315238.6 | I26: =I$18*$CJ21/100 -> 942334.89 | J26: =J$18*$CJ20/100 -> 355490.12 | CG26: =SUM(D26:CF26) -> 1861705.2 | CJ26: 8.5464963
B27: =B26+1 -> 2034 | C27: 8.2557444 | D27: =D$18*$C27/100 -> 50525.156 | E27: =E$18*$C26/100 -> 52770.647 | F27: =F$18*$C25/100 -> 138510.2 | G27: =G$18*$CJ24/100 -> 0 | H27: =H$18*$CJ23/100 -> 306012.73 | I27: =I$18*$CJ22/100 -> 914192.52 | J27: =J$18*$CJ21/100 -> 384866.89 | K27: =K$18*$CJ20/100 -> 0 | CG27: =SUM(D27:CF27) -> 1846878.1 | CJ27: 8.3132162
B28: =B27+1 -> 2035 | C28: 8.0366573 | D28: =D$18*$C28/100 -> 49184.343 | E28: =E$18*$C27/100 -> 51350.73 | F28: =F$18*$C26/100 -> 134726.35 | G28: =G$18*$CJ25/100 -> 0 | H28: =H$18*$CJ24/100 -> 297227 | I28: =I$18*$CJ23/100 -> 887437.51 | J28: =J$18*$CJ22/100 -> 373373.03 | K28: =K$18*$CJ21/100 -> 0 | L28: =L$18*$CJ20/100 -> 157503.86 | CG28: =SUM(D28:CF28) -> 1950802.8 | CJ28: 8.0895314
B29: =B28+1 -> 2036 | C29: 7.8260301 | D29: =D$18*$C29/100 -> 47895.304 | E29: =E$18*$C28/100 -> 49988.008 | F29: =F$18*$C27/100 -> 131101.22 | G29: =G$18*$CJ26/100 -> 0 | H29: =H$18*$CJ25/100 -> 288846.17 | I29: =I$18*$CJ24/100 -> 861958.85 | J29: =J$18*$CJ23/100 -> 362445.79 | K29: =K$18*$CJ22/100 -> 0 | L29: =L$18*$CJ21/100 -> 170519.56 | M29: =M$18*$CJ20/100 -> 106742.81 | CG29: =SUM(D29:CF29) -> 2019497.7 | CJ29: 7.8746743
B30: =B29+1 -> 2037 | C30: 7.623186 | D30: =D$18*$C30/100 -> 46653.898 | E30: =E$18*$C29/100 -> 48677.907 | F30: =F$18*$C28/100 -> 127622.12 | G30: =G$18*$CJ27/100 -> 0 | H30: =H$18*$CJ26/100 -> 280837.87 | I30: =I$18*$CJ25/100 -> 837654.44 | J30: =J$18*$CJ24/100 -> 352039.84 | K30: =K$18*$CJ23/100 -> 0 | L30: =L$18*$CJ22/100 -> 165427.08 | M30: =M$18*$CJ21/100 -> 115563.75 | N30: =N$18*$CJ20/100 -> 0 | CG30: =SUM(D30:CF30) -> 1974476.9 | CJ30: 7.6679386
B31: =B30+1 -> 2038 | C31: 7.4275023 | D31: =D$18*$C31/100 -> 45456.314 | E31: =E$18*$C30/100 -> 47416.217 | F31: =F$18*$C29/100 -> 124277.36 | G31: =G$18*$CJ28/100 -> 0 | H31: =H$18*$CJ27/100 -> 273172.29 | I31: =I$18*$CJ26/100 -> 814430.35 | J31: =J$18*$CJ25/100 -> 342113.47 | K31: =K$18*$CJ24/100 -> 0 | L31: =L$18*$CJ23/100 -> 160585.64 | M31: =M$18*$CJ22/100 -> 112112.5 | N31: =N$18*$CJ21/100 -> 0 | O31: =O$18*$CJ20/100 -> 0 | CG31: =SUM(D31:CF31) -> 1919564.1 | CJ31: 7.4686747
B32: =B31+1 -> 2039 | C32: 7.2384062 | D32: =D$18*$C32/100 -> 44299.046 | E32: =E$18*$C31/100 -> 46199.064 | F32: =F$18*$C30/100 -> 121056.19 | G32: =G$18*$CJ29/100 -> 0 | H32: =H$18*$CJ28/100 -> 265822 | I32: =I$18*$CJ27/100 -> 792200.14 | J32: =J$18*$CJ26/100 -> 332628.32 | K32: =K$18*$CJ25/100 -> 0 | L32: =L$18*$CJ24/100 -> 155975.17 | M32: =M$18*$CJ23/100 -> 108831.38 | N32: =N$18*$CJ22/100 -> 0 | O32: =O$18*$CJ21/100 -> 0 | P32: =P$18*$CJ20/100 -> 0 | CG32: =SUM(D32:CF32) -> 1867011.3 | CJ32: 7.2762848
B33: =B32+1 -> 2040 | C33: 7.0553706 | D33: =D$18*$C33/100 -> 43178.868 | E33: =E$18*$C32/100 -> 45022.886 | F33: =F$18*$C31/100 -> 117948.74 | G33: =G$18*$CJ30/100 -> 0 | H33: =H$18*$CJ29/100 -> 258761.8 | I33: =I$18*$CJ28/100 -> 770884.31 | J33: =J$18*$CJ27/100 -> 323549.1 | K33: =K$18*$CJ26/100 -> 0 | L33: =L$18*$CJ25/100 -> 151577.18 | M33: =M$18*$CJ24/100 -> 105706.79 | N33: =N$18*$CJ23/100 -> 0 | O33: =O$18*$CJ22/100 -> 0 | P33: =P$18*$CJ21/100 -> 0 | Q33: =Q$18*$CJ20/100 -> 0 | CG33: =SUM(D33:CF33) -> 1816629.7 | CJ33: 7.090219
B34: =B33+1 -> 2041 | C34: 6.8779108 | D34: =D$18*$C34/100 -> 42092.814 | E34: =E$18*$C33/100 -> 43884.405 | F34: =F$18*$C32/100 -> 114945.89 | G34: =G$18*$CJ31/100 -> 0 | H34: =H$18*$CJ30/100 -> 251968.46 | I34: =I$18*$CJ29/100 -> 750409.7 | J34: =J$18*$CJ28/100 -> 314843.32 | K34: =K$18*$CJ27/100 -> 0 | L34: =L$18*$CJ26/100 -> 147374.68 | M34: =M$18*$CJ25/100 -> 102726.21 | N34: =N$18*$CJ24/100 -> 0 | O34: =O$18*$CJ23/100 -> 0 | P34: =P$18*$CJ22/100 -> 0 | Q34: =Q$18*$CJ21/100 -> 0 | R34: =R$18*$CJ20/100 -> 0 | CG34: =SUM(D34:CF34) -> 1768245.5 | CJ34: 6.9099713
B35: =B34+1 -> 2042 | C35: 6.7055807 | D35: =D$18*$C35/100 -> 41038.154 | E35: =E$18*$C34/100 -> 42780.605 | F35: =F$18*$C33/100 -> 112039.29 | G35: =G$18*$CJ32/100 -> 0 | H35: =H$18*$CJ31/100 -> 245420.65 | I35: =I$18*$CJ30/100 -> 730709.02 | J35: =J$18*$CJ29/100 -> 306481.11 | K35: =K$18*$CJ28/100 -> 0 | L35: =L$18*$CJ27/100 -> 143352.03 | M35: =M$18*$CJ26/100 -> 99878.111 | N35: =N$18*$CJ25/100 -> 0 | O35: =O$18*$CJ24/100 -> 0 | P35: =P$18*$CJ23/100 -> 0 | Q35: =Q$18*$CJ22/100 -> 0 | R35: =R$18*$CJ21/100 -> 0 | S35: =S$18*$CJ20/100 -> 0 | CG35: =SUM(D35:CF35) -> 1721699 | CJ35: 6.7350764
B36: =B35+1 -> 2043 | C36: 6.5379699 | D36: =D$18*$C36/100 -> 40012.376 | E36: =E$18*$C35/100 -> 41708.712 | F36: =F$18*$C34/100 -> 109221.22 | G36: =G$18*$CJ33/100 -> 0 | H36: =H$18*$CJ32/100 -> 239098.72 | I36: =I$18*$CJ31/100 -> 711720.35 | J36: =J$18*$CJ30/100 -> 298434.99 | K36: =K$18*$CJ29/100 -> 0 | L36: =L$18*$CJ28/100 -> 139494.84 | M36: =M$18*$CJ27/100 -> 97151.897 | N36: =N$18*$CJ26/100 -> 0 | O36: =O$18*$CJ25/100 -> 0 | P36: =P$18*$CJ24/100 -> 0 | Q36: =Q$18*$CJ23/100 -> 0 | R36: =R$18*$CJ22/100 -> 0 | S36: =S$18*$CJ21/100 -> 0 | T36: =T$18*$CJ20/100 -> 0 | CG36: =SUM(D36:CF36) -> 1676843.1 | CJ36: 6.5651059
B37: =B36+1 -> 2044 | C37: 6.3747009 | D37: =D$18*$C37/100 -> 39013.169 | E37: =E$18*$C36/100 -> 40666.173 | F37: =F$18*$C35/100 -> 106484.62 | G37: =G$18*$CJ34/100 -> 0 | H37: =H$18*$CJ33/100 -> 232984.6 | I37: =I$18*$CJ32/100 -> 693386.74 | J37: =J$18*$CJ31/100 -> 290679.67 | K37: =K$18*$CJ30/100 -> 0 | L37: =L$18*$CJ29/100 -> 135789.87 | M37: =M$18*$CJ28/100 -> 94537.818 | N37: =N$18*$CJ27/100 -> 0 | O37: =O$18*$CJ26/100 -> 0 | P37: =P$18*$CJ25/100 -> 0 | Q37: =Q$18*$CJ24/100 -> 0 | R37: =R$18*$CJ23/100 -> 0 | S37: =S$18*$CJ22/100 -> 0 | T37: =T$18*$CJ21/100 -> 0 | U37: =U$18*$CJ20/100 -> 0 | CG37: =SUM(D37:CF37) -> 1633542.7 | CJ37: 6.399666
B38: =B37+1 -> 2045 | C38: 6.2154262 | D38: =D$18*$C38/100 -> 38038.408 | E38: =E$18*$C37/100 -> 39650.639 | F38: =F$18*$C36/100 -> 103822.96 | G38: =G$18*$CJ35/100 -> 0 | H38: =H$18*$CJ34/100 -> 227061.66 | I38: =I$18*$CJ33/100 -> 675655.77 | J38: =J$18*$CJ32/100 -> 283191.89 | K38: =K$18*$CJ31/100 -> 0 | L38: =L$18*$CJ30/100 -> 132224.94 | M38: =M$18*$CJ29/100 -> 92026.904 | N38: =N$18*$CJ28/100 -> 0 | O38: =O$18*$CJ27/100 -> 0 | P38: =P$18*$CJ26/100 -> 0 | Q38: =Q$18*$CJ25/100 -> 0 | R38: =R$18*$CJ24/100 -> 0 | S38: =S$18*$CJ23/100 -> 0 | T38: =T$18*$CJ22/100 -> 0 | U38: =U$18*$CJ21/100 -> 0 | V38: =V$18*$CJ20/100 -> 0 | CG38: =SUM(D38:CF38) -> 1591673.2 | CJ38: 6.2383941
B39: =B38+1 -> 2046 | C39: 6.0598264 | D39: =D$18*$C39/100 -> 37086.138 | E39: =E$18*$C38/100 -> 38659.951 | F39: =F$18*$C37/100 -> 101230.25 | G39: =G$18*$CJ36/100 -> 0 | H39: =H$18*$CJ35/100 -> 221314.61 | I39: =I$18*$CJ34/100 -> 658479.24 | J39: =J$18*$CJ33/100 -> 275950.23 | K39: =K$18*$CJ32/100 -> 0 | L39: =L$18*$CJ31/100 -> 128788.86 | M39: =M$18*$CJ30/100 -> 89610.9 | N39: =N$18*$CJ29/100 -> 0 | O39: =O$18*$CJ28/100 -> 0 | P39: =P$18*$CJ27/100 -> 0 | Q39: =Q$18*$CJ26/100 -> 0 | R39: =R$18*$CJ25/100 -> 0 | S39: =S$18*$CJ24/100 -> 0 | T39: =T$18*$CJ23/100 -> 0 | U39: =U$18*$CJ22/100 -> 0 | V39: =V$18*$CJ21/100 -> 0 | W39: =W$18*$CJ20/100 -> 0 | CG39: =SUM(D39:CF39) -> 1551120.2 | CJ39: 6.0809569
B40: =B39+1 -> 2047 | C40: 5.9076076 | D40: =D$18*$C40/100 -> 36154.558 | E40: =E$18*$C39/100 -> 37692.121 | F40: =F$18*$C38/100 -> 98700.968 | G40: =G$18*$CJ37/100 -> 0 | H40: =H$18*$CJ36/100 -> 215729.38 | I40: =I$18*$CJ35/100 -> 641812.78 | J40: =J$18*$CJ34/100 -> 268935.02 | K40: =K$18*$CJ33/100 -> 0 | L40: =L$18*$CJ32/100 -> 125471.32 | M40: =M$18*$CJ31/100 -> 87282.214 | N40: =N$18*$CJ30/100 -> 0 | O40: =O$18*$CJ29/100 -> 0 | P40: =P$18*$CJ28/100 -> 0 | Q40: =Q$18*$CJ27/100 -> 0 | R40: =R$18*$CJ26/100 -> 0 | S40: =S$18*$CJ25/100 -> 0 | T40: =T$18*$CJ24/100 -> 0 | U40: =U$18*$CJ23/100 -> 0 | V40: =V$18*$CJ22/100 -> 0 | W40: =W$18*$CJ21/100 -> 0 | X40: =X$18*$CJ20/100 -> 256189.36 | CG40: =SUM(D40:CF40) -> 1767967.7 | CJ40: 5.9270476
B41: =B40+1 -> 2048 | C41: 5.7584991 | D41: =D$18*$C41/100 -> 35242.014 | E41: =E$18*$C40/100 -> 36745.319 | F41: =F$18*$C39/100 -> 96230.044 | G41: =G$18*$CJ38/100 -> 0 | H41: =H$18*$CJ37/100 -> 210293.02 | I41: =I$18*$CJ36/100 -> 625615.61 | J41: =J$18*$CJ35/100 -> 262128.14 | K41: =K$18*$CJ34/100 -> 0 | L41: =L$18*$CJ33/100 -> 122262.82 | M41: =M$18*$CJ32/100 -> 85033.861 | N41: =N$18*$CJ31/100 -> 0 | O41: =O$18*$CJ30/100 -> 0 | P41: =P$18*$CJ29/100 -> 0 | Q41: =Q$18*$CJ28/100 -> 0 | R41: =R$18*$CJ27/100 -> 0 | S41: =S$18*$CJ26/100 -> 0 | T41: =T$18*$CJ25/100 -> 0 | U41: =U$18*$CJ24/100 -> 0 | V41: =V$18*$CJ23/100 -> 0 | W41: =W$18*$CJ22/100 -> 0 | X41: =X$18*$CJ21/100 -> 277360.17 | Y41: =Y$18*$CJ20/100 -> 0 | CG41: =SUM(D41:CF41) -> 1750911 | CJ41: 5.7763839
B42: =B41+1 -> 2049 | C42: 5.6122521 | D42: =D$18*$C42/100 -> 34346.983 | E42: =E$18*$C41/100 -> 35817.864 | F42: =F$18*$C40/100 -> 93812.808 | G42: =G$18*$CJ39/100 -> 0 | H42: =H$18*$CJ38/100 -> 204993.63 | I42: =I$18*$CJ37/100 -> 609850.17 | J42: =J$18*$CJ36/100 -> 255512.91 | K42: =K$18*$CJ35/100 -> 0 | L42: =L$18*$CJ34/100 -> 119154.65 | M42: =M$18*$CJ33/100 -> 82859.414 | N42: =N$18*$CJ32/100 -> 0 | O42: =O$18*$CJ31/100 -> 0 | P42: =P$18*$CJ30/100 -> 0 | Q42: =Q$18*$CJ29/100 -> 0 | R42: =R$18*$CJ28/100 -> 0 | S42: =S$18*$CJ27/100 -> 0 | T42: =T$18*$CJ26/100 -> 0 | U42: =U$18*$CJ25/100 -> 0 | V42: =V$18*$CJ24/100 -> 0 | W42: =W$18*$CJ23/100 -> 0 | X42: =X$18*$CJ22/100 -> 269076.95 | Y42: =Y$18*$CJ21/100 -> 0 | Z42: =Z$18*$CJ20/100 -> 0 | CG42: =SUM(D42:CF42) -> 1705425.4 | CJ42: 5.6287062
B43: =B42+1 -> 2050 | C43: 5.4686379 | D43: =D$18*$C43/100 -> 33468.064 | E43: =E$18*$C42/100 -> 34908.208 | F43: =F$18*$C41/100 -> 91444.965 | G43: =G$18*$CJ40/100 -> 0 | H43: =H$18*$CJ39/100 -> 199820.24 | I43: =I$18*$CJ38/100 -> 594481.92 | J43: =J$18*$CJ37/100 -> 249074.02 | K43: =K$18*$CJ36/100 -> 0 | L43: =L$18*$CJ35/100 -> 116138.79 | M43: =M$18*$CJ34/100 -> 80752.961 | N43: =N$18*$CJ33/100 -> 0 | O43: =O$18*$CJ32/100 -> 0 | P43: =P$18*$CJ31/100 -> 0 | Q43: =Q$18*$CJ30/100 -> 0 | R43: =R$18*$CJ29/100 -> 0 | S43: =S$18*$CJ28/100 -> 0 | T43: =T$18*$CJ27/100 -> 0 | U43: =U$18*$CJ26/100 -> 0 | V43: =V$18*$CJ25/100 -> 0 | W43: =W$18*$CJ24/100 -> 0 | X43: =X$18*$CJ23/100 -> 261202.07 | Y43: =Y$18*$CJ22/100 -> 0 | Z43: =Z$18*$CJ21/100 -> 0 | AA43: =AA$18*$CJ20/100 -> 201956.81 | CG43: =SUM(D43:CF43) -> 1863248 | CJ43: 5.4837756
B44: =B43+1 -> 2051 | C44: 5.3274456 | D44: =D$18*$C44/100 -> 32603.967 | E44: =E$18*$C43/100 -> 34014.928 | F44: =F$18*$C42/100 -> 89122.564 | G44: =G$18*$CJ41/100 -> 0 | H44: =H$18*$CJ40/100 -> 194762.78 | I44: =I$18*$CJ39/100 -> 579479.09 | J44: =J$18*$CJ38/100 -> 242797.34 | K44: =K$18*$CJ37/100 -> 0 | L44: =L$18*$CJ36/100 -> 113207.84 | M44: =M$18*$CJ35/100 -> 78709.062 | N44: =N$18*$CJ34/100 -> 0 | O44: =O$18*$CJ33/100 -> 0 | P44: =P$18*$CJ32/100 -> 0 | Q44: =Q$18*$CJ31/100 -> 0 | R44: =R$18*$CJ30/100 -> 0 | S44: =S$18*$CJ29/100 -> 0 | T44: =T$18*$CJ28/100 -> 0 | U44: =U$18*$CJ27/100 -> 0 | V44: =V$18*$CJ26/100 -> 0 | W44: =W$18*$CJ25/100 -> 0 | X44: =X$18*$CJ24/100 -> 253702.86 | Y44: =Y$18*$CJ23/100 -> 0 | Z44: =Z$18*$CJ22/100 -> 0 | AA44: =AA$18*$CJ21/100 -> 218645.98 | AB44: =AB$18*$CJ20/100 -> 0 | CG44: =SUM(D44:CF44) -> 1837046.4 | CJ44: 5.3413723
B45: =B44+1 -> 2052 | C45: 5.1884817 | D45: =D$18*$C45/100 -> 31753.508 | E45: =E$18*$C44/100 -> 33136.712 | F45: =F$18*$C43/100 -> 86841.969 | G45: =G$18*$CJ42/100 -> 0 | H45: =H$18*$CJ41/100 -> 189811.97 | I45: =I$18*$CJ40/100 -> 564812.44 | J45: =J$18*$CJ39/100 -> 236669.91 | K45: =K$18*$CJ38/100 -> 0 | L45: =L$18*$CJ37/100 -> 110355.01 | M45: =M$18*$CJ36/100 -> 76722.712 | N45: =N$18*$CJ35/100 -> 0 | O45: =O$18*$CJ34/100 -> 0 | P45: =P$18*$CJ33/100 -> 0 | Q45: =Q$18*$CJ32/100 -> 0 | R45: =R$18*$CJ31/100 -> 0 | S45: =S$18*$CJ30/100 -> 0 | T45: =T$18*$CJ29/100 -> 0 | U45: =U$18*$CJ28/100 -> 0 | V45: =V$18*$CJ27/100 -> 0 | W45: =W$18*$CJ26/100 -> 0 | X45: =X$18*$CJ25/100 -> 246549.27 | Y45: =Y$18*$CJ24/100 -> 0 | Z45: =Z$18*$CJ23/100 -> 0 | AA45: =AA$18*$CJ22/100 -> 212116.23 | AB45: =AB$18*$CJ21/100 -> 0 | AC45: =AC$18*$CJ20/100 -> 0 | CG45: =SUM(D45:CF45) -> 1788769.7 | CJ45: 5.2012942
B46: =B45+1 -> 2053 | C46: 5.0515677 | D46: =D$18*$C46/100 -> 30915.594 | E46: =E$18*$C45/100 -> 32272.356 | F46: =F$18*$C44/100 -> 84599.837 | G46: =G$18*$CJ43/100 -> 0 | H46: =H$18*$CJ42/100 -> 184959.29 | I46: =I$18*$CJ41/100 -> 550455.08 | J46: =J$18*$CJ40/100 -> 230679.78 | K46: =K$18*$CJ39/100 -> 0 | L46: =L$18*$CJ38/100 -> 107574.06 | M46: =M$18*$CJ37/100 -> 74789.308 | N46: =N$18*$CJ36/100 -> 0 | O46: =O$18*$CJ35/100 -> 0 | P46: =P$18*$CJ34/100 -> 0 | Q46: =Q$18*$CJ33/100 -> 0 | R46: =R$18*$CJ32/100 -> 0 | S46: =S$18*$CJ31/100 -> 0 | T46: =T$18*$CJ30/100 -> 0 | U46: =U$18*$CJ29/100 -> 0 | V46: =V$18*$CJ28/100 -> 0 | W46: =W$18*$CJ27/100 -> 0 | X46: =X$18*$CJ26/100 -> 239713.66 | Y46: =Y$18*$CJ25/100 -> 0 | Z46: =Z$18*$CJ24/100 -> 0 | AA46: =AA$18*$CJ23/100 -> 205908.37 | AB46: =AB$18*$CJ22/100 -> 0 | AC46: =AC$18*$CJ21/100 -> 0 | AD46: =AD$18*$CJ20/100 -> 0 | CG46: =SUM(D46:CF46) -> 1741867.3 | CJ46: 5.0633553
B47: =B46+1 -> 2054 | C47: 4.9165398 | D47: =D$18*$C47/100 -> 30089.223 | E47: =E$18*$C46/100 -> 31420.751 | F47: =F$18*$C45/100 -> 82393.089 | G47: =G$18*$CJ44/100 -> 0 | H47: =H$18*$CJ43/100 -> 180196.87 | I47: =I$18*$CJ42/100 -> 536382.28 | J47: =J$18*$CJ41/100 -> 224815.97 | K47: =K$18*$CJ40/100 -> 0 | L47: =L$18*$CJ39/100 -> 104859.24 | M47: =M$18*$CJ38/100 -> 72904.615 | N47: =N$18*$CJ37/100 -> 0 | O47: =O$18*$CJ36/100 -> 0 | P47: =P$18*$CJ35/100 -> 0 | Q47: =Q$18*$CJ34/100 -> 0 | R47: =R$18*$CJ33/100 -> 0 | S47: =S$18*$CJ32/100 -> 0 | T47: =T$18*$CJ31/100 -> 0 | U47: =U$18*$CJ30/100 -> 0 | V47: =V$18*$CJ29/100 -> 0 | W47: =W$18*$CJ28/100 -> 0 | X47: =X$18*$CJ27/100 -> 233170.58 | Y47: =Y$18*$CJ26/100 -> 0 | Z47: =Z$18*$CJ25/100 -> 0 | AA47: =AA$18*$CJ24/100 -> 199996.67 | AB47: =AB$18*$CJ23/100 -> 0 | AC47: =AC$18*$CJ22/100 -> 0 | AD47: =AD$18*$CJ21/100 -> 0 | AE47: =AE$18*$CJ20/100 -> 143884.96 | CG47: =SUM(D47:CF47) -> 1840114.2 | CJ47: 4.9273843
B48: =B47+1 -> 2055 | C48: 4.783247 | D48: =D$18*$C48/100 -> 29273.471 | E48: =E$18*$C47/100 -> 30580.877 | F48: =F$18*$C46/100 -> 80218.895 | G48: =G$18*$CJ45/100 -> 0 | H48: =H$18*$CJ44/100 -> 175517.49 | I48: =I$18*$CJ43/100 -> 522571.25 | J48: =J$18*$CJ42/100 -> 219068.38 | K48: =K$18*$CJ41/100 -> 0 | L48: =L$18*$CJ40/100 -> 102205.24 | M48: =M$18*$CJ39/100 -> 71064.734 | N48: =N$18*$CJ38/100 -> 0 | O48: =O$18*$CJ37/100 -> 0 | P48: =P$18*$CJ36/100 -> 0 | Q48: =Q$18*$CJ35/100 -> 0 | R48: =R$18*$CJ34/100 -> 0 | S48: =S$18*$CJ33/100 -> 0 | T48: =T$18*$CJ32/100 -> 0 | U48: =U$18*$CJ31/100 -> 0 | V48: =V$18*$CJ30/100 -> 0 | W48: =W$18*$CJ29/100 -> 0 | X48: =X$18*$CJ28/100 -> 226896.63 | Y48: =Y$18*$CJ27/100 -> 0 | Z48: =Z$18*$CJ26/100 -> 0 | AA48: =AA$18*$CJ25/100 -> 194357.42 | AB48: =AB$18*$CJ24/100 -> 0 | AC48: =AC$18*$CJ23/100 -> 0 | AD48: =AD$18*$CJ22/100 -> 0 | AE48: =AE$18*$CJ21/100 -> 155775.24 | AF48: =AF$18*$CJ20/100 -> 0 | CG48: =SUM(D48:CF48) -> 1807529.6 | CJ48: 4.7932239
B49: =B48+1 -> 2056 | C49: 4.6515505 | D49: =D$18*$C49/100 -> 28467.489 | E49: =E$18*$C48/100 -> 29751.796 | F49: =F$18*$C47/100 -> 78074.651 | G49: =G$18*$CJ46/100 -> 0 | H49: =H$18*$CJ45/100 -> 170914.53 | I49: =I$18*$CJ44/100 -> 509001.07 | J49: =J$18*$CJ43/100 -> 213427.7 | K49: =K$18*$CJ42/100 -> 0 | L49: =L$18*$CJ41/100 -> 99607.219 | M49: =M$18*$CJ40/100 -> 69266.082 | N49: =N$18*$CJ39/100 -> 0 | O49: =O$18*$CJ38/100 -> 0 | P49: =P$18*$CJ37/100 -> 0 | Q49: =Q$18*$CJ36/100 -> 0 | R49: =R$18*$CJ35/100 -> 0 | S49: =S$18*$CJ34/100 -> 0 | T49: =T$18*$CJ33/100 -> 0 | U49: =U$18*$CJ32/100 -> 0 | V49: =V$18*$CJ31/100 -> 0 | W49: =W$18*$CJ30/100 -> 0 | X49: =X$18*$CJ29/100 -> 220870.27 | Y49: =Y$18*$CJ28/100 -> 0 | Z49: =Z$18*$CJ27/100 -> 0 | AA49: =AA$18*$CJ26/100 -> 188968.83 | AB49: =AB$18*$CJ25/100 -> 0 | AC49: =AC$18*$CJ24/100 -> 0 | AD49: =AD$18*$CJ23/100 -> 0 | AE49: =AE$18*$CJ22/100 -> 151123.09 | AF49: =AF$18*$CJ21/100 -> 0 | AG49: =AG$18*$CJ20/100 -> 0 | CG49: =SUM(D49:CF49) -> 1759472.7 | CJ49: 4.6607293
B50: =B49+1 -> 2057 | C50: 4.5213226 | D50: =D$18*$C50/100 -> 27670.494 | E50: =E$18*$C49/100 -> 28932.644 | F50: =F$18*$C48/100 -> 75957.962 | G50: =G$18*$CJ47/100 -> 0 | H50: =H$18*$CJ46/100 -> 166381.85 | I50: =I$18*$CJ45/100 -> 495652.45 | J50: =J$18*$CJ44/100 -> 207885.39 | K50: =K$18*$CJ43/100 -> 0 | L50: =L$18*$CJ42/100 -> 97060.684 | M50: =M$18*$CJ41/100 -> 67505.36 | N50: =N$18*$CJ40/100 -> 0 | O50: =O$18*$CJ39/100 -> 0 | P50: =P$18*$CJ38/100 -> 0 | Q50: =Q$18*$CJ37/100 -> 0 | R50: =R$18*$CJ36/100 -> 0 | S50: =S$18*$CJ35/100 -> 0 | T50: =T$18*$CJ34/100 -> 0 | U50: =U$18*$CJ33/100 -> 0 | V50: =V$18*$CJ32/100 -> 0 | W50: =W$18*$CJ31/100 -> 0 | X50: =X$18*$CJ30/100 -> 215071.72 | Y50: =Y$18*$CJ29/100 -> 0 | Z50: =Z$18*$CJ28/100 -> 0 | AA50: =AA$18*$CJ27/100 -> 183810.85 | AB50: =AB$18*$CJ26/100 -> 0 | AC50: =AC$18*$CJ25/100 -> 0 | AD50: =AD$18*$CJ24/100 -> 0 | AE50: =AE$18*$CJ23/100 -> 146700.28 | AF50: =AF$18*$CJ22/100 -> 0 | AG50: =AG$18*$CJ21/100 -> 0 | AH50: =AH$18*$CJ20/100 -> 0 | CG50: =SUM(D50:CF50) -> 1712629.7 | CJ50: 4.5297671
B51: =B50+1 -> 2058 | C51: 4.3924458 | D51: =D$18*$C51/100 -> 26881.768 | E51: =E$18*$C50/100 -> 28122.626 | F51: =F$18*$C49/100 -> 73866.621 | G51: =G$18*$CJ48/100 -> 0 | H51: =H$18*$CJ47/100 -> 161913.85 | I51: =I$18*$CJ46/100 -> 482507.69 | J51: =J$18*$CJ45/100 -> 202433.57 | K51: =K$18*$CJ44/100 -> 0 | L51: =L$18*$CJ43/100 -> 94561.519 | M51: =M$18*$CJ42/100 -> 65779.534 | N51: =N$18*$CJ41/100 -> 0 | O51: =O$18*$CJ40/100 -> 0 | P51: =P$18*$CJ39/100 -> 0 | Q51: =Q$18*$CJ38/100 -> 0 | R51: =R$18*$CJ37/100 -> 0 | S51: =S$18*$CJ36/100 -> 0 | T51: =T$18*$CJ35/100 -> 0 | U51: =U$18*$CJ34/100 -> 0 | V51: =V$18*$CJ33/100 -> 0 | W51: =W$18*$CJ32/100 -> 0 | X51: =X$18*$CJ31/100 -> 209482.73 | Y51: =Y$18*$CJ30/100 -> 0 | Z51: =Z$18*$CJ29/100 -> 0 | AA51: =AA$18*$CJ28/100 -> 178865.03 | AB51: =AB$18*$CJ27/100 -> 0 | AC51: =AC$18*$CJ26/100 -> 0 | AD51: =AD$18*$CJ25/100 -> 0 | AE51: =AE$18*$CJ24/100 -> 142488.46 | AF51: =AF$18*$CJ23/100 -> 0 | AG51: =AG$18*$CJ22/100 -> 0 | AH51: =AH$18*$CJ21/100 -> 0 | AI51: =AI$18*$CJ20/100 -> 538185.06 | CG51: =SUM(D51:CF51) -> 2205088.5 | CJ51: 4.4002148
B52: =B51+1 -> 2059 | C52: 4.2648121 | D52: =D$18*$C52/100 -> 26100.65 | E52: =E$18*$C51/100 -> 27321.013 | F52: =F$18*$C50/100 -> 71798.602 | G52: =G$18*$CJ49/100 -> 0 | H52: =H$18*$CJ48/100 -> 157505.34 | I52: =I$18*$CJ47/100 -> 469550.47 | J52: =J$18*$CJ46/100 -> 197065.01 | K52: =K$18*$CJ45/100 -> 0 | L52: =L$18*$CJ44/100 -> 92105.936 | M52: =M$18*$CJ43/100 -> 64085.811 | N52: =N$18*$CJ42/100 -> 0 | O52: =O$18*$CJ41/100 -> 0 | P52: =P$18*$CJ40/100 -> 0 | Q52: =Q$18*$CJ39/100 -> 0 | R52: =R$18*$CJ38/100 -> 0 | S52: =S$18*$CJ37/100 -> 0 | T52: =T$18*$CJ36/100 -> 0 | U52: =U$18*$CJ35/100 -> 0 | V52: =V$18*$CJ34/100 -> 0 | W52: =W$18*$CJ33/100 -> 0 | X52: =X$18*$CJ32/100 -> 204086.54 | Y52: =Y$18*$CJ31/100 -> 0 | Z52: =Z$18*$CJ30/100 -> 0 | AA52: =AA$18*$CJ29/100 -> 174114.39 | AB52: =AB$18*$CJ28/100 -> 0 | AC52: =AC$18*$CJ27/100 -> 0 | AD52: =AD$18*$CJ26/100 -> 0 | AE52: =AE$18*$CJ25/100 -> 138470.75 | AF52: =AF$18*$CJ24/100 -> 0 | AG52: =AG$18*$CJ23/100 -> 0 | AH52: =AH$18*$CJ22/100 -> 0 | AI52: =AI$18*$CJ21/100 -> 582659.26 | AJ52: =AJ$18*$CJ20/100 -> 0 | CG52: =SUM(D52:CF52) -> 2204863.8 | CJ52: 4.2719595
B53: =B52+1 -> 2060 | C53: 4.138322 | D53: =D$18*$C53/100 -> 25326.53 | E53: =E$18*$C52/100 -> 26527.131 | F53: =F$18*$C51/100 -> 69752.04 | G53: =G$18*$CJ50/100 -> 0 | H53: =H$18*$CJ49/100 -> 153151.56 | I53: =I$18*$CJ48/100 -> 456765.78 | J53: =J$18*$CJ47/100 -> 191773.04 | K53: =K$18*$CJ46/100 -> 0 | L53: =L$18*$CJ45/100 -> 89690.447 | M53: =M$18*$CJ44/100 -> 62421.624 | N53: =N$18*$CJ43/100 -> 0 | O53: =O$18*$CJ42/100 -> 0 | P53: =P$18*$CJ41/100 -> 0 | Q53: =Q$18*$CJ40/100 -> 0 | R53: =R$18*$CJ39/100 -> 0 | S53: =S$18*$CJ38/100 -> 0 | T53: =T$18*$CJ37/100 -> 0 | U53: =U$18*$CJ36/100 -> 0 | V53: =V$18*$CJ35/100 -> 0 | W53: =W$18*$CJ34/100 -> 0 | X53: =X$18*$CJ33/100 -> 198867.73 | Y53: =Y$18*$CJ32/100 -> 0 | Z53: =Z$18*$CJ31/100 -> 0 | AA53: =AA$18*$CJ30/100 -> 169543.33 | AB53: =AB$18*$CJ29/100 -> 0 | AC53: =AC$18*$CJ28/100 -> 0 | AD53: =AD$18*$CJ27/100 -> 0 | AE53: =AE$18*$CJ26/100 -> 134631.63 | AF53: =AF$18*$CJ25/100 -> 0 | AG53: =AG$18*$CJ24/100 -> 0 | AH53: =AH$18*$CJ23/100 -> 0 | AI53: =AI$18*$CJ22/100 -> 565258.43 | AJ53: =AJ$18*$CJ21/100 -> 0 | AK53: =AK$18*$CJ20/100 -> 0 | CG53: =SUM(D53:CF53) -> 2143709.3 | CJ53: 4.1448976
B54: =B53+1 -> 2061 | C54: 4.0128839 | D54: =D$18*$C54/100 -> 24558.85 | E54: =E$18*$C53/100 -> 25740.363 | F54: =F$18*$C52/100 -> 67725.216 | G54: =G$18*$CJ51/100 -> 0 | H54: =H$18*$CJ50/100 -> 148848.15 | I54: =I$18*$CJ49/100 -> 444139.83 | J54: =J$18*$CJ48/100 -> 186551.54 | K54: =K$18*$CJ47/100 -> 0 | L54: =L$18*$CJ46/100 -> 87311.845 | M54: =M$18*$CJ45/100 -> 60784.61 | N54: =N$18*$CJ44/100 -> 0 | O54: =O$18*$CJ43/100 -> 0 | P54: =P$18*$CJ42/100 -> 0 | Q54: =Q$18*$CJ41/100 -> 0 | R54: =R$18*$CJ40/100 -> 0 | S54: =S$18*$CJ39/100 -> 0 | T54: =T$18*$CJ38/100 -> 0 | U54: =U$18*$CJ37/100 -> 0 | V54: =V$18*$CJ36/100 -> 0 | W54: =W$18*$CJ35/100 -> 0 | X54: =X$18*$CJ34/100 -> 193812.11 | Y54: =Y$18*$CJ33/100 -> 0 | Z54: =Z$18*$CJ32/100 -> 0 | AA54: =AA$18*$CJ31/100 -> 165137.47 | AB54: =AB$18*$CJ30/100 -> 0 | AC54: =AC$18*$CJ29/100 -> 0 | AD54: =AD$18*$CJ28/100 -> 0 | AE54: =AE$18*$CJ27/100 -> 130956.8 | AF54: =AF$18*$CJ26/100 -> 0 | AG54: =AG$18*$CJ25/100 -> 0 | AH54: =AH$18*$CJ24/100 -> 0 | AI54: =AI$18*$CJ23/100 -> 548715.41 | AJ54: =AJ$18*$CJ22/100 -> 0 | AK54: =AK$18*$CJ21/100 -> 0 | AL54: =AL$18*$CJ20/100 -> 121216.29 | CG54: =SUM(D54:CF54) -> 2205498.5 | CJ54: 4.0189335
B55: =B54+1 -> 2062 | C55: 3.8884138 | D55: =D$18*$C55/100 -> 23797.093 | E55: =E$18*$C54/100 -> 24960.138 | F55: =F$18*$C53/100 -> 65716.553 | G55: =G$18*$CJ52/100 -> 0 | H55: =H$18*$CJ51/100 -> 144591.06 | I55: =I$18*$CJ50/100 -> 431659.91 | J55: =J$18*$CJ49/100 -> 181394.87 | K55: =K$18*$CJ48/100 -> 0 | L55: =L$18*$CJ47/100 -> 84967.18 | M55: =M$18*$CJ46/100 -> 59172.594 | N55: =N$18*$CJ45/100 -> 0 | O55: =O$18*$CJ44/100 -> 0 | P55: =P$18*$CJ43/100 -> 0 | Q55: =Q$18*$CJ42/100 -> 0 | R55: =R$18*$CJ41/100 -> 0 | S55: =S$18*$CJ40/100 -> 0 | T55: =T$18*$CJ39/100 -> 0 | U55: =U$18*$CJ38/100 -> 0 | V55: =V$18*$CJ37/100 -> 0 | W55: =W$18*$CJ36/100 -> 0 | X55: =X$18*$CJ35/100 -> 188906.63 | Y55: =Y$18*$CJ34/100 -> 0 | Z55: =Z$18*$CJ33/100 -> 0 | AA55: =AA$18*$CJ32/100 -> 160883.59 | AB55: =AB$18*$CJ31/100 -> 0 | AC55: =AC$18*$CJ30/100 -> 0 | AD55: =AD$18*$CJ29/100 -> 0 | AE55: =AE$18*$CJ28/100 -> 127433.13 | AF55: =AF$18*$CJ27/100 -> 0 | AG55: =AG$18*$CJ26/100 -> 0 | AH55: =AH$18*$CJ25/100 -> 0 | AI55: =AI$18*$CJ24/100 -> 532961.59 | AJ55: =AJ$18*$CJ23/100 -> 0 | AK55: =AK$18*$CJ22/100 -> 0 | AL55: =AL$18*$CJ21/100 -> 131233.29 | AM55: =AM$18*$CJ20/100 -> 0 | CG55: =SUM(D55:CF55) -> 2157677.6 | CJ55: 3.8939795
B56: =B55+1 -> 2063 | C56: 3.7648342 | D56: =D$18*$C56/100 -> 23040.786 | E56: =E$18*$C55/100 -> 24185.934 | F56: =F$18*$C54/100 -> 63724.597 | G56: =G$18*$CJ53/100 -> 0 | H56: =H$18*$CJ52/100 -> 140376.59 | I56: =I$18*$CJ51/100 -> 419314.34 | J56: =J$18*$CJ50/100 -> 176297.84 | K56: =K$18*$CJ49/100 -> 0 | L56: =L$18*$CJ48/100 -> 82653.736 | M56: =M$18*$CJ47/100 -> 57583.578 | N56: =N$18*$CJ46/100 -> 0 | O56: =O$18*$CJ45/100 -> 0 | P56: =P$18*$CJ44/100 -> 0 | Q56: =Q$18*$CJ43/100 -> 0 | R56: =R$18*$CJ42/100 -> 0 | S56: =S$18*$CJ41/100 -> 0 | T56: =T$18*$CJ40/100 -> 0 | U56: =U$18*$CJ39/100 -> 0 | V56: =V$18*$CJ38/100 -> 0 | W56: =W$18*$CJ37/100 -> 0 | X56: =X$18*$CJ36/100 -> 184139.27 | Y56: =Y$18*$CJ35/100 -> 0 | Z56: =Z$18*$CJ34/100 -> 0 | AA56: =AA$18*$CJ33/100 -> 156769.55 | AB56: =AB$18*$CJ32/100 -> 0 | AC56: =AC$18*$CJ31/100 -> 0 | AD56: =AD$18*$CJ30/100 -> 0 | AE56: =AE$18*$CJ29/100 -> 124048.52 | AF56: =AF$18*$CJ28/100 -> 0 | AG56: =AG$18*$CJ27/100 -> 0 | AH56: =AH$18*$CJ26/100 -> 0 | AI56: =AI$18*$CJ25/100 -> 517933.83 | AJ56: =AJ$18*$CJ24/100 -> 0 | AK56: =AK$18*$CJ23/100 -> 0 | AL56: =AL$18*$CJ22/100 -> 127314.07 | AM56: =AM$18*$CJ21/100 -> 0 | AN56: =AN$18*$CJ20/100 -> 0 | CG56: =SUM(D56:CF56) -> 2097382.6 | CJ56: 3.7699546
B57: =B56+1 -> 2064 | C57: 3.6420739 | D57: =D$18*$C57/100 -> 22289.492 | E57: =E$18*$C56/100 -> 23417.269 | F57: =F$18*$C55/100 -> 61748.012 | G57: =G$18*$CJ54/100 -> 0 | H57: =H$18*$CJ53/100 -> 136201.34 | I57: =I$18*$CJ52/100 -> 407092.38 | J57: =J$18*$CJ51/100 -> 171255.68 | K57: =K$18*$CJ50/100 -> 0 | L57: =L$18*$CJ49/100 -> 80369.015 | M57: =M$18*$CJ48/100 -> 56015.721 | N57: =N$18*$CJ47/100 -> 0 | O57: =O$18*$CJ46/100 -> 0 | P57: =P$18*$CJ45/100 -> 0 | Q57: =Q$18*$CJ44/100 -> 0 | R57: =R$18*$CJ43/100 -> 0 | S57: =S$18*$CJ42/100 -> 0 | T57: =T$18*$CJ41/100 -> 0 | U57: =U$18*$CJ40/100 -> 0 | V57: =V$18*$CJ39/100 -> 0 | W57: =W$18*$CJ38/100 -> 0 | X57: =X$18*$CJ37/100 -> 179498.98 | Y57: =Y$18*$CJ36/100 -> 0 | Z57: =Z$18*$CJ35/100 -> 0 | AA57: =AA$18*$CJ34/100 -> 152784.15 | AB57: =AB$18*$CJ33/100 -> 0 | AC57: =AC$18*$CJ32/100 -> 0 | AD57: =AD$18*$CJ31/100 -> 0 | AE57: =AE$18*$CJ30/100 -> 120791.85 | AF57: =AF$18*$CJ29/100 -> 0 | AG57: =AG$18*$CJ28/100 -> 0 | AH57: =AH$18*$CJ27/100 -> 0 | AI57: =AI$18*$CJ26/100 -> 503574.03 | AJ57: =AJ$18*$CJ25/100 -> 0 | AK57: =AK$18*$CJ24/100 -> 0 | AL57: =AL$18*$CJ23/100 -> 123588.06 | AM57: =AM$18*$CJ22/100 -> 0 | AN57: =AN$18*$CJ21/100 -> 0 | AO57: =AO$18*$CJ20/100 -> 0 | CG57: =SUM(D57:CF57) -> 2038626 | CJ57: 3.6467847
B58: =B57+1 -> 2065 | C58: 3.5200673 | D58: =D$18*$C58/100 -> 21542.812 | E58: =E$18*$C57/100 -> 22653.7 | F58: =F$18*$C56/100 -> 59785.568 | G58: =G$18*$CJ55/100 -> 0 | H58: =H$18*$CJ54/100 -> 132062.16 | I58: =I$18*$CJ53/100 -> 394984.13 | J58: =J$18*$CJ52/100 -> 166264.01 | K58: =K$18*$CJ51/100 -> 0 | L58: =L$18*$CJ50/100 -> 78110.72 | M58: =M$18*$CJ49/100 -> 54467.33 | N58: =N$18*$CJ48/100 -> 0 | O58: =O$18*$CJ47/100 -> 0 | P58: =P$18*$CJ46/100 -> 0 | Q58: =Q$18*$CJ45/100 -> 0 | R58: =R$18*$CJ44/100 -> 0 | S58: =S$18*$CJ43/100 -> 0 | T58: =T$18*$CJ42/100 -> 0 | U58: =U$18*$CJ41/100 -> 0 | V58: =V$18*$CJ40/100 -> 0 | W58: =W$18*$CJ39/100 -> 0 | X58: =X$18*$CJ38/100 -> 174975.59 | Y58: =Y$18*$CJ37/100 -> 0 | Z58: =Z$18*$CJ36/100 -> 0 | AA58: =AA$18*$CJ35/100 -> 148917.11 | AB58: =AB$18*$CJ34/100 -> 0 | AC58: =AC$18*$CJ33/100 -> 0 | AD58: =AD$18*$CJ32/100 -> 0 | AE58: =AE$18*$CJ31/100 -> 117652.87 | AF58: =AF$18*$CJ30/100 -> 0 | AG58: =AG$18*$CJ29/100 -> 0 | AH58: =AH$18*$CJ28/100 -> 0 | AI58: =AI$18*$CJ27/100 -> 489828.77 | AJ58: =AJ$18*$CJ26/100 -> 0 | AK58: =AK$18*$CJ25/100 -> 0 | AL58: =AL$18*$CJ24/100 -> 120039.8 | AM58: =AM$18*$CJ23/100 -> 0 | AN58: =AN$18*$CJ22/100 -> 0 | AO58: =AO$18*$CJ21/100 -> 0 | AP58: =AP$18*$CJ20/100 -> 129541.58 | CG58: =SUM(D58:CF58) -> 2110826.1 | CJ58: 3.5244012
B59: =B58+1 -> 2066 | C59: 3.3987541 | D59: =D$18*$C59/100 -> 20800.375 | E59: =E$18*$C58/100 -> 21894.819 | F59: =F$18*$C57/100 -> 57836.134 | G59: =G$18*$CJ56/100 -> 0 | H59: =H$18*$CJ55/100 -> 127956.17 | I59: =I$18*$CJ54/100 -> 382980.5 | J59: =J$18*$CJ53/100 -> 161318.78 | K59: =K$18*$CJ52/100 -> 0 | L59: =L$18*$CJ51/100 -> 75876.736 | M59: =M$18*$CJ50/100 -> 52936.849 | N59: =N$18*$CJ49/100 -> 0 | O59: =O$18*$CJ48/100 -> 0 | P59: =P$18*$CJ47/100 -> 0 | Q59: =Q$18*$CJ46/100 -> 0 | R59: =R$18*$CJ45/100 -> 0 | S59: =S$18*$CJ44/100 -> 0 | T59: =T$18*$CJ43/100 -> 0 | U59: =U$18*$CJ42/100 -> 0 | V59: =V$18*$CJ41/100 -> 0 | W59: =W$18*$CJ40/100 -> 0 | X59: =X$18*$CJ39/100 -> 170559.77 | Y59: =Y$18*$CJ38/100 -> 0 | Z59: =Z$18*$CJ37/100 -> 0 | AA59: =AA$18*$CJ36/100 -> 145158.95 | AB59: =AB$18*$CJ35/100 -> 0 | AC59: =AC$18*$CJ34/100 -> 0 | AD59: =AD$18*$CJ33/100 -> 0 | AE59: =AE$18*$CJ32/100 -> 114622.18 | AF59: =AF$18*$CJ31/100 -> 0 | AG59: =AG$18*$CJ30/100 -> 0 | AH59: =AH$18*$CJ29/100 -> 0 | AI59: =AI$18*$CJ28/100 -> 476648.89 | AJ59: =AJ$18*$CJ27/100 -> 0 | AK59: =AK$18*$CJ26/100 -> 0 | AL59: =AL$18*$CJ25/100 -> 116655.07 | AM59: =AM$18*$CJ24/100 -> 0 | AN59: =AN$18*$CJ23/100 -> 0 | AO59: =AO$18*$CJ22/100 -> 0 | AP59: =AP$18*$CJ21/100 -> 140246.55 | AQ59: =AQ$18*$CJ20/100 -> 0 | CG59: =SUM(D59:CF59) -> 2065491.8 | CJ59: 3.4027413
B60: =B59+1 -> 2067 | C60: 3.2780789 | D60: =D$18*$C60/100 -> 20061.843 | E60: =E$18*$C59/100 -> 21140.251 | F60: =F$18*$C58/100 -> 55898.669 | G60: =G$18*$CJ57/100 -> 0 | H60: =H$18*$CJ56/100 -> 123880.71 | I60: =I$18*$CJ55/100 -> 371073.12 | J60: =J$18*$CJ54/100 -> 156416.27 | K60: =K$18*$CJ53/100 -> 0 | L60: =L$18*$CJ52/100 -> 73665.119 | M60: =M$18*$CJ51/100 -> 51422.843 | N60: =N$18*$CJ50/100 -> 0 | O60: =O$18*$CJ49/100 -> 0 | P60: =P$18*$CJ48/100 -> 0 | Q60: =Q$18*$CJ47/100 -> 0 | R60: =R$18*$CJ46/100 -> 0 | S60: =S$18*$CJ45/100 -> 0 | T60: =T$18*$CJ44/100 -> 0 | U60: =U$18*$CJ43/100 -> 0 | V60: =V$18*$CJ42/100 -> 0 | W60: =W$18*$CJ41/100 -> 0 | X60: =X$18*$CJ40/100 -> 166242.89 | Y60: =Y$18*$CJ39/100 -> 0 | Z60: =Z$18*$CJ38/100 -> 0 | AA60: =AA$18*$CJ37/100 -> 141500.96 | AB60: =AB$18*$CJ36/100 -> 0 | AC60: =AC$18*$CJ35/100 -> 0 | AD60: =AD$18*$CJ34/100 -> 0 | AE60: =AE$18*$CJ33/100 -> 111691.12 | AF60: =AF$18*$CJ32/100 -> 0 | AG60: =AG$18*$CJ31/100 -> 0 | AH60: =AH$18*$CJ30/100 -> 0 | AI60: =AI$18*$CJ29/100 -> 463989.14 | AJ60: =AJ$18*$CJ28/100 -> 0 | AK60: =AK$18*$CJ27/100 -> 0 | AL60: =AL$18*$CJ26/100 -> 113420.79 | AM60: =AM$18*$CJ25/100 -> 0 | AN60: =AN$18*$CJ24/100 -> 0 | AO60: =AO$18*$CJ23/100 -> 0 | AP60: =AP$18*$CJ22/100 -> 136058.16 | AQ60: =AQ$18*$CJ21/100 -> 0 | AR60: =AR$18*$CJ20/100 -> 0 | CG60: =SUM(D60:CF60) -> 2006461.9 | CJ60: 3.2817471
B61: =B60+1 -> 2068 | C61: 3.1579905 | D61: =D$18*$C61/100 -> 19326.902 | E61: =E$18*$C60/100 -> 20389.651 | F61: =F$18*$C59/100 -> 53972.215 | G61: =G$18*$CJ58/100 -> 0 | H61: =H$18*$CJ57/100 -> 119833.34 | I61: =I$18*$CJ56/100 -> 359254.29 | J61: =J$18*$CJ55/100 -> 151553.08 | K61: =K$18*$CJ54/100 -> 0 | L61: =L$18*$CJ53/100 -> 71474.08 | M61: =M$18*$CJ52/100 -> 49923.996 | N61: =N$18*$CJ51/100 -> 0 | O61: =O$18*$CJ50/100 -> 0 | P61: =P$18*$CJ49/100 -> 0 | Q61: =Q$18*$CJ48/100 -> 0 | R61: =R$18*$CJ47/100 -> 0 | S61: =S$18*$CJ46/100 -> 0 | T61: =T$18*$CJ45/100 -> 0 | U61: =U$18*$CJ44/100 -> 0 | V61: =V$18*$CJ43/100 -> 0 | W61: =W$18*$CJ42/100 -> 0 | X61: =X$18*$CJ41/100 -> 162017.05 | Y61: =Y$18*$CJ40/100 -> 0 | Z61: =Z$18*$CJ39/100 -> 0 | AA61: =AA$18*$CJ38/100 -> 137935.13 | AB61: =AB$18*$CJ37/100 -> 0 | AC61: =AC$18*$CJ36/100 -> 0 | AD61: =AD$18*$CJ35/100 -> 0 | AE61: =AE$18*$CJ34/100 -> 108851.71 | AF61: =AF$18*$CJ33/100 -> 0 | AG61: =AG$18*$CJ32/100 -> 0 | AH61: =AH$18*$CJ31/100 -> 0 | AI61: =AI$18*$CJ30/100 -> 451807.93 | AJ61: =AJ$18*$CJ29/100 -> 0 | AK61: =AK$18*$CJ28/100 -> 0 | AL61: =AL$18*$CJ27/100 -> 110324.93 | AM61: =AM$18*$CJ26/100 -> 0 | AN61: =AN$18*$CJ25/100 -> 0 | AO61: =AO$18*$CJ24/100 -> 0 | AP61: =AP$18*$CJ23/100 -> 132076.24 | AQ61: =AQ$18*$CJ22/100 -> 0 | AR61: =AR$18*$CJ21/100 -> 0 | AS61: =AS$18*$CJ20/100 -> 0 | CG61: =SUM(D61:CF61) -> 1948740.5 | CJ61: 3.1613653
B62: =B61+1 -> 2069 | C62: 3.0384422 | D62: =D$18*$C62/100 -> 18595.266 | E62: =E$18*$C61/100 -> 19642.701 | F62: =F$18*$C60/100 -> 52055.892 | G62: =G$18*$CJ59/100 -> 0 | H62: =H$18*$CJ58/100 -> 115811.82 | I62: =I$18*$CJ57/100 -> 347516.92 | J62: =J$18*$CJ56/100 -> 146726.05 | K62: =K$18*$CJ55/100 -> 0 | L62: =L$18*$CJ54/100 -> 69301.971 | M62: =M$18*$CJ53/100 -> 48439.095 | N62: =N$18*$CJ52/100 -> 0 | O62: =O$18*$CJ51/100 -> 0 | P62: =P$18*$CJ50/100 -> 0 | Q62: =Q$18*$CJ49/100 -> 0 | R62: =R$18*$CJ48/100 -> 0 | S62: =S$18*$CJ47/100 -> 0 | T62: =T$18*$CJ46/100 -> 0 | U62: =U$18*$CJ45/100 -> 0 | V62: =V$18*$CJ44/100 -> 0 | W62: =W$18*$CJ43/100 -> 0 | X62: =X$18*$CJ42/100 -> 157874.96 | Y62: =Y$18*$CJ41/100 -> 0 | Z62: =Z$18*$CJ40/100 -> 0 | AA62: =AA$18*$CJ39/100 -> 134454.08 | AB62: =AB$18*$CJ38/100 -> 0 | AC62: =AC$18*$CJ37/100 -> 0 | AD62: =AD$18*$CJ36/100 -> 0 | AE62: =AE$18*$CJ35/100 -> 106096.61 | AF62: =AF$18*$CJ34/100 -> 0 | AG62: =AG$18*$CJ33/100 -> 0 | AH62: =AH$18*$CJ32/100 -> 0 | AI62: =AI$18*$CJ31/100 -> 440066.96 | AJ62: =AJ$18*$CJ30/100 -> 0 | AK62: =AK$18*$CJ29/100 -> 0 | AL62: =AL$18*$CJ28/100 -> 107356.4 | AM62: =AM$18*$CJ27/100 -> 0 | AN62: =AN$18*$CJ26/100 -> 0 | AO62: =AO$18*$CJ25/100 -> 0 | AP62: =AP$18*$CJ24/100 -> 128284.28 | AQ62: =AQ$18*$CJ23/100 -> 0 | AR62: =AR$18*$CJ22/100 -> 0 | AS62: =AS$18*$CJ21/100 -> 0 | AT62: =AT$18*$CJ20/100 -> 0 | CG62: =SUM(D62:CF62) -> 1892223 | CJ62: 3.0415469
B63: =B62+1 -> 2070 | C63: 2.9193906 | D63: =D$18*$C63/100 -> 17866.67 | E63: =E$18*$C62/100 -> 18899.11 | F63: =F$18*$C61/100 -> 50148.89 | G63: =G$18*$CJ60/100 -> 0 | H63: =H$18*$CJ59/100 -> 111814.08 | I63: =I$18*$CJ58/100 -> 335854.5 | J63: =J$18*$CJ57/100 -> 141932.3 | K63: =K$18*$CJ56/100 -> 0 | L63: =L$18*$CJ55/100 -> 67147.28 | M63: =M$18*$CJ54/100 -> 46967.023 | N63: =N$18*$CJ53/100 -> 0 | O63: =O$18*$CJ52/100 -> 0 | P63: =P$18*$CJ51/100 -> 0 | Q63: =Q$18*$CJ50/100 -> 0 | R63: =R$18*$CJ49/100 -> 0 | S63: =S$18*$CJ48/100 -> 0 | T63: =T$18*$CJ47/100 -> 0 | U63: =U$18*$CJ46/100 -> 0 | V63: =V$18*$CJ45/100 -> 0 | W63: =W$18*$CJ44/100 -> 0 | X63: =X$18*$CJ43/100 -> 153809.92 | Y63: =Y$18*$CJ42/100 -> 0 | Z63: =Z$18*$CJ41/100 -> 0 | AA63: =AA$18*$CJ40/100 -> 131051.04 | AB63: =AB$18*$CJ39/100 -> 0 | AC63: =AC$18*$CJ38/100 -> 0 | AD63: =AD$18*$CJ37/100 -> 0 | AE63: =AE$18*$CJ36/100 -> 103419.09 | AF63: =AF$18*$CJ35/100 -> 0 | AG63: =AG$18*$CJ34/100 -> 0 | AH63: =AH$18*$CJ33/100 -> 0 | AI63: =AI$18*$CJ32/100 -> 428731.02 | AJ63: =AJ$18*$CJ31/100 -> 0 | AK63: =AK$18*$CJ30/100 -> 0 | AL63: =AL$18*$CJ29/100 -> 104505.02 | AM63: =AM$18*$CJ28/100 -> 0 | AN63: =AN$18*$CJ27/100 -> 0 | AO63: =AO$18*$CJ26/100 -> 0 | AP63: =AP$18*$CJ25/100 -> 124667.09 | AQ63: =AQ$18*$CJ24/100 -> 0 | AR63: =AR$18*$CJ23/100 -> 0 | AS63: =AS$18*$CJ22/100 -> 0 | AT63: =AT$18*$CJ21/100 -> 0 | AU63: =AU$18*$CJ20/100 -> 0 | CG63: =SUM(D63:CF63) -> 1836813 | CJ63: 2.922247
B64: =B63+1 -> 2071 | C64: 2.800796 | D64: =D$18*$C64/100 -> 17140.871 | E64: =E$18*$C63/100 -> 18158.609 | F64: =F$18*$C62/100 -> 48250.462 | G64: =G$18*$CJ61/100 -> 0 | H64: =H$18*$CJ60/100 -> 107838.21 | I64: =I$18*$CJ59/100 -> 324261.04 | J64: =J$18*$CJ58/100 -> 137169.15 | K64: =K$18*$CJ57/100 -> 0 | L64: =L$18*$CJ56/100 -> 65008.611 | M64: =M$18*$CJ55/100 -> 45506.755 | N64: =N$18*$CJ54/100 -> 0 | O64: =O$18*$CJ53/100 -> 0 | P64: =P$18*$CJ52/100 -> 0 | Q64: =Q$18*$CJ51/100 -> 0 | R64: =R$18*$CJ50/100 -> 0 | S64: =S$18*$CJ49/100 -> 0 | T64: =T$18*$CJ48/100 -> 0 | U64: =U$18*$CJ47/100 -> 0 | V64: =V$18*$CJ46/100 -> 0 | W64: =W$18*$CJ45/100 -> 0 | X64: =X$18*$CJ44/100 -> 149815.77 | Y64: =Y$18*$CJ43/100 -> 0 | Z64: =Z$18*$CJ42/100 -> 0 | AA64: =AA$18*$CJ41/100 -> 127719.77 | AB64: =AB$18*$CJ40/100 -> 0 | AC64: =AC$18*$CJ39/100 -> 0 | AD64: =AD$18*$CJ38/100 -> 0 | AE64: =AE$18*$CJ37/100 -> 100812.94 | AF64: =AF$18*$CJ36/100 -> 0 | AG64: =AG$18*$CJ35/100 -> 0 | AH64: =AH$18*$CJ34/100 -> 0 | AI64: =AI$18*$CJ33/100 -> 417767.71 | AJ64: =AJ$18*$CJ32/100 -> 0 | AK64: =AK$18*$CJ31/100 -> 0 | AL64: =AL$18*$CJ30/100 -> 101761.43 | AM64: =AM$18*$CJ29/100 -> 0 | AN64: =AN$18*$CJ28/100 -> 0 | AO64: =AO$18*$CJ27/100 -> 0 | AP64: =AP$18*$CJ26/100 -> 121210.67 | AQ64: =AQ$18*$CJ25/100 -> 0 | AR64: =AR$18*$CJ24/100 -> 0 | AS64: =AS$18*$CJ23/100 -> 0 | AT64: =AT$18*$CJ22/100 -> 0 | AU64: =AU$18*$CJ21/100 -> 0 | AV64: =AV$18*$CJ20/100 -> 0 | CG64: =SUM(D64:CF64) -> 1782422 | CJ64: 2.8034239
B65: =B64+1 -> 2072 | C65: 2.6826219 | D65: =D$18*$C65/100 -> 16417.646 | E65: =E$18*$C64/100 -> 17420.951 | F65: =F$18*$C63/100 -> 46359.922 | G65: =G$18*$CJ62/100 -> 0 | H65: =H$18*$CJ61/100 -> 103882.46 | I65: =I$18*$CJ60/100 -> 312731.01 | J65: =J$18*$CJ59/100 -> 132434.17 | K65: =K$18*$CJ58/100 -> 0 | L65: =L$18*$CJ57/100 -> 62884.684 | M65: =M$18*$CJ56/100 -> 44057.346 | N65: =N$18*$CJ55/100 -> 0 | O65: =O$18*$CJ54/100 -> 0 | P65: =P$18*$CJ53/100 -> 0 | Q65: =Q$18*$CJ52/100 -> 0 | R65: =R$18*$CJ51/100 -> 0 | S65: =S$18*$CJ50/100 -> 0 | T65: =T$18*$CJ49/100 -> 0 | U65: =U$18*$CJ48/100 -> 0 | V65: =V$18*$CJ47/100 -> 0 | W65: =W$18*$CJ46/100 -> 0 | X65: =X$18*$CJ45/100 -> 145886.83 | Y65: =Y$18*$CJ44/100 -> 0 | Z65: =Z$18*$CJ43/100 -> 0 | AA65: =AA$18*$CJ42/100 -> 124454.51 | AB65: =AB$18*$CJ41/100 -> 0 | AC65: =AC$18*$CJ40/100 -> 0 | AD65: =AD$18*$CJ39/100 -> 0 | AE65: =AE$18*$CJ38/100 -> 98272.454 | AF65: =AF$18*$CJ37/100 -> 0 | AG65: =AG$18*$CJ36/100 -> 0 | AH65: =AH$18*$CJ35/100 -> 0 | AI65: =AI$18*$CJ34/100 -> 407147.21 | AJ65: =AJ$18*$CJ33/100 -> 0 | AK65: =AK$18*$CJ32/100 -> 0 | AL65: =AL$18*$CJ31/100 -> 99116.993 | AM65: =AM$18*$CJ30/100 -> 0 | AN65: =AN$18*$CJ29/100 -> 0 | AO65: =AO$18*$CJ28/100 -> 0 | AP65: =AP$18*$CJ27/100 -> 117902.18 | AQ65: =AQ$18*$CJ26/100 -> 0 | AR65: =AR$18*$CJ25/100 -> 0 | AS65: =AS$18*$CJ24/100 -> 0 | AT65: =AT$18*$CJ23/100 -> 0 | AU65: =AU$18*$CJ22/100 -> 0 | AV65: =AV$18*$CJ21/100 -> 0 | AW65: =AW$18*$CJ20/100 -> 0 | CG65: =SUM(D65:CF65) -> 1728968.4 | CJ65: 2.6850395
B66: =B65+1 -> 2073 | C66: 2.5648346 | D66: =D$18*$C66/100 -> 15696.788 | E66: =E$18*$C65/100 -> 16685.908 | F66: =F$18*$C64/100 -> 44476.64 | G66: =G$18*$CJ63/100 -> 0 | H66: =H$18*$CJ62/100 -> 99945.232 | I66: =I$18*$CJ61/100 -> 301259.34 | J66: =J$18*$CJ60/100 -> 127725.09 | K66: =K$18*$CJ59/100 -> 0 | L66: =L$18*$CJ58/100 -> 60774.32 | M66: =M$18*$CJ57/100 -> 42617.928 | N66: =N$18*$CJ56/100 -> 0 | O66: =O$18*$CJ55/100 -> 0 | P66: =P$18*$CJ54/100 -> 0 | Q66: =Q$18*$CJ53/100 -> 0 | R66: =R$18*$CJ52/100 -> 0 | S66: =S$18*$CJ51/100 -> 0 | T66: =T$18*$CJ50/100 -> 0 | U66: =U$18*$CJ49/100 -> 0 | V66: =V$18*$CJ48/100 -> 0 | W66: =W$18*$CJ47/100 -> 0 | X66: =X$18*$CJ46/100 -> 142017.89 | Y66: =Y$18*$CJ45/100 -> 0 | Z66: =Z$18*$CJ44/100 -> 0 | AA66: =AA$18*$CJ43/100 -> 121250 | AB66: =AB$18*$CJ42/100 -> 0 | AC66: =AC$18*$CJ41/100 -> 0 | AD66: =AD$18*$CJ40/100 -> 0 | AE66: =AE$18*$CJ39/100 -> 95792.37 | AF66: =AF$18*$CJ38/100 -> 0 | AG66: =AG$18*$CJ37/100 -> 0 | AH66: =AH$18*$CJ36/100 -> 0 | AI66: =AI$18*$CJ35/100 -> 396842.1 | AJ66: =AJ$18*$CJ34/100 -> 0 | AK66: =AK$18*$CJ33/100 -> 0 | AL66: =AL$18*$CJ32/100 -> 96563.781 | AM66: =AM$18*$CJ31/100 -> 0 | AN66: =AN$18*$CJ30/100 -> 0 | AO66: =AO$18*$CJ29/100 -> 0 | AP66: =AP$18*$CJ28/100 -> 114729.77 | AQ66: =AQ$18*$CJ27/100 -> 0 | AR66: =AR$18*$CJ26/100 -> 0 | AS66: =AS$18*$CJ25/100 -> 0 | AT66: =AT$18*$CJ24/100 -> 0 | AU66: =AU$18*$CJ23/100 -> 0 | AV66: =AV$18*$CJ22/100 -> 0 | AW66: =AW$18*$CJ21/100 -> 0 | AX66: =AX$18*$CJ20/100 -> 0 | CG66: =SUM(D66:CF66) -> 1676377.2 | CJ66: 2.5670588
B67: =B66+1 -> 2074 | C67: 2.4474031 | D67: =D$18*$C67/100 -> 14978.107 | E67: =E$18*$C66/100 -> 15953.271 | F67: =F$18*$C65/100 -> 42600.035 | G67: =G$18*$CJ64/100 -> 0 | H67: =H$18*$CJ63/100 -> 96025.035 | I67: =I$18*$CJ62/100 -> 289841.36 | J67: =J$18*$CJ61/100 -> 123039.85 | K67: =K$18*$CJ60/100 -> 0 | L67: =L$18*$CJ59/100 -> 58676.432 | M67: =M$18*$CJ58/100 -> 41187.701 | N67: =N$18*$CJ57/100 -> 0 | O67: =O$18*$CJ56/100 -> 0 | P67: =P$18*$CJ55/100 -> 0 | Q67: =Q$18*$CJ54/100 -> 0 | R67: =R$18*$CJ53/100 -> 0 | S67: =S$18*$CJ52/100 -> 0 | T67: =T$18*$CJ51/100 -> 0 | U67: =U$18*$CJ50/100 -> 0 | V67: =V$18*$CJ49/100 -> 0 | W67: =W$18*$CJ48/100 -> 0 | X67: =X$18*$CJ47/100 -> 138204.16 | Y67: =Y$18*$CJ46/100 -> 0 | Z67: =Z$18*$CJ45/100 -> 0 | AA67: =AA$18*$CJ44/100 -> 118101.37 | AB67: =AB$18*$CJ43/100 -> 0 | AC67: =AC$18*$CJ42/100 -> 0 | AD67: =AD$18*$CJ41/100 -> 0 | AE67: =AE$18*$CJ40/100 -> 93367.86 | AF67: =AF$18*$CJ39/100 -> 0 | AG67: =AG$18*$CJ38/100 -> 0 | AH67: =AH$18*$CJ37/100 -> 0 | AI67: =AI$18*$CJ36/100 -> 386827.16 | AJ67: =AJ$18*$CJ35/100 -> 0 | AK67: =AK$18*$CJ34/100 -> 0 | AL67: =AL$18*$CJ33/100 -> 94094.496 | AM67: =AM$18*$CJ32/100 -> 0 | AN67: =AN$18*$CJ31/100 -> 0 | AO67: =AO$18*$CJ30/100 -> 0 | AP67: =AP$18*$CJ29/100 -> 111682.56 | AQ67: =AQ$18*$CJ28/100 -> 0 | AR67: =AR$18*$CJ27/100 -> 0 | AS67: =AS$18*$CJ26/100 -> 0 | AT67: =AT$18*$CJ25/100 -> 0 | AU67: =AU$18*$CJ24/100 -> 0 | AV67: =AV$18*$CJ23/100 -> 0 | AW67: =AW$18*$CJ22/100 -> 0 | AX67: =AX$18*$CJ21/100 -> 0 | AY67: =AY$18*$CJ20/100 -> 0 | CG67: =SUM(D67:CF67) -> 1624579.4 | CJ67: 2.4494494
B68: =B67+1 -> 2075 | C68: 2.3302991 | D68: =D$18*$C68/100 -> 14261.431 | E68: =E$18*$C67/100 -> 15222.848 | F68: =F$18*$C66/100 -> 40729.573 | G68: =G$18*$CJ65/100 -> 0 | H68: =H$18*$CJ64/100 -> 92120.508 | I68: =I$18*$CJ63/100 -> 278472.78 | J68: =J$18*$CJ62/100 -> 118376.54 | K68: =K$18*$CJ61/100 -> 0 | L68: =L$18*$CJ60/100 -> 56590.023 | M68: =M$18*$CJ59/100 -> 39765.93 | N68: =N$18*$CJ58/100 -> 0 | O68: =O$18*$CJ57/100 -> 0 | P68: =P$18*$CJ56/100 -> 0 | Q68: =Q$18*$CJ55/100 -> 0 | R68: =R$18*$CJ54/100 -> 0 | S68: =S$18*$CJ53/100 -> 0 | T68: =T$18*$CJ52/100 -> 0 | U68: =U$18*$CJ51/100 -> 0 | V68: =V$18*$CJ50/100 -> 0 | W68: =W$18*$CJ49/100 -> 0 | X68: =X$18*$CJ48/100 -> 134441.2 | Y68: =Y$18*$CJ47/100 -> 0 | Z68: =Z$18*$CJ46/100 -> 0 | AA68: =AA$18*$CJ45/100 -> 115004.14 | AB68: =AB$18*$CJ44/100 -> 0 | AC68: =AC$18*$CJ43/100 -> 0 | AD68: =AD$18*$CJ42/100 -> 0 | AE68: =AE$18*$CJ41/100 -> 90994.478 | AF68: =AF$18*$CJ40/100 -> 0 | AG68: =AG$18*$CJ39/100 -> 0 | AH68: =AH$18*$CJ38/100 -> 0 | AI68: =AI$18*$CJ37/100 -> 377079.15 | AJ68: =AJ$18*$CJ36/100 -> 0 | AK68: =AK$18*$CJ35/100 -> 0 | AL68: =AL$18*$CJ34/100 -> 91702.425 | AM68: =AM$18*$CJ33/100 -> 0 | AN68: =AN$18*$CJ32/100 -> 0 | AO68: =AO$18*$CJ31/100 -> 0 | AP68: =AP$18*$CJ30/100 -> 108750.53 | AQ68: =AQ$18*$CJ29/100 -> 0 | AR68: =AR$18*$CJ28/100 -> 0 | AS68: =AS$18*$CJ27/100 -> 0 | AT68: =AT$18*$CJ26/100 -> 0 | AU68: =AU$18*$CJ25/100 -> 0 | AV68: =AV$18*$CJ24/100 -> 0 | AW68: =AW$18*$CJ23/100 -> 0 | AX68: =AX$18*$CJ22/100 -> 0 | AY68: =AY$18*$CJ21/100 -> 0 | AZ68: =AZ$18*$CJ20/100 -> 305886.02 | CG68: =SUM(D68:CF68) -> 1879397.6 | CJ68: 2.3321817
B69: =B68+1 -> 2076 | C69: 2.2134963 | D69: =D$18*$C69/100 -> 13546.598 | E69: =E$18*$C68/100 -> 14494.461 | F69: =F$18*$C67/100 -> 38864.762 | G69: =G$18*$CJ66/100 -> 0 | H69: =H$18*$CJ65/100 -> 88230.398 | I69: =I$18*$CJ64/100 -> 267149.65 | J69: =J$18*$CJ63/100 -> 113733.4 | K69: =K$18*$CJ62/100 -> 0 | L69: =L$18*$CJ61/100 -> 54514.175 | M69: =M$18*$CJ60/100 -> 38351.938 | N69: =N$18*$CJ59/100 -> 0 | O69: =O$18*$CJ58/100 -> 0 | P69: =P$18*$CJ57/100 -> 0 | Q69: =Q$18*$CJ56/100 -> 0 | R69: =R$18*$CJ55/100 -> 0 | S69: =S$18*$CJ54/100 -> 0 | T69: =T$18*$CJ53/100 -> 0 | U69: =U$18*$CJ52/100 -> 0 | V69: =V$18*$CJ51/100 -> 0 | W69: =W$18*$CJ50/100 -> 0 | X69: =X$18*$CJ49/100 -> 130724.97 | Y69: =Y$18*$CJ48/100 -> 0 | Z69: =Z$18*$CJ47/100 -> 0 | AA69: =AA$18*$CJ46/100 -> 111954.22 | AB69: =AB$18*$CJ45/100 -> 0 | AC69: =AC$18*$CJ44/100 -> 0 | AD69: =AD$18*$CJ43/100 -> 0 | AE69: =AE$18*$CJ42/100 -> 88668.134 | AF69: =AF$18*$CJ41/100 -> 0 | AG69: =AG$18*$CJ40/100 -> 0 | AH69: =AH$18*$CJ39/100 -> 0 | AI69: =AI$18*$CJ38/100 -> 367576.74 | AJ69: =AJ$18*$CJ37/100 -> 0 | AK69: =AK$18*$CJ36/100 -> 0 | AL69: =AL$18*$CJ35/100 -> 89381.389 | AM69: =AM$18*$CJ34/100 -> 0 | AN69: =AN$18*$CJ33/100 -> 0 | AO69: =AO$18*$CJ32/100 -> 0 | AP69: =AP$18*$CJ31/100 -> 105924.47 | AQ69: =AQ$18*$CJ30/100 -> 0 | AR69: =AR$18*$CJ29/100 -> 0 | AS69: =AS$18*$CJ28/100 -> 0 | AT69: =AT$18*$CJ27/100 -> 0 | AU69: =AU$18*$CJ26/100 -> 0 | AV69: =AV$18*$CJ25/100 -> 0 | AW69: =AW$18*$CJ24/100 -> 0 | AX69: =AX$18*$CJ23/100 -> 0 | AY69: =AY$18*$CJ22/100 -> 0 | AZ69: =AZ$18*$CJ21/100 -> 331163.63 | BA69: =BA$18*$CJ20/100 -> 0 | CG69: =SUM(D69:CF69) -> 1854278.9 | CJ69: 2.2152283
B70: =B69+1 -> 2077 | C70: 2.0969706 | D70: =D$18*$C70/100 -> 12833.46 | E70: =E$18*$C69/100 -> 13767.947 | F70: =F$18*$C68/100 -> 37005.15 | G70: =G$18*$CJ67/100 -> 0 | H70: =H$18*$CJ66/100 -> 84353.552 | I70: =I$18*$CJ65/100 -> 255868.32 | J70: =J$18*$CJ64/100 -> 109108.83 | K70: =K$18*$CJ63/100 -> 0 | L70: =L$18*$CJ62/100 -> 52448.043 | M70: =M$18*$CJ61/100 -> 36945.104 | N70: =N$18*$CJ60/100 -> 0 | O70: =O$18*$CJ59/100 -> 0 | P70: =P$18*$CJ58/100 -> 0 | Q70: =Q$18*$CJ57/100 -> 0 | R70: =R$18*$CJ56/100 -> 0 | S70: =S$18*$CJ55/100 -> 0 | T70: =T$18*$CJ54/100 -> 0 | U70: =U$18*$CJ53/100 -> 0 | V70: =V$18*$CJ52/100 -> 0 | W70: =W$18*$CJ51/100 -> 0 | X70: =X$18*$CJ50/100 -> 127051.72 | Y70: =Y$18*$CJ49/100 -> 0 | Z70: =Z$18*$CJ48/100 -> 0 | AA70: =AA$18*$CJ47/100 -> 108947.81 | AB70: =AB$18*$CJ46/100 -> 0 | AC70: =AC$18*$CJ45/100 -> 0 | AD70: =AD$18*$CJ44/100 -> 0 | AE70: =AE$18*$CJ43/100 -> 86385.065 | AF70: =AF$18*$CJ42/100 -> 0 | AG70: =AG$18*$CJ41/100 -> 0 | AH70: =AH$18*$CJ40/100 -> 0 | AI70: =AI$18*$CJ39/100 -> 358300.28 | AJ70: =AJ$18*$CJ38/100 -> 0 | AK70: =AK$18*$CJ37/100 -> 0 | AL70: =AL$18*$CJ36/100 -> 87125.706 | AM70: =AM$18*$CJ35/100 -> 0 | AN70: =AN$18*$CJ34/100 -> 0 | AO70: =AO$18*$CJ33/100 -> 0 | AP70: =AP$18*$CJ32/100 -> 103195.9 | AQ70: =AQ$18*$CJ31/100 -> 0 | AR70: =AR$18*$CJ30/100 -> 0 | AS70: =AS$18*$CJ29/100 -> 0 | AT70: =AT$18*$CJ28/100 -> 0 | AU70: =AU$18*$CJ27/100 -> 0 | AV70: =AV$18*$CJ26/100 -> 0 | AW70: =AW$18*$CJ25/100 -> 0 | AX70: =AX$18*$CJ24/100 -> 0 | AY70: =AY$18*$CJ23/100 -> 0 | AZ70: =AZ$18*$CJ22/100 -> 321273.59 | BA70: =BA$18*$CJ21/100 -> 0 | BB70: =BB$18*$CJ20/100 -> 0 | CG70: =SUM(D70:CF70) -> 1794610.5 | CJ70: 2.0985641
B71: =B70+1 -> 2078 | C71: 1.9806999 | D71: =D$18*$C71/100 -> 12121.883 | E71: =E$18*$C70/100 -> 13043.157 | F71: =F$18*$C69/100 -> 35150.322 | G71: =G$18*$CJ68/100 -> 0 | H71: =H$18*$CJ67/100 -> 80488.908 | I71: =I$18*$CJ66/100 -> 244625.46 | J71: =J$18*$CJ65/100 -> 104501.32 | K71: =K$18*$CJ64/100 -> 0 | L71: =L$18*$CJ63/100 -> 50390.85 | M71: =M$18*$CJ62/100 -> 35544.854 | N71: =N$18*$CJ61/100 -> 0 | O71: =O$18*$CJ60/100 -> 0 | P71: =P$18*$CJ59/100 -> 0 | Q71: =Q$18*$CJ58/100 -> 0 | R71: =R$18*$CJ57/100 -> 0 | S71: =S$18*$CJ56/100 -> 0 | T71: =T$18*$CJ55/100 -> 0 | U71: =U$18*$CJ54/100 -> 0 | V71: =V$18*$CJ53/100 -> 0 | W71: =W$18*$CJ52/100 -> 0 | X71: =X$18*$CJ51/100 -> 123418.01 | Y71: =Y$18*$CJ50/100 -> 0 | Z71: =Z$18*$CJ49/100 -> 0 | AA71: =AA$18*$CJ48/100 -> 105981.43 | AB71: =AB$18*$CJ47/100 -> 0 | AC71: =AC$18*$CJ46/100 -> 0 | AD71: =AD$18*$CJ45/100 -> 0 | AE71: =AE$18*$CJ44/100 -> 84141.809 | AF71: =AF$18*$CJ43/100 -> 0 | AG71: =AG$18*$CJ42/100 -> 0 | AH71: =AH$18*$CJ41/100 -> 0 | AI71: =AI$18*$CJ40/100 -> 349231.68 | AJ71: =AJ$18*$CJ39/100 -> 0 | AK71: =AK$18*$CJ38/100 -> 0 | AL71: =AL$18*$CJ37/100 -> 84930.148 | AM71: =AM$18*$CJ36/100 -> 0 | AN71: =AN$18*$CJ35/100 -> 0 | AO71: =AO$18*$CJ34/100 -> 0 | AP71: =AP$18*$CJ33/100 -> 100557.02 | AQ71: =AQ$18*$CJ32/100 -> 0 | AR71: =AR$18*$CJ31/100 -> 0 | AS71: =AS$18*$CJ30/100 -> 0 | AT71: =AT$18*$CJ29/100 -> 0 | AU71: =AU$18*$CJ28/100 -> 0 | AV71: =AV$18*$CJ27/100 -> 0 | AW71: =AW$18*$CJ26/100 -> 0 | AX71: =AX$18*$CJ25/100 -> 0 | AY71: =AY$18*$CJ24/100 -> 0 | AZ71: =AZ$18*$CJ23/100 -> 311871.11 | BA71: =BA$18*$CJ22/100 -> 0 | BB71: =BB$18*$CJ21/100 -> 0 | BC71: =BC$18*$CJ20/100 -> 0 | CG71: =SUM(D71:CF71) -> 1735998 | CJ71: 1.9821659
B72: =B71+1 -> 2079 | C72: 1.8646637 | D72: =D$18*$C72/100 -> 11411.742 | E72: =E$18*$C71/100 -> 12319.953 | F72: =F$18*$C70/100 -> 33299.894 | G72: =G$18*$CJ69/100 -> 0 | H72: =H$18*$CJ68/100 -> 76635.491 | I72: =I$18*$CJ67/100 -> 233417.99 | J72: =J$18*$CJ66/100 -> 99909.533 | K72: =K$18*$CJ65/100 -> 0 | L72: =L$18*$CJ64/100 -> 48341.879 | M72: =M$18*$CJ63/100 -> 34150.662 | N72: =N$18*$CJ62/100 -> 0 | O72: =O$18*$CJ61/100 -> 0 | P72: =P$18*$CJ60/100 -> 0 | Q72: =Q$18*$CJ59/100 -> 0 | R72: =R$18*$CJ58/100 -> 0 | S72: =S$18*$CJ57/100 -> 0 | T72: =T$18*$CJ56/100 -> 0 | U72: =U$18*$CJ55/100 -> 0 | V72: =V$18*$CJ54/100 -> 0 | W72: =W$18*$CJ53/100 -> 0 | X72: =X$18*$CJ52/100 -> 119820.69 | Y72: =Y$18*$CJ51/100 -> 0 | Z72: =Z$18*$CJ50/100 -> 0 | AA72: =AA$18*$CJ49/100 -> 103051.89 | AB72: =AB$18*$CJ48/100 -> 0 | AC72: =AC$18*$CJ47/100 -> 0 | AD72: =AD$18*$CJ46/100 -> 0 | AE72: =AE$18*$CJ45/100 -> 81935.18 | AF72: =AF$18*$CJ44/100 -> 0 | AG72: =AG$18*$CJ43/100 -> 0 | AH72: =AH$18*$CJ42/100 -> 0 | AI72: =AI$18*$CJ41/100 -> 340354.32 | AJ72: =AJ$18*$CJ40/100 -> 0 | AK72: =AK$18*$CJ39/100 -> 0 | AL72: =AL$18*$CJ38/100 -> 82789.904 | AM72: =AM$18*$CJ37/100 -> 0 | AN72: =AN$18*$CJ36/100 -> 0 | AO72: =AO$18*$CJ35/100 -> 0 | AP72: =AP$18*$CJ34/100 -> 98000.66 | AQ72: =AQ$18*$CJ33/100 -> 0 | AR72: =AR$18*$CJ32/100 -> 0 | AS72: =AS$18*$CJ31/100 -> 0 | AT72: =AT$18*$CJ30/100 -> 0 | AU72: =AU$18*$CJ29/100 -> 0 | AV72: =AV$18*$CJ28/100 -> 0 | AW72: =AW$18*$CJ27/100 -> 0 | AX72: =AX$18*$CJ26/100 -> 0 | AY72: =AY$18*$CJ25/100 -> 0 | AZ72: =AZ$18*$CJ24/100 -> 302917.17 | BA72: =BA$18*$CJ23/100 -> 0 | BB72: =BB$18*$CJ22/100 -> 0 | BC72: =BC$18*$CJ21/100 -> 0 | BD72: =BD$18*$CJ20/100 -> 0 | CG72: =SUM(D72:CF72) -> 1678357 | CJ72: 1.8660124
B73: =B72+1 -> 2080 | C73: 1.7488433 | D73: =D$18*$C73/100 -> 10702.921 | E73: =E$18*$C72/100 -> 11598.208 | F73: =F$18*$C71/100 -> 31453.515 | G73: =G$18*$CJ70/100 -> 0 | H73: =H$18*$CJ69/100 -> 72792.402 | I73: =I$18*$CJ68/100 -> 222243.07 | J73: =J$18*$CJ67/100 -> 95332.195 | K73: =K$18*$CJ66/100 -> 0 | L73: =L$18*$CJ65/100 -> 46300.475 | M73: =M$18*$CJ64/100 -> 32762.043 | N73: =N$18*$CJ63/100 -> 0 | O73: =O$18*$CJ62/100 -> 0 | P73: =P$18*$CJ61/100 -> 0 | Q73: =Q$18*$CJ60/100 -> 0 | R73: =R$18*$CJ59/100 -> 0 | S73: =S$18*$CJ58/100 -> 0 | T73: =T$18*$CJ57/100 -> 0 | U73: =U$18*$CJ56/100 -> 0 | V73: =V$18*$CJ55/100 -> 0 | W73: =W$18*$CJ54/100 -> 0 | X73: =X$18*$CJ53/100 -> 116256.83 | Y73: =Y$18*$CJ52/100 -> 0 | Z73: =Z$18*$CJ51/100 -> 0 | AA73: =AA$18*$CJ50/100 -> 100156.22 | AB73: =AB$18*$CJ49/100 -> 0 | AC73: =AC$18*$CJ48/100 -> 0 | AD73: =AD$18*$CJ47/100 -> 0 | AE73: =AE$18*$CJ46/100 -> 79762.249 | AF73: =AF$18*$CJ45/100 -> 0 | AG73: =AG$18*$CJ44/100 -> 0 | AH73: =AH$18*$CJ43/100 -> 0 | AI73: =AI$18*$CJ42/100 -> 331652.9 | AJ73: =AJ$18*$CJ41/100 -> 0 | AK73: =AK$18*$CJ40/100 -> 0 | AL73: =AL$18*$CJ39/100 -> 80700.551 | AM73: =AM$18*$CJ38/100 -> 0 | AN73: =AN$18*$CJ37/100 -> 0 | AO73: =AO$18*$CJ36/100 -> 0 | AP73: =AP$18*$CJ35/100 -> 95520.212 | AQ73: =AQ$18*$CJ34/100 -> 0 | AR73: =AR$18*$CJ33/100 -> 0 | AS73: =AS$18*$CJ32/100 -> 0 | AT73: =AT$18*$CJ31/100 -> 0 | AU73: =AU$18*$CJ30/100 -> 0 | AV73: =AV$18*$CJ29/100 -> 0 | AW73: =AW$18*$CJ28/100 -> 0 | AX73: =AX$18*$CJ27/100 -> 0 | AY73: =AY$18*$CJ26/100 -> 0 | AZ73: =AZ$18*$CJ25/100 -> 294375.91 | BA73: =BA$18*$CJ24/100 -> 0 | BB73: =BB$18*$CJ23/100 -> 0 | BC73: =BC$18*$CJ22/100 -> 0 | BD73: =BD$18*$CJ21/100 -> 0 | BE73: =BE$18*$CJ20/100 -> 166184.25 | CG73: =SUM(D73:CF73) -> 1787793.9 | CJ73: 1.7500841
B74: =B73+1 -> 2081 | C74: 1.6332215 | D74: =D$18*$C74/100 -> 9995.3154 | E74: =E$18*$C73/100 -> 10877.806 | F74: =F$18*$C72/100 -> 29610.86 | G74: =G$18*$CJ71/100 -> 0 | H74: =H$18*$CJ70/100 -> 68958.815 | I74: =I$18*$CJ69/100 -> 211098.1 | J74: =J$18*$CJ68/100 -> 90768.154 | K74: =K$18*$CJ67/100 -> 0 | L74: =L$18*$CJ66/100 -> 44266.031 | M74: =M$18*$CJ65/100 -> 31378.551 | N74: =N$18*$CJ64/100 -> 0 | O74: =O$18*$CJ63/100 -> 0 | P74: =P$18*$CJ62/100 -> 0 | Q74: =Q$18*$CJ61/100 -> 0 | R74: =R$18*$CJ60/100 -> 0 | S74: =S$18*$CJ59/100 -> 0 | T74: =T$18*$CJ58/100 -> 0 | U74: =U$18*$CJ57/100 -> 0 | V74: =V$18*$CJ56/100 -> 0 | W74: =W$18*$CJ55/100 -> 0 | X74: =X$18*$CJ54/100 -> 112723.77 | Y74: =Y$18*$CJ53/100 -> 0 | Z74: =Z$18*$CJ52/100 -> 0 | AA74: =AA$18*$CJ51/100 -> 97291.734 | AB74: =AB$18*$CJ50/100 -> 0 | AC74: =AC$18*$CJ49/100 -> 0 | AD74: =AD$18*$CJ48/100 -> 0 | AE74: =AE$18*$CJ47/100 -> 77620.32 | AF74: =AF$18*$CJ46/100 -> 0 | AG74: =AG$18*$CJ45/100 -> 0 | AH74: =AH$18*$CJ44/100 -> 0 | AI74: =AI$18*$CJ43/100 -> 323113.34 | AJ74: =AJ$18*$CJ42/100 -> 0 | AK74: =AK$18*$CJ41/100 -> 0 | AL74: =AL$18*$CJ40/100 -> 78658.016 | AM74: =AM$18*$CJ39/100 -> 0 | AN74: =AN$18*$CJ38/100 -> 0 | AO74: =AO$18*$CJ37/100 -> 0 | AP74: =AP$18*$CJ36/100 -> 93109.606 | AQ74: =AQ$18*$CJ35/100 -> 0 | AR74: =AR$18*$CJ34/100 -> 0 | AS74: =AS$18*$CJ33/100 -> 0 | AT74: =AT$18*$CJ32/100 -> 0 | AU74: =AU$18*$CJ31/100 -> 0 | AV74: =AV$18*$CJ30/100 -> 0 | AW74: =AW$18*$CJ29/100 -> 0 | AX74: =AX$18*$CJ28/100 -> 0 | AY74: =AY$18*$CJ27/100 -> 0 | AZ74: =AZ$18*$CJ26/100 -> 286214.29 | BA74: =BA$18*$CJ25/100 -> 0 | BB74: =BB$18*$CJ24/100 -> 0 | BC74: =BC$18*$CJ23/100 -> 0 | BD74: =BD$18*$CJ22/100 -> 0 | BE74: =BE$18*$CJ21/100 -> 179917.28 | BF74: =BF$18*$CJ20/100 -> 0 | CG74: =SUM(D74:CF74) -> 1745602 | CJ74: 1.634363
B75: =B74+1 -> 2082 | C75: 1.5177822 | D75: =D$18*$C75/100 -> 9288.8273 | E75: =E$18*$C74/100 -> 10158.637 | F75: =F$18*$C73/100 -> 27771.632 | G75: =G$18*$CJ72/100 -> 0 | H75: =H$18*$CJ71/100 -> 65133.97 | I75: =I$18*$CJ70/100 -> 199980.69 | J75: =J$18*$CJ69/100 -> 86216.345 | K75: =K$18*$CJ68/100 -> 0 | L75: =L$18*$CJ67/100 -> 42237.99 | M75: =M$18*$CJ66/100 -> 29999.777 | N75: =N$18*$CJ65/100 -> 0 | O75: =O$18*$CJ64/100 -> 0 | P75: =P$18*$CJ63/100 -> 0 | Q75: =Q$18*$CJ62/100 -> 0 | R75: =R$18*$CJ61/100 -> 0 | S75: =S$18*$CJ60/100 -> 0 | T75: =T$18*$CJ59/100 -> 0 | U75: =U$18*$CJ58/100 -> 0 | V75: =V$18*$CJ57/100 -> 0 | W75: =W$18*$CJ56/100 -> 0 | X75: =X$18*$CJ55/100 -> 109219.03 | Y75: =Y$18*$CJ54/100 -> 0 | Z75: =Z$18*$CJ53/100 -> 0 | AA75: =AA$18*$CJ52/100 -> 94455.924 | AB75: =AB$18*$CJ51/100 -> 0 | AC75: =AC$18*$CJ50/100 -> 0 | AD75: =AD$18*$CJ49/100 -> 0 | AE75: =AE$18*$CJ48/100 -> 75506.912 | AF75: =AF$18*$CJ47/100 -> 0 | AG75: =AG$18*$CJ46/100 -> 0 | AH75: =AH$18*$CJ45/100 -> 0 | AI75: =AI$18*$CJ44/100 -> 314722.7 | AJ75: =AJ$18*$CJ43/100 -> 0 | AK75: =AK$18*$CJ42/100 -> 0 | AL75: =AL$18*$CJ41/100 -> 76658.554 | AM75: =AM$18*$CJ40/100 -> 0 | AN75: =AN$18*$CJ39/100 -> 0 | AO75: =AO$18*$CJ38/100 -> 0 | AP75: =AP$18*$CJ37/100 -> 90763.255 | AQ75: =AQ$18*$CJ36/100 -> 0 | AR75: =AR$18*$CJ35/100 -> 0 | AS75: =AS$18*$CJ34/100 -> 0 | AT75: =AT$18*$CJ33/100 -> 0 | AU75: =AU$18*$CJ32/100 -> 0 | AV75: =AV$18*$CJ31/100 -> 0 | AW75: =AW$18*$CJ30/100 -> 0 | AX75: =AX$18*$CJ29/100 -> 0 | AY75: =AY$18*$CJ28/100 -> 0 | AZ75: =AZ$18*$CJ27/100 -> 278401.95 | BA75: =BA$18*$CJ26/100 -> 0 | BB75: =BB$18*$CJ25/100 -> 0 | BC75: =BC$18*$CJ24/100 -> 0 | BD75: =BD$18*$CJ23/100 -> 0 | BE75: =BE$18*$CJ22/100 -> 174544.14 | BF75: =BF$18*$CJ21/100 -> 0 | BG75: =BG$18*$CJ20/100 -> 0 | CG75: =SUM(D75:CF75) -> 1685060.3 | CJ75: 1.5188324
B76: =B75+1 -> 2083 | C76: 1.402511 | D76: =D$18*$C76/100 -> 8583.3676 | E76: =E$18*$C75/100 -> 9440.6055 | F76: =F$18*$C74/100 -> 25935.557 | G76: =G$18*$CJ73/100 -> 0 | H76: =H$18*$CJ72/100 -> 61317.168 | I76: =I$18*$CJ71/100 -> 188888.64 | J76: =J$18*$CJ70/100 -> 81675.791 | K76: =K$18*$CJ69/100 -> 0 | L76: =L$18*$CJ68/100 -> 40215.841 | M76: =M$18*$CJ67/100 -> 28625.342 | N76: =N$18*$CJ66/100 -> 0 | O76: =O$18*$CJ65/100 -> 0 | P76: =P$18*$CJ64/100 -> 0 | Q76: =Q$18*$CJ63/100 -> 0 | R76: =R$18*$CJ62/100 -> 0 | S76: =S$18*$CJ61/100 -> 0 | T76: =T$18*$CJ60/100 -> 0 | U76: =U$18*$CJ59/100 -> 0 | V76: =V$18*$CJ58/100 -> 0 | W76: =W$18*$CJ57/100 -> 0 | X76: =X$18*$CJ56/100 -> 105740.36 | Y76: =Y$18*$CJ55/100 -> 0 | Z76: =Z$18*$CJ54/100 -> 0 | AA76: =AA$18*$CJ53/100 -> 91646.498 | AB76: =AB$18*$CJ52/100 -> 0 | AC76: =AC$18*$CJ51/100 -> 0 | AD76: =AD$18*$CJ50/100 -> 0 | AE76: =AE$18*$CJ49/100 -> 73419.745 | AF76: =AF$18*$CJ48/100 -> 0 | AG76: =AG$18*$CJ47/100 -> 0 | AH76: =AH$18*$CJ46/100 -> 0 | AI76: =AI$18*$CJ45/100 -> 306469.06 | AJ76: =AJ$18*$CJ44/100 -> 0 | AK76: =AK$18*$CJ43/100 -> 0 | AL76: =AL$18*$CJ42/100 -> 74698.719 | AM76: =AM$18*$CJ41/100 -> 0 | AN76: =AN$18*$CJ40/100 -> 0 | AO76: =AO$18*$CJ39/100 -> 0 | AP76: =AP$18*$CJ38/100 -> 88476.017 | AQ76: =AQ$18*$CJ37/100 -> 0 | AR76: =AR$18*$CJ36/100 -> 0 | AS76: =AS$18*$CJ35/100 -> 0 | AT76: =AT$18*$CJ34/100 -> 0 | AU76: =AU$18*$CJ33/100 -> 0 | AV76: =AV$18*$CJ32/100 -> 0 | AW76: =AW$18*$CJ31/100 -> 0 | AX76: =AX$18*$CJ30/100 -> 0 | AY76: =AY$18*$CJ29/100 -> 0 | AZ76: =AZ$18*$CJ28/100 -> 270910.96 | BA76: =BA$18*$CJ27/100 -> 0 | BB76: =BB$18*$CJ26/100 -> 0 | BC76: =BC$18*$CJ25/100 -> 0 | BD76: =BD$18*$CJ24/100 -> 0 | BE76: =BE$18*$CJ23/100 -> 169435.88 | BF76: =BF$18*$CJ22/100 -> 0 | BG76: =BG$18*$CJ21/100 -> 0 | BH76: =BH$18*$CJ20/100 -> 2561871.9 | CG76: =SUM(D76:CF76) -> 4187351.5 | CJ76: 1.4034772
B77: =B76+1 -> 2084 | C77: 1.2873944 | D77: =D$18*$C77/100 -> 7878.854 | E77: =E$18*$C76/100 -> 8723.6187 | F77: =F$18*$C75/100 -> 24102.382 | G77: =G$18*$CJ74/100 -> 0 | H77: =H$18*$CJ73/100 -> 57507.764 | I77: =I$18*$CJ72/100 -> 177819.9 | J77: =J$18*$CJ71/100 -> 77145.59 | K77: =K$18*$CJ70/100 -> 0 | L77: =L$18*$CJ69/100 -> 38199.111 | M77: =M$18*$CJ68/100 -> 27254.9 | N77: =N$18*$CJ67/100 -> 0 | O77: =O$18*$CJ66/100 -> 0 | P77: =P$18*$CJ65/100 -> 0 | Q77: =Q$18*$CJ64/100 -> 0 | R77: =R$18*$CJ63/100 -> 0 | S77: =S$18*$CJ62/100 -> 0 | T77: =T$18*$CJ61/100 -> 0 | U77: =U$18*$CJ60/100 -> 0 | V77: =V$18*$CJ59/100 -> 0 | W77: =W$18*$CJ58/100 -> 0 | X77: =X$18*$CJ57/100 -> 102285.67 | Y77: =Y$18*$CJ56/100 -> 0 | Z77: =Z$18*$CJ55/100 -> 0 | AA77: =AA$18*$CJ54/100 -> 88861.347 | AB77: =AB$18*$CJ53/100 -> 0 | AC77: =AC$18*$CJ52/100 -> 0 | AD77: =AD$18*$CJ51/100 -> 0 | AE77: =AE$18*$CJ50/100 -> 71356.718 | AF77: =AF$18*$CJ49/100 -> 0 | AG77: =AG$18*$CJ48/100 -> 0 | AH77: =AH$18*$CJ47/100 -> 0 | AI77: =AI$18*$CJ46/100 -> 298341.47 | AJ77: =AJ$18*$CJ45/100 -> 0 | AK77: =AK$18*$CJ44/100 -> 0 | AL77: =AL$18*$CJ43/100 -> 72775.341 | AM77: =AM$18*$CJ42/100 -> 0 | AN77: =AN$18*$CJ41/100 -> 0 | AO77: =AO$18*$CJ40/100 -> 0 | AP77: =AP$18*$CJ39/100 -> 86243.164 | AQ77: =AQ$18*$CJ38/100 -> 0 | AR77: =AR$18*$CJ37/100 -> 0 | AS77: =AS$18*$CJ36/100 -> 0 | AT77: =AT$18*$CJ35/100 -> 0 | AU77: =AU$18*$CJ34/100 -> 0 | AV77: =AV$18*$CJ33/100 -> 0 | AW77: =AW$18*$CJ32/100 -> 0 | AX77: =AX$18*$CJ31/100 -> 0 | AY77: =AY$18*$CJ30/100 -> 0 | AZ77: =AZ$18*$CJ29/100 -> 263715.59 | BA77: =BA$18*$CJ28/100 -> 0 | BB77: =BB$18*$CJ27/100 -> 0 | BC77: =BC$18*$CJ26/100 -> 0 | BD77: =BD$18*$CJ25/100 -> 0 | BE77: =BE$18*$CJ24/100 -> 164571.31 | BF77: =BF$18*$CJ23/100 -> 0 | BG77: =BG$18*$CJ22/100 -> 0 | BH77: =BH$18*$CJ21/100 -> 2773578.3 | BI77: =BI$18*$CJ20/100 -> 0 | CG77: =SUM(D77:CF77) -> 4340361 | CJ77: 1.2882833
B78: =B77+1 -> 2085 | C78: 1.1724201 | D78: =D$18*$C78/100 -> 7175.2107 | E78: =E$18*$C77/100 -> 8007.5934 | F78: =F$18*$C76/100 -> 22271.875 | G78: =G$18*$CJ75/100 -> 0 | H78: =H$18*$CJ74/100 -> 53705.168 | I78: =I$18*$CJ73/100 -> 166772.62 | J78: =J$18*$CJ72/100 -> 72624.916 | K78: =K$18*$CJ71/100 -> 0 | L78: =L$18*$CJ70/100 -> 36187.368 | M78: =M$18*$CJ69/100 -> 25888.131 | N78: =N$18*$CJ68/100 -> 0 | O78: =O$18*$CJ67/100 -> 0 | P78: =P$18*$CJ66/100 -> 0 | Q78: =Q$18*$CJ65/100 -> 0 | R78: =R$18*$CJ64/100 -> 0 | S78: =S$18*$CJ63/100 -> 0 | T78: =T$18*$CJ62/100 -> 0 | U78: =U$18*$CJ61/100 -> 0 | V78: =V$18*$CJ60/100 -> 0 | W78: =W$18*$CJ59/100 -> 0 | X78: =X$18*$CJ58/100 -> 98853.035 | Y78: =Y$18*$CJ57/100 -> 0 | Z78: =Z$18*$CJ56/100 -> 0 | AA78: =AA$18*$CJ55/100 -> 86098.528 | AB78: =AB$18*$CJ54/100 -> 0 | AC78: =AC$18*$CJ53/100 -> 0 | AD78: =AD$18*$CJ52/100 -> 0 | AE78: =AE$18*$CJ51/100 -> 69315.9 | AF78: =AF$18*$CJ50/100 -> 0 | AG78: =AG$18*$CJ49/100 -> 0 | AH78: =AH$18*$CJ48/100 -> 0 | AI78: =AI$18*$CJ47/100 -> 290329.83 | AJ78: =AJ$18*$CJ46/100 -> 0 | AK78: =AK$18*$CJ45/100 -> 0 | AL78: =AL$18*$CJ44/100 -> 70885.503 | AM78: =AM$18*$CJ43/100 -> 0 | AN78: =AN$18*$CJ42/100 -> 0 | AO78: =AO$18*$CJ41/100 -> 0 | AP78: =AP$18*$CJ40/100 -> 84060.345 | AQ78: =AQ$18*$CJ39/100 -> 0 | AR78: =AR$18*$CJ38/100 -> 0 | AS78: =AS$18*$CJ37/100 -> 0 | AT78: =AT$18*$CJ36/100 -> 0 | AU78: =AU$18*$CJ35/100 -> 0 | AV78: =AV$18*$CJ34/100 -> 0 | AW78: =AW$18*$CJ33/100 -> 0 | AX78: =AX$18*$CJ32/100 -> 0 | AY78: =AY$18*$CJ31/100 -> 0 | AZ78: =AZ$18*$CJ30/100 -> 256792.2 | BA78: =BA$18*$CJ29/100 -> 0 | BB78: =BB$18*$CJ28/100 -> 0 | BC78: =BC$18*$CJ27/100 -> 0 | BD78: =BD$18*$CJ26/100 -> 0 | BE78: =BE$18*$CJ25/100 -> 159930.94 | BF78: =BF$18*$CJ24/100 -> 0 | BG78: =BG$18*$CJ23/100 -> 0 | BH78: =BH$18*$CJ22/100 -> 2690746.7 | BI78: =BI$18*$CJ21/100 -> 0 | BJ78: =BJ$18*$CJ20/100 -> 0 | CG78: =SUM(D78:CF78) -> 4199645.9 | CJ78: 1.1732378
B79: =B78+1 -> 2086 | C79: 1.0575765 | D79: =D$18*$C79/100 -> 6472.3683 | E79: =E$18*$C78/100 -> 7292.4527 | F79: =F$18*$C77/100 -> 20443.824 | G79: =G$18*$CJ76/100 -> 0 | H79: =H$18*$CJ75/100 -> 49908.834 | I79: =I$18*$CJ74/100 -> 155745.09 | J79: =J$18*$CJ73/100 -> 68113.004 | K79: =K$18*$CJ72/100 -> 0 | L79: =L$18*$CJ71/100 -> 34180.212 | M79: =M$18*$CJ70/100 -> 24524.742 | N79: =N$18*$CJ69/100 -> 0 | O79: =O$18*$CJ68/100 -> 0 | P79: =P$18*$CJ67/100 -> 0 | Q79: =Q$18*$CJ66/100 -> 0 | R79: =R$18*$CJ65/100 -> 0 | S79: =S$18*$CJ64/100 -> 0 | T79: =T$18*$CJ63/100 -> 0 | U79: =U$18*$CJ62/100 -> 0 | V79: =V$18*$CJ61/100 -> 0 | W79: =W$18*$CJ60/100 -> 0 | X79: =X$18*$CJ59/100 -> 95440.697 | Y79: =Y$18*$CJ58/100 -> 0 | Z79: =Z$18*$CJ57/100 -> 0 | AA79: =AA$18*$CJ56/100 -> 83356.254 | AB79: =AB$18*$CJ55/100 -> 0 | AC79: =AC$18*$CJ54/100 -> 0 | AD79: =AD$18*$CJ53/100 -> 0 | AE79: =AE$18*$CJ52/100 -> 67295.515 | AF79: =AF$18*$CJ51/100 -> 0 | AG79: =AG$18*$CJ50/100 -> 0 | AH79: =AH$18*$CJ49/100 -> 0 | AI79: =AI$18*$CJ48/100 -> 282424.87 | AJ79: =AJ$18*$CJ47/100 -> 0 | AK79: =AK$18*$CJ46/100 -> 0 | AL79: =AL$18*$CJ45/100 -> 69026.523 | AM79: =AM$18*$CJ44/100 -> 0 | AN79: =AN$18*$CJ43/100 -> 0 | AO79: =AO$18*$CJ42/100 -> 0 | AP79: =AP$18*$CJ41/100 -> 81923.557 | AQ79: =AQ$18*$CJ40/100 -> 0 | AR79: =AR$18*$CJ39/100 -> 0 | AS79: =AS$18*$CJ38/100 -> 0 | AT79: =AT$18*$CJ37/100 -> 0 | AU79: =AU$18*$CJ36/100 -> 0 | AV79: =AV$18*$CJ35/100 -> 0 | AW79: =AW$18*$CJ34/100 -> 0 | AX79: =AX$18*$CJ33/100 -> 0 | AY79: =AY$18*$CJ32/100 -> 0 | AZ79: =AZ$18*$CJ31/100 -> 250119.04 | BA79: =BA$18*$CJ30/100 -> 0 | BB79: =BB$18*$CJ29/100 -> 0 | BC79: =BC$18*$CJ28/100 -> 0 | BD79: =BD$18*$CJ27/100 -> 0 | BE79: =BE$18*$CJ26/100 -> 155496.83 | BF79: =BF$18*$CJ25/100 -> 0 | BG79: =BG$18*$CJ24/100 -> 0 | BH79: =BH$18*$CJ23/100 -> 2611998.6 | BI79: =BI$18*$CJ22/100 -> 0 | BJ79: =BJ$18*$CJ21/100 -> 0 | BK79: =BK$18*$CJ20/100 -> 0 | CG79: =SUM(D79:CF79) -> 4063762.4 | CJ79: 1.0583289
B80: =B79+1 -> 2087 | C80: 0.94285335 | D80: =D$18*$C80/100 -> 5770.2625 | E80: =E$18*$C79/100 -> 6578.1259 | F80: =F$18*$C78/100 -> 18618.03 | G80: =G$18*$CJ77/100 -> 0 | H80: =H$18*$CJ76/100 -> 46118.262 | I80: =I$18*$CJ75/100 -> 144735.71 | J80: =J$18*$CJ74/100 -> 63609.156 | K80: =K$18*$CJ73/100 -> 0 | L80: =L$18*$CJ72/100 -> 32177.277 | M80: =M$18*$CJ71/100 -> 23164.461 | N80: =N$18*$CJ70/100 -> 0 | O80: =O$18*$CJ69/100 -> 0 | P80: =P$18*$CJ68/100 -> 0 | Q80: =Q$18*$CJ67/100 -> 0 | R80: =R$18*$CJ66/100 -> 0 | S80: =S$18*$CJ65/100 -> 0 | T80: =T$18*$CJ64/100 -> 0 | U80: =U$18*$CJ63/100 -> 0 | V80: =V$18*$CJ62/100 -> 0 | W80: =W$18*$CJ61/100 -> 0 | X80: =X$18*$CJ60/100 -> 92047.029 | Y80: =Y$18*$CJ59/100 -> 0 | Z80: =Z$18*$CJ58/100 -> 0 | AA80: =AA$18*$CJ57/100 -> 80632.883 | AB80: =AB$18*$CJ56/100 -> 0 | AC80: =AC$18*$CJ55/100 -> 0 | AD80: =AD$18*$CJ54/100 -> 0 | AE80: =AE$18*$CJ53/100 -> 65293.928 | AF80: =AF$18*$CJ52/100 -> 0 | AG80: =AG$18*$CJ51/100 -> 0 | AH80: =AH$18*$CJ50/100 -> 0 | AI80: =AI$18*$CJ49/100 -> 274618.06 | AJ80: =AJ$18*$CJ48/100 -> 0 | AK80: =AK$18*$CJ47/100 -> 0 | AL80: =AL$18*$CJ46/100 -> 67195.931 | AM80: =AM$18*$CJ45/100 -> 0 | AN80: =AN$18*$CJ44/100 -> 0 | AO80: =AO$18*$CJ43/100 -> 0 | AP80: =AP$18*$CJ42/100 -> 79829.118 | AQ80: =AQ$18*$CJ41/100 -> 0 | AR80: =AR$18*$CJ40/100 -> 0 | AS80: =AS$18*$CJ39/100 -> 0 | AT80: =AT$18*$CJ38/100 -> 0 | AU80: =AU$18*$CJ37/100 -> 0 | AV80: =AV$18*$CJ36/100 -> 0 | AW80: =AW$18*$CJ35/100 -> 0 | AX80: =AX$18*$CJ34/100 -> 0 | AY80: =AY$18*$CJ33/100 -> 0 | AZ80: =AZ$18*$CJ32/100 -> 243676.08 | BA80: =BA$18*$CJ31/100 -> 0 | BB80: =BB$18*$CJ30/100 -> 0 | BC80: =BC$18*$CJ29/100 -> 0 | BD80: =BD$18*$CJ28/100 -> 0 | BE80: =BE$18*$CJ27/100 -> 151252.48 | BF80: =BF$18*$CJ26/100 -> 0 | BG80: =BG$18*$CJ25/100 -> 0 | BH80: =BH$18*$CJ24/100 -> 2537007.1 | BI80: =BI$18*$CJ23/100 -> 0 | BJ80: =BJ$18*$CJ22/100 -> 0 | BK80: =BK$18*$CJ21/100 -> 0 | BL80: =BL$18*$CJ20/100 -> 0 | CG80: =SUM(D80:CF80) -> 3932323.9 | CJ80: 0.94354552
B81: =B80+1 -> 2088 | C81: 0.82824094 | D81: =D$18*$C81/100 -> 5068.8345 | E81: =E$18*$C80/100 -> 5864.5478 | F81: =F$18*$C79/100 -> 16794.315 | G81: =G$18*$CJ78/100 -> 0 | H81: =H$18*$CJ77/100 -> 42332.99 | I81: =I$18*$CJ76/100 -> 133743.05 | J81: =J$18*$CJ75/100 -> 59112.725 | K81: =K$18*$CJ74/100 -> 0 | L81: =L$18*$CJ73/100 -> 30178.225 | M81: =M$18*$CJ72/100 -> 21807.041 | N81: =N$18*$CJ71/100 -> 0 | O81: =O$18*$CJ70/100 -> 0 | P81: =P$18*$CJ69/100 -> 0 | Q81: =Q$18*$CJ68/100 -> 0 | R81: =R$18*$CJ67/100 -> 0 | S81: =S$18*$CJ66/100 -> 0 | T81: =T$18*$CJ65/100 -> 0 | U81: =U$18*$CJ64/100 -> 0 | V81: =V$18*$CJ63/100 -> 0 | W81: =W$18*$CJ62/100 -> 0 | X81: =X$18*$CJ61/100 -> 88670.539 | Y81: =Y$18*$CJ60/100 -> 0 | Z81: =Z$18*$CJ59/100 -> 0 | AA81: =AA$18*$CJ58/100 -> 77926.901 | AB81: =AB$18*$CJ57/100 -> 0 | AC81: =AC$18*$CJ56/100 -> 0 | AD81: =AD$18*$CJ55/100 -> 0 | AE81: =AE$18*$CJ54/100 -> 63309.636 | AF81: =AF$18*$CJ53/100 -> 0 | AG81: =AG$18*$CJ52/100 -> 0 | AH81: =AH$18*$CJ51/100 -> 0 | AI81: =AI$18*$CJ50/100 -> 266901.55 | AJ81: =AJ$18*$CJ49/100 -> 0 | AK81: =AK$18*$CJ48/100 -> 0 | AL81: =AL$18*$CJ47/100 -> 65391.456 | AM81: =AM$18*$CJ46/100 -> 0 | AN81: =AN$18*$CJ45/100 -> 0 | AO81: =AO$18*$CJ44/100 -> 0 | AP81: =AP$18*$CJ43/100 -> 77773.64 | AQ81: =AQ$18*$CJ42/100 -> 0 | AR81: =AR$18*$CJ41/100 -> 0 | AS81: =AS$18*$CJ40/100 -> 0 | AT81: =AT$18*$CJ39/100 -> 0 | AU81: =AU$18*$CJ38/100 -> 0 | AV81: =AV$18*$CJ37/100 -> 0 | AW81: =AW$18*$CJ36/100 -> 0 | AX81: =AX$18*$CJ35/100 -> 0 | AY81: =AY$18*$CJ34/100 -> 0 | AZ81: =AZ$18*$CJ33/100 -> 237444.9 | BA81: =BA$18*$CJ32/100 -> 0 | BB81: =BB$18*$CJ31/100 -> 0 | BC81: =BC$18*$CJ30/100 -> 0 | BD81: =BD$18*$CJ29/100 -> 0 | BE81: =BE$18*$CJ28/100 -> 147182.71 | BF81: =BF$18*$CJ27/100 -> 0 | BG81: =BG$18*$CJ26/100 -> 0 | BH81: =BH$18*$CJ25/100 -> 2465471.9 | BI81: =BI$18*$CJ24/100 -> 0 | BJ81: =BJ$18*$CJ23/100 -> 0 | BK81: =BK$18*$CJ22/100 -> 0 | BL81: =BL$18*$CJ21/100 -> 0 | BM81: =BM$18*$CJ20/100 -> 0 | CG81: =SUM(D81:CF81) -> 3804974.9 | CJ81: 0.82887773
B82: =B81+1 -> 2089 | C82: 0.71373041 | D82: =D$18*$C82/100 -> 4368.0301 | E82: =E$18*$C81/100 -> 5151.6586 | F82: =F$18*$C80/100 -> 14972.511 | G82: =G$18*$CJ79/100 -> 0 | H82: =H$18*$CJ78/100 -> 38552.595 | I82: =I$18*$CJ77/100 -> 122765.75 | J82: =J$18*$CJ76/100 -> 54623.118 | K82: =K$18*$CJ75/100 -> 0 | L82: =L$18*$CJ74/100 -> 28182.744 | M82: =M$18*$CJ73/100 -> 20452.252 | N82: =N$18*$CJ72/100 -> 0 | O82: =O$18*$CJ71/100 -> 0 | P82: =P$18*$CJ70/100 -> 0 | Q82: =Q$18*$CJ69/100 -> 0 | R82: =R$18*$CJ68/100 -> 0 | S82: =S$18*$CJ67/100 -> 0 | T82: =T$18*$CJ66/100 -> 0 | U82: =U$18*$CJ65/100 -> 0 | V82: =V$18*$CJ64/100 -> 0 | W82: =W$18*$CJ63/100 -> 0 | X82: =X$18*$CJ62/100 -> 85309.853 | Y82: =Y$18*$CJ61/100 -> 0 | Z82: =Z$18*$CJ60/100 -> 0 | AA82: =AA$18*$CJ59/100 -> 75236.919 | AB82: =AB$18*$CJ58/100 -> 0 | AC82: =AC$18*$CJ57/100 -> 0 | AD82: =AD$18*$CJ56/100 -> 0 | AE82: =AE$18*$CJ55/100 -> 61341.254 | AF82: =AF$18*$CJ54/100 -> 0 | AG82: =AG$18*$CJ53/100 -> 0 | AH82: =AH$18*$CJ52/100 -> 0 | AI82: =AI$18*$CJ51/100 -> 259268.1 | AJ82: =AJ$18*$CJ50/100 -> 0 | AK82: =AK$18*$CJ49/100 -> 0 | AL82: =AL$18*$CJ48/100 -> 63611.01 | AM82: =AM$18*$CJ47/100 -> 0 | AN82: =AN$18*$CJ46/100 -> 0 | AO82: =AO$18*$CJ45/100 -> 0 | AP82: =AP$18*$CJ44/100 -> 75754.006 | AQ82: =AQ$18*$CJ43/100 -> 0 | AR82: =AR$18*$CJ42/100 -> 0 | AS82: =AS$18*$CJ41/100 -> 0 | AT82: =AT$18*$CJ40/100 -> 0 | AU82: =AU$18*$CJ39/100 -> 0 | AV82: =AV$18*$CJ38/100 -> 0 | AW82: =AW$18*$CJ37/100 -> 0 | AX82: =AX$18*$CJ36/100 -> 0 | AY82: =AY$18*$CJ35/100 -> 0 | AZ82: =AZ$18*$CJ34/100 -> 231408.58 | BA82: =BA$18*$CJ33/100 -> 0 | BB82: =BB$18*$CJ32/100 -> 0 | BC82: =BC$18*$CJ31/100 -> 0 | BD82: =BD$18*$CJ30/100 -> 0 | BE82: =BE$18*$CJ29/100 -> 143273.55 | BF82: =BF$18*$CJ28/100 -> 0 | BG82: =BG$18*$CJ27/100 -> 0 | BH82: =BH$18*$CJ26/100 -> 2397116.3 | BI82: =BI$18*$CJ25/100 -> 0 | BJ82: =BJ$18*$CJ24/100 -> 0 | BK82: =BK$18*$CJ23/100 -> 0 | BL82: =BL$18*$CJ22/100 -> 0 | BM82: =BM$18*$CJ21/100 -> 0 | BN82: =BN$18*$CJ20/100 -> 0 | CG82: =SUM(D82:CF82) -> 3681388.2 | CJ82: 0.71431626
B83: =B82+1 -> 2090 | C83: 0.59931361 | D83: =D$18*$C83/100 -> 3667.7993 | E83: =E$18*$C82/100 -> 4439.4031 | F83: =F$18*$C81/100 -> 13152.466 | G83: =G$18*$CJ80/100 -> 0 | H83: =H$18*$CJ79/100 -> 34776.687 | I83: =I$18*$CJ78/100 -> 111802.6 | J83: =J$18*$CJ77/100 -> 50139.789 | K83: =K$18*$CJ76/100 -> 0 | L83: =L$18*$CJ75/100 -> 26190.551 | M83: =M$18*$CJ74/100 -> 19099.884 | N83: =N$18*$CJ73/100 -> 0 | O83: =O$18*$CJ72/100 -> 0 | P83: =P$18*$CJ71/100 -> 0 | Q83: =Q$18*$CJ70/100 -> 0 | R83: =R$18*$CJ69/100 -> 0 | S83: =S$18*$CJ68/100 -> 0 | T83: =T$18*$CJ67/100 -> 0 | U83: =U$18*$CJ66/100 -> 0 | V83: =V$18*$CJ65/100 -> 0 | W83: =W$18*$CJ64/100 -> 0 | X83: =X$18*$CJ63/100 -> 81963.706 | Y83: =Y$18*$CJ62/100 -> 0 | Z83: =Z$18*$CJ61/100 -> 0 | AA83: =AA$18*$CJ60/100 -> 72561.654 | AB83: =AB$18*$CJ59/100 -> 0 | AC83: =AC$18*$CJ58/100 -> 0 | AD83: =AD$18*$CJ57/100 -> 0 | AE83: =AE$18*$CJ56/100 -> 59387.51 | AF83: =AF$18*$CJ55/100 -> 0 | AG83: =AG$18*$CJ54/100 -> 0 | AH83: =AH$18*$CJ53/100 -> 0 | AI83: =AI$18*$CJ52/100 -> 251711.09 | AJ83: =AJ$18*$CJ51/100 -> 0 | AK83: =AK$18*$CJ50/100 -> 0 | AL83: =AL$18*$CJ49/100 -> 61852.67 | AM83: =AM$18*$CJ48/100 -> 0 | AN83: =AN$18*$CJ47/100 -> 0 | AO83: =AO$18*$CJ46/100 -> 0 | AP83: =AP$18*$CJ45/100 -> 73767.349 | AQ83: =AQ$18*$CJ44/100 -> 0 | AR83: =AR$18*$CJ43/100 -> 0 | AS83: =AS$18*$CJ42/100 -> 0 | AT83: =AT$18*$CJ41/100 -> 0 | AU83: =AU$18*$CJ40/100 -> 0 | AV83: =AV$18*$CJ39/100 -> 0 | AW83: =AW$18*$CJ38/100 -> 0 | AX83: =AX$18*$CJ37/100 -> 0 | AY83: =AY$18*$CJ36/100 -> 0 | AZ83: =AZ$18*$CJ35/100 -> 225551.5 | BA83: =BA$18*$CJ34/100 -> 0 | BB83: =BB$18*$CJ33/100 -> 0 | BC83: =BC$18*$CJ32/100 -> 0 | BD83: =BD$18*$CJ31/100 -> 0 | BE83: =BE$18*$CJ30/100 -> 139512.16 | BF83: =BF$18*$CJ29/100 -> 0 | BG83: =BG$18*$CJ28/100 -> 0 | BH83: =BH$18*$CJ27/100 -> 2331686 | BI83: =BI$18*$CJ26/100 -> 0 | BJ83: =BJ$18*$CJ25/100 -> 0 | BK83: =BK$18*$CJ24/100 -> 0 | BL83: =BL$18*$CJ23/100 -> 0 | BM83: =BM$18*$CJ22/100 -> 0 | BN83: =BN$18*$CJ21/100 -> 0 | BO83: =BO$18*$CJ20/100 -> 0 | CG83: =SUM(D83:CF83) -> 3561262.8 | CJ83: 0.59985259
B84: =B83+1 -> 2091 | C84: 0.48498306 | D84: =D$18*$C84/100 -> 2968.0963 | E84: =E$18*$C83/100 -> 3727.7307 | F84: =F$18*$C82/100 -> 11334.039 | G84: =G$18*$CJ81/100 -> 0 | H84: =H$18*$CJ80/100 -> 31004.906 | I84: =I$18*$CJ79/100 -> 100852.46 | J84: =J$18*$CJ78/100 -> 45662.236 | K84: =K$18*$CJ77/100 -> 0 | L84: =L$18*$CJ76/100 -> 24201.38 | M84: =M$18*$CJ75/100 -> 17749.743 | N84: =N$18*$CJ74/100 -> 0 | O84: =O$18*$CJ73/100 -> 0 | P84: =P$18*$CJ72/100 -> 0 | Q84: =Q$18*$CJ71/100 -> 0 | R84: =R$18*$CJ70/100 -> 0 | S84: =S$18*$CJ69/100 -> 0 | T84: =T$18*$CJ68/100 -> 0 | U84: =U$18*$CJ67/100 -> 0 | V84: =V$18*$CJ66/100 -> 0 | W84: =W$18*$CJ65/100 -> 0 | X84: =X$18*$CJ64/100 -> 78630.934 | Y84: =Y$18*$CJ63/100 -> 0 | Z84: =Z$18*$CJ62/100 -> 0 | AA84: =AA$18*$CJ61/100 -> 69899.931 | AB84: =AB$18*$CJ60/100 -> 0 | AC84: =AC$18*$CJ59/100 -> 0 | AD84: =AD$18*$CJ58/100 -> 0 | AE84: =AE$18*$CJ57/100 -> 57447.232 | AF84: =AF$18*$CJ56/100 -> 0 | AG84: =AG$18*$CJ55/100 -> 0 | AH84: =AH$18*$CJ54/100 -> 0 | AI84: =AI$18*$CJ53/100 -> 244224.38 | AJ84: =AJ$18*$CJ52/100 -> 0 | AK84: =AK$18*$CJ51/100 -> 0 | AL84: =AL$18*$CJ50/100 -> 60114.667 | AM84: =AM$18*$CJ49/100 -> 0 | AN84: =AN$18*$CJ48/100 -> 0 | AO84: =AO$18*$CJ47/100 -> 0 | AP84: =AP$18*$CJ46/100 -> 71811.03 | AQ84: =AQ$18*$CJ45/100 -> 0 | AR84: =AR$18*$CJ44/100 -> 0 | AS84: =AS$18*$CJ43/100 -> 0 | AT84: =AT$18*$CJ42/100 -> 0 | AU84: =AU$18*$CJ41/100 -> 0 | AV84: =AV$18*$CJ40/100 -> 0 | AW84: =AW$18*$CJ39/100 -> 0 | AX84: =AX$18*$CJ38/100 -> 0 | AY84: =AY$18*$CJ37/100 -> 0 | AZ84: =AZ$18*$CJ36/100 -> 219859.35 | BA84: =BA$18*$CJ35/100 -> 0 | BB84: =BB$18*$CJ34/100 -> 0 | BC84: =BC$18*$CJ33/100 -> 0 | BD84: =BD$18*$CJ32/100 -> 0 | BE84: =BE$18*$CJ31/100 -> 135886.71 | BF84: =BF$18*$CJ30/100 -> 0 | BG84: =BG$18*$CJ29/100 -> 0 | BH84: =BH$18*$CJ28/100 -> 2268947 | BI84: =BI$18*$CJ27/100 -> 0 | BJ84: =BJ$18*$CJ26/100 -> 0 | BK84: =BK$18*$CJ25/100 -> 0 | BL84: =BL$18*$CJ24/100 -> 0 | BM84: =BM$18*$CJ23/100 -> 0 | BN84: =BN$18*$CJ22/100 -> 0 | BO84: =BO$18*$CJ21/100 -> 0 | BP84: =BP$18*$CJ20/100 -> 0 | CG84: =SUM(D84:CF84) -> 3444321.9 | CJ84: 0.48547892
B85: =B84+1 -> 2092 | C85: 6.3432157 | D85: =D$18*$C85/100 -> 38820.48 | E85: =E$18*$C84/100 -> 3016.5946 | F85: =F$18*$C83/100 -> 9517.1002 | G85: =G$18*$CJ82/100 -> 0 | H85: =H$18*$CJ81/100 -> 27236.922 | I85: =I$18*$CJ80/100 -> 89914.285 | J85: =J$18*$CJ79/100 -> 41189.997 | K85: =K$18*$CJ78/100 -> 0 | L85: =L$18*$CJ77/100 -> 22214.991 | M85: =M$18*$CJ76/100 -> 16401.651 | N85: =N$18*$CJ75/100 -> 0 | O85: =O$18*$CJ74/100 -> 0 | P85: =P$18*$CJ73/100 -> 0 | Q85: =Q$18*$CJ72/100 -> 0 | R85: =R$18*$CJ71/100 -> 0 | S85: =S$18*$CJ70/100 -> 0 | T85: =T$18*$CJ69/100 -> 0 | U85: =U$18*$CJ68/100 -> 0 | V85: =V$18*$CJ67/100 -> 0 | W85: =W$18*$CJ66/100 -> 0 | X85: =X$18*$CJ65/100 -> 75310.469 | Y85: =Y$18*$CJ64/100 -> 0 | Z85: =Z$18*$CJ63/100 -> 0 | AA85: =AA$18*$CJ62/100 -> 67250.666 | AB85: =AB$18*$CJ61/100 -> 0 | AC85: =AC$18*$CJ60/100 -> 0 | AD85: =AD$18*$CJ59/100 -> 0 | AE85: =AE$18*$CJ58/100 -> 55519.345 | AF85: =AF$18*$CJ57/100 -> 0 | AG85: =AG$18*$CJ56/100 -> 0 | AH85: =AH$18*$CJ55/100 -> 0 | AI85: =AI$18*$CJ54/100 -> 236802.37 | AJ85: =AJ$18*$CJ53/100 -> 0 | AK85: =AK$18*$CJ52/100 -> 0 | AL85: =AL$18*$CJ51/100 -> 58395.374 | AM85: =AM$18*$CJ50/100 -> 0 | AN85: =AN$18*$CJ49/100 -> 0 | AO85: =AO$18*$CJ48/100 -> 0 | AP85: =AP$18*$CJ47/100 -> 69882.622 | AQ85: =AQ$18*$CJ46/100 -> 0 | AR85: =AR$18*$CJ45/100 -> 0 | AS85: =AS$18*$CJ44/100 -> 0 | AT85: =AT$18*$CJ43/100 -> 0 | AU85: =AU$18*$CJ42/100 -> 0 | AV85: =AV$18*$CJ41/100 -> 0 | AW85: =AW$18*$CJ40/100 -> 0 | AX85: =AX$18*$CJ39/100 -> 0 | AY85: =AY$18*$CJ38/100 -> 0 | AZ85: =AZ$18*$CJ37/100 -> 214318.92 | BA85: =BA$18*$CJ36/100 -> 0 | BB85: =BB$18*$CJ35/100 -> 0 | BC85: =BC$18*$CJ34/100 -> 0 | BD85: =BD$18*$CJ33/100 -> 0 | BE85: =BE$18*$CJ32/100 -> 132386.32 | BF85: =BF$18*$CJ31/100 -> 0 | BG85: =BG$18*$CJ30/100 -> 0 | BH85: =BH$18*$CJ29/100 -> 2208684 | BI85: =BI$18*$CJ28/100 -> 0 | BJ85: =BJ$18*$CJ27/100 -> 0 | BK85: =BK$18*$CJ26/100 -> 0 | BL85: =BL$18*$CJ25/100 -> 0 | BM85: =BM$18*$CJ24/100 -> 0 | BN85: =BN$18*$CJ23/100 -> 0 | BO85: =BO$18*$CJ22/100 -> 0 | BP85: =BP$18*$CJ21/100 -> 0 | BQ85: =BQ$18*$CJ20/100 -> 0 | CG85: =SUM(D85:CF85) -> 3366862.1 | CJ85: 6.3465299
B86: =B85+1 -> 2093 | C86: 0 | D86: =D$18*$C86/100 -> 0 | E86: =E$18*$C85/100 -> 39454.801 | F86: =F$18*$C84/100 -> 7701.5309 | G86: =G$18*$CJ83/100 -> 0 | H86: =H$18*$CJ82/100 -> 23472.432 | I86: =I$18*$CJ81/100 -> 78987.126 | J86: =J$18*$CJ80/100 -> 36722.646 | K86: =K$18*$CJ79/100 -> 0 | L86: =L$18*$CJ78/100 -> 20231.162 | M86: =M$18*$CJ77/100 -> 15055.445 | N86: =N$18*$CJ76/100 -> 0 | O86: =O$18*$CJ75/100 -> 0 | P86: =P$18*$CJ74/100 -> 0 | Q86: =Q$18*$CJ73/100 -> 0 | R86: =R$18*$CJ72/100 -> 0 | S86: =S$18*$CJ71/100 -> 0 | T86: =T$18*$CJ70/100 -> 0 | U86: =U$18*$CJ69/100 -> 0 | V86: =V$18*$CJ68/100 -> 0 | W86: =W$18*$CJ67/100 -> 0 | X86: =X$18*$CJ66/100 -> 72001.325 | Y86: =Y$18*$CJ65/100 -> 0 | Z86: =Z$18*$CJ64/100 -> 0 | AA86: =AA$18*$CJ63/100 -> 64612.863 | AB86: =AB$18*$CJ62/100 -> 0 | AC86: =AC$18*$CJ61/100 -> 0 | AD86: =AD$18*$CJ60/100 -> 0 | AE86: =AE$18*$CJ59/100 -> 53602.855 | AF86: =AF$18*$CJ58/100 -> 0 | AG86: =AG$18*$CJ57/100 -> 0 | AH86: =AH$18*$CJ56/100 -> 0 | AI86: =AI$18*$CJ55/100 -> 229439.86 | AJ86: =AJ$18*$CJ54/100 -> 0 | AK86: =AK$18*$CJ53/100 -> 0 | AL86: =AL$18*$CJ52/100 -> 56693.296 | AM86: =AM$18*$CJ51/100 -> 0 | AN86: =AN$18*$CJ50/100 -> 0 | AO86: =AO$18*$CJ49/100 -> 0 | AP86: =AP$18*$CJ48/100 -> 67979.893 | AQ86: =AQ$18*$CJ47/100 -> 0 | AR86: =AR$18*$CJ46/100 -> 0 | AS86: =AS$18*$CJ45/100 -> 0 | AT86: =AT$18*$CJ44/100 -> 0 | AU86: =AU$18*$CJ43/100 -> 0 | AV86: =AV$18*$CJ42/100 -> 0 | AW86: =AW$18*$CJ41/100 -> 0 | AX86: =AX$18*$CJ40/100 -> 0 | AY86: =AY$18*$CJ39/100 -> 0 | AZ86: =AZ$18*$CJ38/100 -> 208918.07 | BA86: =BA$18*$CJ37/100 -> 0 | BB86: =BB$18*$CJ36/100 -> 0 | BC86: =BC$18*$CJ35/100 -> 0 | BD86: =BD$18*$CJ34/100 -> 0 | BE86: =BE$18*$CJ33/100 -> 129001 | BF86: =BF$18*$CJ32/100 -> 0 | BG86: =BG$18*$CJ31/100 -> 0 | BH86: =BH$18*$CJ30/100 -> 2150698.9 | BI86: =BI$18*$CJ29/100 -> 0 | BJ86: =BJ$18*$CJ28/100 -> 0 | BK86: =BK$18*$CJ27/100 -> 0 | BL86: =BL$18*$CJ26/100 -> 0 | BM86: =BM$18*$CJ25/100 -> 0 | BN86: =BN$18*$CJ24/100 -> 0 | BO86: =BO$18*$CJ23/100 -> 0 | BP86: =BP$18*$CJ22/100 -> 0 | BQ86: =BQ$18*$CJ21/100 -> 0 | BR86: =BR$18*$CJ20/100 -> 0 | CG86: =SUM(D86:CF86) -> 3254573.3 | CJ86: 0
B87: =B86+1 -> 2094 | C87: 0 | D87: =D$18*$C87/100 -> 0 | E87: =E$18*$C86/100 -> 0 | F87: =F$18*$C85/100 -> 100730.26 | G87: =G$18*$CJ84/100 -> 0 | H87: =H$18*$CJ83/100 -> 19711.156 | I87: =I$18*$CJ82/100 -> 68070.097 | J87: =J$18*$CJ81/100 -> 32259.794 | K87: =K$18*$CJ80/100 -> 0 | L87: =L$18*$CJ79/100 -> 18249.687 | M87: =M$18*$CJ78/100 -> 13710.973 | N87: =N$18*$CJ77/100 -> 0 | O87: =O$18*$CJ76/100 -> 0 | P87: =P$18*$CJ75/100 -> 0 | Q87: =Q$18*$CJ74/100 -> 0 | R87: =R$18*$CJ73/100 -> 0 | S87: =S$18*$CJ72/100 -> 0 | T87: =T$18*$CJ71/100 -> 0 | U87: =U$18*$CJ70/100 -> 0 | V87: =V$18*$CJ69/100 -> 0 | W87: =W$18*$CJ68/100 -> 0 | X87: =X$18*$CJ67/100 -> 68702.596 | Y87: =Y$18*$CJ66/100 -> 0 | Z87: =Z$18*$CJ65/100 -> 0 | AA87: =AA$18*$CJ64/100 -> 61985.604 | AB87: =AB$18*$CJ63/100 -> 0 | AC87: =AC$18*$CJ62/100 -> 0 | AD87: =AD$18*$CJ61/100 -> 0 | AE87: =AE$18*$CJ60/100 -> 51696.852 | AF87: =AF$18*$CJ59/100 -> 0 | AG87: =AG$18*$CJ58/100 -> 0 | AH87: =AH$18*$CJ57/100 -> 0 | AI87: =AI$18*$CJ56/100 -> 222132.11 | AJ87: =AJ$18*$CJ55/100 -> 0 | AK87: =AK$18*$CJ54/100 -> 0 | AL87: =AL$18*$CJ53/100 -> 55007.053 | AM87: =AM$18*$CJ52/100 -> 0 | AN87: =AN$18*$CJ51/100 -> 0 | AO87: =AO$18*$CJ50/100 -> 0 | AP87: =AP$18*$CJ49/100 -> 66100.787 | AQ87: =AQ$18*$CJ48/100 -> 0 | AR87: =AR$18*$CJ47/100 -> 0 | AS87: =AS$18*$CJ46/100 -> 0 | AT87: =AT$18*$CJ45/100 -> 0 | AU87: =AU$18*$CJ44/100 -> 0 | AV87: =AV$18*$CJ43/100 -> 0 | AW87: =AW$18*$CJ42/100 -> 0 | AX87: =AX$18*$CJ41/100 -> 0 | AY87: =AY$18*$CJ40/100 -> 0 | AZ87: =AZ$18*$CJ39/100 -> 203645.65 | BA87: =BA$18*$CJ38/100 -> 0 | BB87: =BB$18*$CJ37/100 -> 0 | BC87: =BC$18*$CJ36/100 -> 0 | BD87: =BD$18*$CJ35/100 -> 0 | BE87: =BE$18*$CJ34/100 -> 125721.54 | BF87: =BF$18*$CJ33/100 -> 0 | BG87: =BG$18*$CJ32/100 -> 0 | BH87: =BH$18*$CJ31/100 -> 2094809.5 | BI87: =BI$18*$CJ30/100 -> 0 | BJ87: =BJ$18*$CJ29/100 -> 0 | BK87: =BK$18*$CJ28/100 -> 0 | BL87: =BL$18*$CJ27/100 -> 0 | BM87: =BM$18*$CJ26/100 -> 0 | BN87: =BN$18*$CJ25/100 -> 0 | BO87: =BO$18*$CJ24/100 -> 0 | BP87: =BP$18*$CJ23/100 -> 0 | BQ87: =BQ$18*$CJ22/100 -> 0 | BR87: =BR$18*$CJ21/100 -> 0 | BS87: =BS$18*$CJ20/100 -> 0 | CG87: =SUM(D87:CF87) -> 3202533.7 | CJ87: 0
B88: =B87+1 -> 2095 | C88: 0 | D88: =D$18*$C88/100 -> 0 | E88: =E$18*$C87/100 -> 0 | F88: =F$18*$C86/100 -> 0 | G88: =G$18*$CJ85/100 -> 0 | H88: =H$18*$CJ84/100 -> 15952.837 | I88: =I$18*$CJ83/100 -> 57162.39 | J88: =J$18*$CJ82/100 -> 27801.079 | K88: =K$18*$CJ81/100 -> 0 | L88: =L$18*$CJ80/100 -> 16270.377 | M88: =M$18*$CJ79/100 -> 12368.096 | N88: =N$18*$CJ78/100 -> 0 | O88: =O$18*$CJ77/100 -> 0 | P88: =P$18*$CJ76/100 -> 0 | Q88: =Q$18*$CJ75/100 -> 0 | R88: =R$18*$CJ74/100 -> 0 | S88: =S$18*$CJ73/100 -> 0 | T88: =T$18*$CJ72/100 -> 0 | U88: =U$18*$CJ71/100 -> 0 | V88: =V$18*$CJ70/100 -> 0 | W88: =W$18*$CJ69/100 -> 0 | X88: =X$18*$CJ68/100 -> 65413.45 | Y88: =Y$18*$CJ67/100 -> 0 | Z88: =Z$18*$CJ66/100 -> 0 | AA88: =AA$18*$CJ65/100 -> 59368.045 | AB88: =AB$18*$CJ64/100 -> 0 | AC88: =AC$18*$CJ63/100 -> 0 | AD88: =AD$18*$CJ62/100 -> 0 | AE88: =AE$18*$CJ61/100 -> 49800.496 | AF88: =AF$18*$CJ60/100 -> 0 | AG88: =AG$18*$CJ59/100 -> 0 | AH88: =AH$18*$CJ58/100 -> 0 | AI88: =AI$18*$CJ57/100 -> 214874.73 | AJ88: =AJ$18*$CJ56/100 -> 0 | AK88: =AK$18*$CJ55/100 -> 0 | AL88: =AL$18*$CJ54/100 -> 53335.38 | AM88: =AM$18*$CJ53/100 -> 0 | AN88: =AN$18*$CJ52/100 -> 0 | AO88: =AO$18*$CJ51/100 -> 0 | AP88: =AP$18*$CJ50/100 -> 64243.416 | AQ88: =AQ$18*$CJ49/100 -> 0 | AR88: =AR$18*$CJ48/100 -> 0 | AS88: =AS$18*$CJ47/100 -> 0 | AT88: =AT$18*$CJ46/100 -> 0 | AU88: =AU$18*$CJ45/100 -> 0 | AV88: =AV$18*$CJ44/100 -> 0 | AW88: =AW$18*$CJ43/100 -> 0 | AX88: =AX$18*$CJ42/100 -> 0 | AY88: =AY$18*$CJ41/100 -> 0 | AZ88: =AZ$18*$CJ40/100 -> 198491.36 | BA88: =BA$18*$CJ39/100 -> 0 | BB88: =BB$18*$CJ38/100 -> 0 | BC88: =BC$18*$CJ37/100 -> 0 | BD88: =BD$18*$CJ36/100 -> 0 | BE88: =BE$18*$CJ35/100 -> 122539.46 | BF88: =BF$18*$CJ34/100 -> 0 | BG88: =BG$18*$CJ33/100 -> 0 | BH88: =BH$18*$CJ32/100 -> 2040848.1 | BI88: =BI$18*$CJ31/100 -> 0 | BJ88: =BJ$18*$CJ30/100 -> 0 | BK88: =BK$18*$CJ29/100 -> 0 | BL88: =BL$18*$CJ28/100 -> 0 | BM88: =BM$18*$CJ27/100 -> 0 | BN88: =BN$18*$CJ26/100 -> 0 | BO88: =BO$18*$CJ25/100 -> 0 | BP88: =BP$18*$CJ24/100 -> 0 | BQ88: =BQ$18*$CJ23/100 -> 0 | BR88: =BR$18*$CJ22/100 -> 0 | BS88: =BS$18*$CJ21/100 -> 0 | BT88: =BT$18*$CJ20/100 -> 0 | CG88: =SUM(D88:CF88) -> 2998469.2 | CJ88: 0
B89: =B88+1 -> 2096 | C89: 0 | D89: =D$18*$C89/100 -> 0 | E89: =E$18*$C88/100 -> 0 | F89: =F$18*$C87/100 -> 0 | G89: =G$18*$CJ86/100 -> 0 | H89: =H$18*$CJ85/100 -> 208546.97 | I89: =I$18*$CJ84/100 -> 46263.258 | J89: =J$18*$CJ83/100 -> 23346.171 | K89: =K$18*$CJ82/100 -> 0 | L89: =L$18*$CJ81/100 -> 14293.061 | M89: =M$18*$CJ80/100 -> 11026.687 | N89: =N$18*$CJ79/100 -> 0 | O89: =O$18*$CJ78/100 -> 0 | P89: =P$18*$CJ77/100 -> 0 | Q89: =Q$18*$CJ76/100 -> 0 | R89: =R$18*$CJ75/100 -> 0 | S89: =S$18*$CJ74/100 -> 0 | T89: =T$18*$CJ73/100 -> 0 | U89: =U$18*$CJ72/100 -> 0 | V89: =V$18*$CJ71/100 -> 0 | W89: =W$18*$CJ70/100 -> 0 | X89: =X$18*$CJ69/100 -> 62133.12 | Y89: =Y$18*$CJ68/100 -> 0 | Z89: =Z$18*$CJ67/100 -> 0 | AA89: =AA$18*$CJ66/100 -> 56759.412 | AB89: =AB$18*$CJ65/100 -> 0 | AC89: =AC$18*$CJ64/100 -> 0 | AD89: =AD$18*$CJ63/100 -> 0 | AE89: =AE$18*$CJ62/100 -> 47913.017 | AF89: =AF$18*$CJ61/100 -> 0 | AG89: =AG$18*$CJ60/100 -> 0 | AH89: =AH$18*$CJ59/100 -> 0 | AI89: =AI$18*$CJ58/100 -> 207663.69 | AJ89: =AJ$18*$CJ57/100 -> 0 | AK89: =AK$18*$CJ56/100 -> 0 | AL89: =AL$18*$CJ55/100 -> 51677.111 | AM89: =AM$18*$CJ54/100 -> 0 | AN89: =AN$18*$CJ53/100 -> 0 | AO89: =AO$18*$CJ52/100 -> 0 | AP89: =AP$18*$CJ51/100 -> 62406.041 | AQ89: =AQ$18*$CJ50/100 -> 0 | AR89: =AR$18*$CJ49/100 -> 0 | AS89: =AS$18*$CJ48/100 -> 0 | AT89: =AT$18*$CJ47/100 -> 0 | AU89: =AU$18*$CJ46/100 -> 0 | AV89: =AV$18*$CJ45/100 -> 0 | AW89: =AW$18*$CJ44/100 -> 0 | AX89: =AX$18*$CJ43/100 -> 0 | AY89: =AY$18*$CJ42/100 -> 0 | AZ89: =AZ$18*$CJ41/100 -> 193445.78 | BA89: =BA$18*$CJ40/100 -> 0 | BB89: =BB$18*$CJ39/100 -> 0 | BC89: =BC$18*$CJ38/100 -> 0 | BD89: =BD$18*$CJ37/100 -> 0 | BE89: =BE$18*$CJ36/100 -> 119446.98 | BF89: =BF$18*$CJ35/100 -> 0 | BG89: =BG$18*$CJ34/100 -> 0 | BH89: =BH$18*$CJ33/100 -> 1988660.5 | BI89: =BI$18*$CJ32/100 -> 0 | BJ89: =BJ$18*$CJ31/100 -> 0 | BK89: =BK$18*$CJ30/100 -> 0 | BL89: =BL$18*$CJ29/100 -> 0 | BM89: =BM$18*$CJ28/100 -> 0 | BN89: =BN$18*$CJ27/100 -> 0 | BO89: =BO$18*$CJ26/100 -> 0 | BP89: =BP$18*$CJ25/100 -> 0 | BQ89: =BQ$18*$CJ24/100 -> 0 | BR89: =BR$18*$CJ23/100 -> 0 | BS89: =BS$18*$CJ22/100 -> 0 | BT89: =BT$18*$CJ21/100 -> 0 | BU89: =BU$18*$CJ20/100 -> 0 | CG89: =SUM(D89:CF89) -> 3093581.8 | CJ89: 0
B90: =B89+1 -> 2097 | C90: 0 | D90: =D$18*$C90/100 -> 0 | E90: =E$18*$C89/100 -> 0 | F90: =F$18*$C88/100 -> 0 | G90: =G$18*$CJ87/100 -> 0 | H90: =H$18*$CJ86/100 -> 0 | I90: =I$18*$CJ85/100 -> 604786.61 | J90: =J$18*$CJ84/100 -> 18894.765 | K90: =K$18*$CJ83/100 -> 0 | L90: =L$18*$CJ82/100 -> 12317.577 | M90: =M$18*$CJ81/100 -> 9686.6293 | N90: =N$18*$CJ80/100 -> 0 | O90: =O$18*$CJ79/100 -> 0 | P90: =P$18*$CJ78/100 -> 0 | Q90: =Q$18*$CJ77/100 -> 0 | R90: =R$18*$CJ76/100 -> 0 | S90: =S$18*$CJ75/100 -> 0 | T90: =T$18*$CJ74/100 -> 0 | U90: =U$18*$CJ73/100 -> 0 | V90: =V$18*$CJ72/100 -> 0 | W90: =W$18*$CJ71/100 -> 0 | X90: =X$18*$CJ70/100 -> 58860.901 | Y90: =Y$18*$CJ69/100 -> 0 | Z90: =Z$18*$CJ68/100 -> 0 | AA90: =AA$18*$CJ67/100 -> 54158.989 | AB90: =AB$18*$CJ66/100 -> 0 | AC90: =AC$18*$CJ65/100 -> 0 | AD90: =AD$18*$CJ64/100 -> 0 | AE90: =AE$18*$CJ63/100 -> 46033.702 | AF90: =AF$18*$CJ62/100 -> 0 | AG90: =AG$18*$CJ61/100 -> 0 | AH90: =AH$18*$CJ60/100 -> 0 | AI90: =AI$18*$CJ59/100 -> 200495.28 | AJ90: =AJ$18*$CJ58/100 -> 0 | AK90: =AK$18*$CJ57/100 -> 0 | AL90: =AL$18*$CJ56/100 -> 50031.174 | AM90: =AM$18*$CJ55/100 -> 0 | AN90: =AN$18*$CJ54/100 -> 0 | AO90: =AO$18*$CJ53/100 -> 0 | AP90: =AP$18*$CJ52/100 -> 60587.061 | AQ90: =AQ$18*$CJ51/100 -> 0 | AR90: =AR$18*$CJ50/100 -> 0 | AS90: =AS$18*$CJ49/100 -> 0 | AT90: =AT$18*$CJ48/100 -> 0 | AU90: =AU$18*$CJ47/100 -> 0 | AV90: =AV$18*$CJ46/100 -> 0 | AW90: =AW$18*$CJ45/100 -> 0 | AX90: =AX$18*$CJ44/100 -> 0 | AY90: =AY$18*$CJ43/100 -> 0 | AZ90: =AZ$18*$CJ42/100 -> 188500.19 | BA90: =BA$18*$CJ41/100 -> 0 | BB90: =BB$18*$CJ40/100 -> 0 | BC90: =BC$18*$CJ39/100 -> 0 | BD90: =BD$18*$CJ38/100 -> 0 | BE90: =BE$18*$CJ37/100 -> 116436.93 | BF90: =BF$18*$CJ36/100 -> 0 | BG90: =BG$18*$CJ35/100 -> 0 | BH90: =BH$18*$CJ34/100 -> 1938104.7 | BI90: =BI$18*$CJ33/100 -> 0 | BJ90: =BJ$18*$CJ32/100 -> 0 | BK90: =BK$18*$CJ31/100 -> 0 | BL90: =BL$18*$CJ30/100 -> 0 | BM90: =BM$18*$CJ29/100 -> 0 | BN90: =BN$18*$CJ28/100 -> 0 | BO90: =BO$18*$CJ27/100 -> 0 | BP90: =BP$18*$CJ26/100 -> 0 | BQ90: =BQ$18*$CJ25/100 -> 0 | BR90: =BR$18*$CJ24/100 -> 0 | BS90: =BS$18*$CJ23/100 -> 0 | BT90: =BT$18*$CJ22/100 -> 0 | BU90: =BU$18*$CJ21/100 -> 0 | BV90: =BV$18*$CJ20/100 -> 0 | CG90: =SUM(D90:CF90) -> 3358894.5 | CJ90: 0
B91: =B90+1 -> 2098 | C91: 0 | D91: =D$18*$C91/100 -> 0 | E91: =E$18*$C90/100 -> 0 | F91: =F$18*$C89/100 -> 0 | G91: =G$18*$CJ88/100 -> 0 | H91: =H$18*$CJ87/100 -> 0 | I91: =I$18*$CJ86/100 -> 0 | J91: =J$18*$CJ85/100 -> 247005.97 | K91: =K$18*$CJ84/100 -> 0 | L91: =L$18*$CJ83/100 -> 10343.781 | M91: =M$18*$CJ82/100 -> 8347.8136 | N91: =N$18*$CJ81/100 -> 0 | O91: =O$18*$CJ80/100 -> 0 | P91: =P$18*$CJ79/100 -> 0 | Q91: =Q$18*$CJ78/100 -> 0 | R91: =R$18*$CJ77/100 -> 0 | S91: =S$18*$CJ76/100 -> 0 | T91: =T$18*$CJ75/100 -> 0 | U91: =U$18*$CJ74/100 -> 0 | V91: =V$18*$CJ73/100 -> 0 | W91: =W$18*$CJ72/100 -> 0 | X91: =X$18*$CJ71/100 -> 55596.143 | Y91: =Y$18*$CJ70/100 -> 0 | Z91: =Z$18*$CJ69/100 -> 0 | AA91: =AA$18*$CJ68/100 -> 51566.12 | AB91: =AB$18*$CJ67/100 -> 0 | AC91: =AC$18*$CJ66/100 -> 0 | AD91: =AD$18*$CJ65/100 -> 0 | AE91: =AE$18*$CJ64/100 -> 44161.901 | AF91: =AF$18*$CJ63/100 -> 0 | AG91: =AG$18*$CJ62/100 -> 0 | AH91: =AH$18*$CJ61/100 -> 0 | AI91: =AI$18*$CJ60/100 -> 193366.09 | AJ91: =AJ$18*$CJ59/100 -> 0 | AK91: =AK$18*$CJ58/100 -> 0 | AL91: =AL$18*$CJ57/100 -> 48396.582 | AM91: =AM$18*$CJ56/100 -> 0 | AN91: =AN$18*$CJ55/100 -> 0 | AO91: =AO$18*$CJ54/100 -> 0 | AP91: =AP$18*$CJ53/100 -> 58785.005 | AQ91: =AQ$18*$CJ52/100 -> 0 | AR91: =AR$18*$CJ51/100 -> 0 | AS91: =AS$18*$CJ50/100 -> 0 | AT91: =AT$18*$CJ49/100 -> 0 | AU91: =AU$18*$CJ48/100 -> 0 | AV91: =AV$18*$CJ47/100 -> 0 | AW91: =AW$18*$CJ46/100 -> 0 | AX91: =AX$18*$CJ45/100 -> 0 | AY91: =AY$18*$CJ44/100 -> 0 | AZ91: =AZ$18*$CJ43/100 -> 183646.59 | BA91: =BA$18*$CJ42/100 -> 0 | BB91: =BB$18*$CJ41/100 -> 0 | BC91: =BC$18*$CJ40/100 -> 0 | BD91: =BD$18*$CJ39/100 -> 0 | BE91: =BE$18*$CJ38/100 -> 113502.71 | BF91: =BF$18*$CJ37/100 -> 0 | BG91: =BG$18*$CJ36/100 -> 0 | BH91: =BH$18*$CJ35/100 -> 1889050.3 | BI91: =BI$18*$CJ34/100 -> 0 | BJ91: =BJ$18*$CJ33/100 -> 0 | BK91: =BK$18*$CJ32/100 -> 0 | BL91: =BL$18*$CJ31/100 -> 0 | BM91: =BM$18*$CJ30/100 -> 0 | BN91: =BN$18*$CJ29/100 -> 0 | BO91: =BO$18*$CJ28/100 -> 0 | BP91: =BP$18*$CJ27/100 -> 0 | BQ91: =BQ$18*$CJ26/100 -> 0 | BR91: =BR$18*$CJ25/100 -> 0 | BS91: =BS$18*$CJ24/100 -> 0 | BT91: =BT$18*$CJ23/100 -> 0 | BU91: =BU$18*$CJ22/100 -> 0 | BV91: =BV$18*$CJ21/100 -> 0 | BW91: =BW$18*$CJ20/100 -> 0 | CG91: =SUM(D91:CF91) -> 2903769 | CJ91: 0
B92: =B91+1 -> 2099 | C92: 0 | D92: =D$18*$C92/100 -> 0 | E92: =E$18*$C91/100 -> 0 | F92: =F$18*$C90/100 -> 0 | G92: =G$18*$CJ89/100 -> 0 | H92: =H$18*$CJ88/100 -> 0 | I92: =I$18*$CJ87/100 -> 0 | J92: =J$18*$CJ86/100 -> 0 | K92: =K$18*$CJ85/100 -> 0 | L92: =L$18*$CJ84/100 -> 8371.5359 | M92: =M$18*$CJ83/100 -> 7010.141 | N92: =N$18*$CJ82/100 -> 0 | O92: =O$18*$CJ81/100 -> 0 | P92: =P$18*$CJ80/100 -> 0 | Q92: =Q$18*$CJ79/100 -> 0 | R92: =R$18*$CJ78/100 -> 0 | S92: =S$18*$CJ77/100 -> 0 | T92: =T$18*$CJ76/100 -> 0 | U92: =U$18*$CJ75/100 -> 0 | V92: =V$18*$CJ74/100 -> 0 | W92: =W$18*$CJ73/100 -> 0 | X92: =X$18*$CJ72/100 -> 52338.25 | Y92: =Y$18*$CJ71/100 -> 0 | Z92: =Z$18*$CJ70/100 -> 0 | AA92: =AA$18*$CJ69/100 -> 48980.201 | AB92: =AB$18*$CJ68/100 -> 0 | AC92: =AC$18*$CJ67/100 -> 0 | AD92: =AD$18*$CJ66/100 -> 0 | AE92: =AE$18*$CJ65/100 -> 42297.01 | AF92: =AF$18*$CJ64/100 -> 0 | AG92: =AG$18*$CJ63/100 -> 0 | AH92: =AH$18*$CJ62/100 -> 0 | AI92: =AI$18*$CJ61/100 -> 186273 | AJ92: =AJ$18*$CJ60/100 -> 0 | AK92: =AK$18*$CJ59/100 -> 0 | AL92: =AL$18*$CJ58/100 -> 46772.428 | AM92: =AM$18*$CJ57/100 -> 0 | AN92: =AN$18*$CJ56/100 -> 0 | AO92: =AO$18*$CJ55/100 -> 0 | AP92: =AP$18*$CJ54/100 -> 56998.52 | AQ92: =AQ$18*$CJ53/100 -> 0 | AR92: =AR$18*$CJ52/100 -> 0 | AS92: =AS$18*$CJ51/100 -> 0 | AT92: =AT$18*$CJ50/100 -> 0 | AU92: =AU$18*$CJ49/100 -> 0 | AV92: =AV$18*$CJ48/100 -> 0 | AW92: =AW$18*$CJ47/100 -> 0 | AX92: =AX$18*$CJ46/100 -> 0 | AY92: =AY$18*$CJ45/100 -> 0 | AZ92: =AZ$18*$CJ44/100 -> 178877.64 | BA92: =BA$18*$CJ43/100 -> 0 | BB92: =BB$18*$CJ42/100 -> 0 | BC92: =BC$18*$CJ41/100 -> 0 | BD92: =BD$18*$CJ40/100 -> 0 | BE92: =BE$18*$CJ39/100 -> 110638.27 | BF92: =BF$18*$CJ38/100 -> 0 | BG92: =BG$18*$CJ37/100 -> 0 | BH92: =BH$18*$CJ36/100 -> 1841377.1 | BI92: =BI$18*$CJ35/100 -> 0 | BJ92: =BJ$18*$CJ34/100 -> 0 | BK92: =BK$18*$CJ33/100 -> 0 | BL92: =BL$18*$CJ32/100 -> 0 | BM92: =BM$18*$CJ31/100 -> 0 | BN92: =BN$18*$CJ30/100 -> 0 | BO92: =BO$18*$CJ29/100 -> 0 | BP92: =BP$18*$CJ28/100 -> 0 | BQ92: =BQ$18*$CJ27/100 -> 0 | BR92: =BR$18*$CJ26/100 -> 0 | BS92: =BS$18*$CJ25/100 -> 0 | BT92: =BT$18*$CJ24/100 -> 0 | BU92: =BU$18*$CJ23/100 -> 0 | BV92: =BV$18*$CJ22/100 -> 0 | BW92: =BW$18*$CJ21/100 -> 0 | BX92: =BX$18*$CJ20/100 -> 0 | CG92: =SUM(D92:CF92) -> 2579934 | CJ92: 0
B93: =B92+1 -> 2100 | C93: 0 | D93: =D$18*$C93/100 -> 0 | E93: =E$18*$C92/100 -> 0 | F93: =F$18*$C91/100 -> 0 | G93: =G$18*$CJ90/100 -> 0 | H93: =H$18*$CJ89/100 -> 0 | I93: =I$18*$CJ88/100 -> 0 | J93: =J$18*$CJ87/100 -> 0 | K93: =K$18*$CJ86/100 -> 0 | L93: =L$18*$CJ85/100 -> 109438.74 | M93: =M$18*$CJ84/100 -> 5673.52 | N93: =N$18*$CJ83/100 -> 0 | O93: =O$18*$CJ82/100 -> 0 | P93: =P$18*$CJ81/100 -> 0 | Q93: =Q$18*$CJ80/100 -> 0 | R93: =R$18*$CJ79/100 -> 0 | S93: =S$18*$CJ78/100 -> 0 | T93: =T$18*$CJ77/100 -> 0 | U93: =U$18*$CJ76/100 -> 0 | V93: =V$18*$CJ75/100 -> 0 | W93: =W$18*$CJ74/100 -> 0 | X93: =X$18*$CJ73/100 -> 49086.672 | Y93: =Y$18*$CJ72/100 -> 0 | Z93: =Z$18*$CJ71/100 -> 0 | AA93: =AA$18*$CJ70/100 -> 46400.675 | AB93: =AB$18*$CJ69/100 -> 0 | AC93: =AC$18*$CJ68/100 -> 0 | AD93: =AD$18*$CJ67/100 -> 0 | AE93: =AE$18*$CJ66/100 -> 40438.479 | AF93: =AF$18*$CJ65/100 -> 0 | AG93: =AG$18*$CJ64/100 -> 0 | AH93: =AH$18*$CJ63/100 -> 0 | AI93: =AI$18*$CJ62/100 -> 179213.1 | AJ93: =AJ$18*$CJ61/100 -> 0 | AK93: =AK$18*$CJ60/100 -> 0 | AL93: =AL$18*$CJ59/100 -> 45157.876 | AM93: =AM$18*$CJ58/100 -> 0 | AN93: =AN$18*$CJ57/100 -> 0 | AO93: =AO$18*$CJ56/100 -> 0 | AP93: =AP$18*$CJ55/100 -> 55226.359 | AQ93: =AQ$18*$CJ54/100 -> 0 | AR93: =AR$18*$CJ53/100 -> 0 | AS93: =AS$18*$CJ52/100 -> 0 | AT93: =AT$18*$CJ51/100 -> 0 | AU93: =AU$18*$CJ50/100 -> 0 | AV93: =AV$18*$CJ49/100 -> 0 | AW93: =AW$18*$CJ48/100 -> 0 | AX93: =AX$18*$CJ47/100 -> 0 | AY93: =AY$18*$CJ46/100 -> 0 | AZ93: =AZ$18*$CJ45/100 -> 174186.55 | BA93: =BA$18*$CJ44/100 -> 0 | BB93: =BB$18*$CJ43/100 -> 0 | BC93: =BC$18*$CJ42/100 -> 0 | BD93: =BD$18*$CJ41/100 -> 0 | BE93: =BE$18*$CJ40/100 -> 107838.01 | BF93: =BF$18*$CJ39/100 -> 0 | BG93: =BG$18*$CJ38/100 -> 0 | BH93: =BH$18*$CJ37/100 -> 1794974.6 | BI93: =BI$18*$CJ36/100 -> 0 | BJ93: =BJ$18*$CJ35/100 -> 0 | BK93: =BK$18*$CJ34/100 -> 0 | BL93: =BL$18*$CJ33/100 -> 0 | BM93: =BM$18*$CJ32/100 -> 0 | BN93: =BN$18*$CJ31/100 -> 0 | BO93: =BO$18*$CJ30/100 -> 0 | BP93: =BP$18*$CJ29/100 -> 0 | BQ93: =BQ$18*$CJ28/100 -> 0 | BR93: =BR$18*$CJ27/100 -> 0 | BS93: =BS$18*$CJ26/100 -> 0 | BT93: =BT$18*$CJ25/100 -> 0 | BU93: =BU$18*$CJ24/100 -> 0 | BV93: =BV$18*$CJ23/100 -> 0 | BW93: =BW$18*$CJ22/100 -> 0 | BX93: =BX$18*$CJ21/100 -> 0 | BY93: =BY$18*$CJ20/100 -> 0 | CG93: =SUM(D93:CF93) -> 2607634.5 | CJ93: 0
B94: =B93+1 -> 2101 | C94: 0 | D94: =D$18*$C94/100 -> 0 | E94: =E$18*$C93/100 -> 0 | F94: =F$18*$C92/100 -> 0 | G94: =G$18*$CJ91/100 -> 0 | H94: =H$18*$CJ90/100 -> 0 | I94: =I$18*$CJ89/100 -> 0 | J94: =J$18*$CJ88/100 -> 0 | K94: =K$18*$CJ87/100 -> 0 | L94: =L$18*$CJ86/100 -> 0 | M94: =M$18*$CJ85/100 -> 74168.337 | N94: =N$18*$CJ84/100 -> 0 | O94: =O$18*$CJ83/100 -> 0 | P94: =P$18*$CJ82/100 -> 0 | Q94: =Q$18*$CJ81/100 -> 0 | R94: =R$18*$CJ80/100 -> 0 | S94: =S$18*$CJ79/100 -> 0 | T94: =T$18*$CJ78/100 -> 0 | U94: =U$18*$CJ77/100 -> 0 | V94: =V$18*$CJ76/100 -> 0 | W94: =W$18*$CJ75/100 -> 0 | X94: =X$18*$CJ74/100 -> 45840.905 | Y94: =Y$18*$CJ73/100 -> 0 | Z94: =Z$18*$CJ72/100 -> 0 | AA94: =AA$18*$CJ71/100 -> 43827.032 | AB94: =AB$18*$CJ70/100 -> 0 | AC94: =AC$18*$CJ69/100 -> 0 | AD94: =AD$18*$CJ68/100 -> 0 | AE94: =AE$18*$CJ67/100 -> 38585.797 | AF94: =AF$18*$CJ66/100 -> 0 | AG94: =AG$18*$CJ65/100 -> 0 | AH94: =AH$18*$CJ64/100 -> 0 | AI94: =AI$18*$CJ63/100 -> 172183.74 | AJ94: =AJ$18*$CJ62/100 -> 0 | AK94: =AK$18*$CJ61/100 -> 0 | AL94: =AL$18*$CJ60/100 -> 43552.158 | AM94: =AM$18*$CJ59/100 -> 0 | AN94: =AN$18*$CJ58/100 -> 0 | AO94: =AO$18*$CJ57/100 -> 0 | AP94: =AP$18*$CJ56/100 -> 53467.377 | AQ94: =AQ$18*$CJ55/100 -> 0 | AR94: =AR$18*$CJ54/100 -> 0 | AS94: =AS$18*$CJ53/100 -> 0 | AT94: =AT$18*$CJ52/100 -> 0 | AU94: =AU$18*$CJ51/100 -> 0 | AV94: =AV$18*$CJ50/100 -> 0 | AW94: =AW$18*$CJ49/100 -> 0 | AX94: =AX$18*$CJ48/100 -> 0 | AY94: =AY$18*$CJ47/100 -> 0 | AZ94: =AZ$18*$CJ46/100 -> 169567.1 | BA94: =BA$18*$CJ45/100 -> 0 | BB94: =BB$18*$CJ44/100 -> 0 | BC94: =BC$18*$CJ43/100 -> 0 | BD94: =BD$18*$CJ42/100 -> 0 | BE94: =BE$18*$CJ41/100 -> 105096.8 | BF94: =BF$18*$CJ40/100 -> 0 | BG94: =BG$18*$CJ39/100 -> 0 | BH94: =BH$18*$CJ38/100 -> 1749741.1 | BI94: =BI$18*$CJ37/100 -> 0 | BJ94: =BJ$18*$CJ36/100 -> 0 | BK94: =BK$18*$CJ35/100 -> 0 | BL94: =BL$18*$CJ34/100 -> 0 | BM94: =BM$18*$CJ33/100 -> 0 | BN94: =BN$18*$CJ32/100 -> 0 | BO94: =BO$18*$CJ31/100 -> 0 | BP94: =BP$18*$CJ30/100 -> 0 | BQ94: =BQ$18*$CJ29/100 -> 0 | BR94: =BR$18*$CJ28/100 -> 0 | BS94: =BS$18*$CJ27/100 -> 0 | BT94: =BT$18*$CJ26/100 -> 0 | BU94: =BU$18*$CJ25/100 -> 0 | BV94: =BV$18*$CJ24/100 -> 0 | BW94: =BW$18*$CJ23/100 -> 0 | BX94: =BX$18*$CJ22/100 -> 0 | BY94: =BY$18*$CJ21/100 -> 0 | BZ94: =BZ$18*$CJ20/100 -> 0 | CG94: =SUM(D94:CF94) -> 2496030.4 | CJ94: 0
B95: =B94+1 -> 2102 | C95: 0 | D95: =D$18*$C95/100 -> 0 | E95: =E$18*$C94/100 -> 0 | F95: =F$18*$C93/100 -> 0 | G95: =G$18*$CJ92/100 -> 0 | H95: =H$18*$CJ91/100 -> 0 | I95: =I$18*$CJ90/100 -> 0 | J95: =J$18*$CJ89/100 -> 0 | K95: =K$18*$CJ88/100 -> 0 | L95: =L$18*$CJ87/100 -> 0 | M95: =M$18*$CJ86/100 -> 0 | N95: =N$18*$CJ85/100 -> 0 | O95: =O$18*$CJ84/100 -> 0 | P95: =P$18*$CJ83/100 -> 0 | Q95: =Q$18*$CJ82/100 -> 0 | R95: =R$18*$CJ81/100 -> 0 | S95: =S$18*$CJ80/100 -> 0 | T95: =T$18*$CJ79/100 -> 0 | U95: =U$18*$CJ78/100 -> 0 | V95: =V$18*$CJ77/100 -> 0 | W95: =W$18*$CJ76/100 -> 0 | X95: =X$18*$CJ75/100 -> 42600.484 | Y95: =Y$18*$CJ74/100 -> 0 | Z95: =Z$18*$CJ73/100 -> 0 | AA95: =AA$18*$CJ72/100 -> 41258.8 | AB95: =AB$18*$CJ71/100 -> 0 | AC95: =AC$18*$CJ70/100 -> 0 | AD95: =AD$18*$CJ69/100 -> 0 | AE95: =AE$18*$CJ68/100 -> 36738.496 | AF95: =AF$18*$CJ67/100 -> 0 | AG95: =AG$18*$CJ66/100 -> 0 | AH95: =AH$18*$CJ65/100 -> 0 | AI95: =AI$18*$CJ64/100 -> 165182.48 | AJ95: =AJ$18*$CJ63/100 -> 0 | AK95: =AK$18*$CJ62/100 -> 0 | AL95: =AL$18*$CJ61/100 -> 41954.568 | AM95: =AM$18*$CJ60/100 -> 0 | AN95: =AN$18*$CJ59/100 -> 0 | AO95: =AO$18*$CJ58/100 -> 0 | AP95: =AP$18*$CJ57/100 -> 51720.519 | AQ95: =AQ$18*$CJ56/100 -> 0 | AR95: =AR$18*$CJ55/100 -> 0 | AS95: =AS$18*$CJ54/100 -> 0 | AT95: =AT$18*$CJ53/100 -> 0 | AU95: =AU$18*$CJ52/100 -> 0 | AV95: =AV$18*$CJ51/100 -> 0 | AW95: =AW$18*$CJ50/100 -> 0 | AX95: =AX$18*$CJ49/100 -> 0 | AY95: =AY$18*$CJ48/100 -> 0 | AZ95: =AZ$18*$CJ47/100 -> 165013.56 | BA95: =BA$18*$CJ46/100 -> 0 | BB95: =BB$18*$CJ45/100 -> 0 | BC95: =BC$18*$CJ44/100 -> 0 | BD95: =BD$18*$CJ43/100 -> 0 | BE95: =BE$18*$CJ42/100 -> 102409.92 | BF95: =BF$18*$CJ41/100 -> 0 | BG95: =BG$18*$CJ40/100 -> 0 | BH95: =BH$18*$CJ39/100 -> 1705583.2 | BI95: =BI$18*$CJ38/100 -> 0 | BJ95: =BJ$18*$CJ37/100 -> 0 | BK95: =BK$18*$CJ36/100 -> 0 | BL95: =BL$18*$CJ35/100 -> 0 | BM95: =BM$18*$CJ34/100 -> 0 | BN95: =BN$18*$CJ33/100 -> 0 | BO95: =BO$18*$CJ32/100 -> 0 | BP95: =BP$18*$CJ31/100 -> 0 | BQ95: =BQ$18*$CJ30/100 -> 0 | BR95: =BR$18*$CJ29/100 -> 0 | BS95: =BS$18*$CJ28/100 -> 0 | BT95: =BT$18*$CJ27/100 -> 0 | BU95: =BU$18*$CJ26/100 -> 0 | BV95: =BV$18*$CJ25/100 -> 0 | BW95: =BW$18*$CJ24/100 -> 0 | BX95: =BX$18*$CJ23/100 -> 0 | BY95: =BY$18*$CJ22/100 -> 0 | BZ95: =BZ$18*$CJ21/100 -> 0 | CA95: =CA$18*$CJ20/100 -> 0 | CG95: =SUM(D95:CF95) -> 2352462.1 | CJ95: 0
B96: =B95+1 -> 2103 | C96: 0 | D96: =D$18*$C96/100 -> 0 | E96: =E$18*$C95/100 -> 0 | F96: =F$18*$C94/100 -> 0 | G96: =G$18*$CJ93/100 -> 0 | H96: =H$18*$CJ92/100 -> 0 | I96: =I$18*$CJ91/100 -> 0 | J96: =J$18*$CJ90/100 -> 0 | K96: =K$18*$CJ89/100 -> 0 | L96: =L$18*$CJ88/100 -> 0 | M96: =M$18*$CJ87/100 -> 0 | N96: =N$18*$CJ86/100 -> 0 | O96: =O$18*$CJ85/100 -> 0 | P96: =P$18*$CJ84/100 -> 0 | Q96: =Q$18*$CJ83/100 -> 0 | R96: =R$18*$CJ82/100 -> 0 | S96: =S$18*$CJ81/100 -> 0 | T96: =T$18*$CJ80/100 -> 0 | U96: =U$18*$CJ79/100 -> 0 | V96: =V$18*$CJ78/100 -> 0 | W96: =W$18*$CJ77/100 -> 0 | X96: =X$18*$CJ76/100 -> 39364.98 | Y96: =Y$18*$CJ75/100 -> 0 | Z96: =Z$18*$CJ74/100 -> 0 | AA96: =AA$18*$CJ73/100 -> 38695.547 | AB96: =AB$18*$CJ72/100 -> 0 | AC96: =AC$18*$CJ71/100 -> 0 | AD96: =AD$18*$CJ70/100 -> 0 | AE96: =AE$18*$CJ69/100 -> 34896.148 | AF96: =AF$18*$CJ68/100 -> 0 | AG96: =AG$18*$CJ67/100 -> 0 | AH96: =AH$18*$CJ66/100 -> 0 | AI96: =AI$18*$CJ65/100 -> 158207.07 | AJ96: =AJ$18*$CJ64/100 -> 0 | AK96: =AK$18*$CJ63/100 -> 0 | AL96: =AL$18*$CJ62/100 -> 40364.455 | AM96: =AM$18*$CJ61/100 -> 0 | AN96: =AN$18*$CJ60/100 -> 0 | AO96: =AO$18*$CJ59/100 -> 0 | AP96: =AP$18*$CJ58/100 -> 49984.815 | AQ96: =AQ$18*$CJ57/100 -> 0 | AR96: =AR$18*$CJ56/100 -> 0 | AS96: =AS$18*$CJ55/100 -> 0 | AT96: =AT$18*$CJ54/100 -> 0 | AU96: =AU$18*$CJ53/100 -> 0 | AV96: =AV$18*$CJ52/100 -> 0 | AW96: =AW$18*$CJ51/100 -> 0 | AX96: =AX$18*$CJ50/100 -> 0 | AY96: =AY$18*$CJ49/100 -> 0 | AZ96: =AZ$18*$CJ48/100 -> 160520.66 | BA96: =BA$18*$CJ47/100 -> 0 | BB96: =BB$18*$CJ46/100 -> 0 | BC96: =BC$18*$CJ45/100 -> 0 | BD96: =BD$18*$CJ44/100 -> 0 | BE96: =BE$18*$CJ43/100 -> 99773.018 | BF96: =BF$18*$CJ42/100 -> 0 | BG96: =BG$18*$CJ41/100 -> 0 | BH96: =BH$18*$CJ40/100 -> 1662414.8 | BI96: =BI$18*$CJ39/100 -> 0 | BJ96: =BJ$18*$CJ38/100 -> 0 | BK96: =BK$18*$CJ37/100 -> 0 | BL96: =BL$18*$CJ36/100 -> 0 | BM96: =BM$18*$CJ35/100 -> 0 | BN96: =BN$18*$CJ34/100 -> 0 | BO96: =BO$18*$CJ33/100 -> 0 | BP96: =BP$18*$CJ32/100 -> 0 | BQ96: =BQ$18*$CJ31/100 -> 0 | BR96: =BR$18*$CJ30/100 -> 0 | BS96: =BS$18*$CJ29/100 -> 0 | BT96: =BT$18*$CJ28/100 -> 0 | BU96: =BU$18*$CJ27/100 -> 0 | BV96: =BV$18*$CJ26/100 -> 0 | BW96: =BW$18*$CJ25/100 -> 0 | BX96: =BX$18*$CJ24/100 -> 0 | BY96: =BY$18*$CJ23/100 -> 0 | BZ96: =BZ$18*$CJ22/100 -> 0 | CA96: =CA$18*$CJ21/100 -> 0 | CB96: =CB$18*$CJ20/100 -> 0 | CG96: =SUM(D96:CF96) -> 2284221.5 | CJ96: 0
B97: =B96+1 -> 2104 | C97: 0 | D97: =D$18*$C97/100 -> 0 | E97: =E$18*$C96/100 -> 0 | F97: =F$18*$C95/100 -> 0 | G97: =G$18*$CJ94/100 -> 0 | H97: =H$18*$CJ93/100 -> 0 | I97: =I$18*$CJ92/100 -> 0 | J97: =J$18*$CJ91/100 -> 0 | K97: =K$18*$CJ90/100 -> 0 | L97: =L$18*$CJ89/100 -> 0 | M97: =M$18*$CJ88/100 -> 0 | N97: =N$18*$CJ87/100 -> 0 | O97: =O$18*$CJ86/100 -> 0 | P97: =P$18*$CJ85/100 -> 0 | Q97: =Q$18*$CJ84/100 -> 0 | R97: =R$18*$CJ83/100 -> 0 | S97: =S$18*$CJ82/100 -> 0 | T97: =T$18*$CJ81/100 -> 0 | U97: =U$18*$CJ80/100 -> 0 | V97: =V$18*$CJ79/100 -> 0 | W97: =W$18*$CJ78/100 -> 0 | X97: =X$18*$CJ77/100 -> 36134.001 | Y97: =Y$18*$CJ76/100 -> 0 | Z97: =Z$18*$CJ75/100 -> 0 | AA97: =AA$18*$CJ74/100 -> 36136.874 | AB97: =AB$18*$CJ73/100 -> 0 | AC97: =AC$18*$CJ72/100 -> 0 | AD97: =AD$18*$CJ71/100 -> 0 | AE97: =AE$18*$CJ70/100 -> 33058.354 | AF97: =AF$18*$CJ69/100 -> 0 | AG97: =AG$18*$CJ68/100 -> 0 | AH97: =AH$18*$CJ67/100 -> 0 | AI97: =AI$18*$CJ66/100 -> 151255.45 | AJ97: =AJ$18*$CJ65/100 -> 0 | AK97: =AK$18*$CJ64/100 -> 0 | AL97: =AL$18*$CJ63/100 -> 38781.222 | AM97: =AM$18*$CJ62/100 -> 0 | AN97: =AN$18*$CJ61/100 -> 0 | AO97: =AO$18*$CJ60/100 -> 0 | AP97: =AP$18*$CJ59/100 -> 48259.374 | AQ97: =AQ$18*$CJ58/100 -> 0 | AR97: =AR$18*$CJ57/100 -> 0 | AS97: =AS$18*$CJ56/100 -> 0 | AT97: =AT$18*$CJ55/100 -> 0 | AU97: =AU$18*$CJ54/100 -> 0 | AV97: =AV$18*$CJ53/100 -> 0 | AW97: =AW$18*$CJ52/100 -> 0 | AX97: =AX$18*$CJ51/100 -> 0 | AY97: =AY$18*$CJ50/100 -> 0 | AZ97: =AZ$18*$CJ49/100 -> 156083.53 | BA97: =BA$18*$CJ48/100 -> 0 | BB97: =BB$18*$CJ47/100 -> 0 | BC97: =BC$18*$CJ46/100 -> 0 | BD97: =BD$18*$CJ45/100 -> 0 | BE97: =BE$18*$CJ44/100 -> 97182.102 | BF97: =BF$18*$CJ43/100 -> 0 | BG97: =BG$18*$CJ42/100 -> 0 | BH97: =BH$18*$CJ41/100 -> 1620156.8 | BI97: =BI$18*$CJ40/100 -> 0 | BJ97: =BJ$18*$CJ39/100 -> 0 | BK97: =BK$18*$CJ38/100 -> 0 | BL97: =BL$18*$CJ37/100 -> 0 | BM97: =BM$18*$CJ36/100 -> 0 | BN97: =BN$18*$CJ35/100 -> 0 | BO97: =BO$18*$CJ34/100 -> 0 | BP97: =BP$18*$CJ33/100 -> 0 | BQ97: =BQ$18*$CJ32/100 -> 0 | BR97: =BR$18*$CJ31/100 -> 0 | BS97: =BS$18*$CJ30/100 -> 0 | BT97: =BT$18*$CJ29/100 -> 0 | BU97: =BU$18*$CJ28/100 -> 0 | BV97: =BV$18*$CJ27/100 -> 0 | BW97: =BW$18*$CJ26/100 -> 0 | BX97: =BX$18*$CJ25/100 -> 0 | BY97: =BY$18*$CJ24/100 -> 0 | BZ97: =BZ$18*$CJ23/100 -> 0 | CA97: =CA$18*$CJ22/100 -> 0 | CB97: =CB$18*$CJ21/100 -> 0 | CC97: =CC$18*$CJ20/100 -> 0 | CG97: =SUM(D97:CF97) -> 2217047.7 | CJ97: 0
B98: =B97+1 -> 2105 | C98: 0 | D98: =D$18*$C98/100 -> 0 | E98: =E$18*$C97/100 -> 0 | F98: =F$18*$C96/100 -> 0 | G98: =G$18*$CJ95/100 -> 0 | H98: =H$18*$CJ94/100 -> 0 | I98: =I$18*$CJ93/100 -> 0 | J98: =J$18*$CJ92/100 -> 0 | K98: =K$18*$CJ91/100 -> 0 | L98: =L$18*$CJ90/100 -> 0 | M98: =M$18*$CJ89/100 -> 0 | N98: =N$18*$CJ88/100 -> 0 | O98: =O$18*$CJ87/100 -> 0 | P98: =P$18*$CJ86/100 -> 0 | Q98: =Q$18*$CJ85/100 -> 0 | R98: =R$18*$CJ84/100 -> 0 | S98: =S$18*$CJ83/100 -> 0 | T98: =T$18*$CJ82/100 -> 0 | U98: =U$18*$CJ81/100 -> 0 | V98: =V$18*$CJ80/100 -> 0 | W98: =W$18*$CJ79/100 -> 0 | X98: =X$18*$CJ78/100 -> 32907.185 | Y98: =Y$18*$CJ77/100 -> 0 | Z98: =Z$18*$CJ76/100 -> 0 | AA98: =AA$18*$CJ75/100 -> 33582.416 | AB98: =AB$18*$CJ74/100 -> 0 | AC98: =AC$18*$CJ73/100 -> 0 | AD98: =AD$18*$CJ72/100 -> 0 | AE98: =AE$18*$CJ71/100 -> 31224.751 | AF98: =AF$18*$CJ70/100 -> 0 | AG98: =AG$18*$CJ69/100 -> 0 | AH98: =AH$18*$CJ68/100 -> 0 | AI98: =AI$18*$CJ67/100 -> 144325.71 | AJ98: =AJ$18*$CJ66/100 -> 0 | AK98: =AK$18*$CJ65/100 -> 0 | AL98: =AL$18*$CJ64/100 -> 37204.317 | AM98: =AM$18*$CJ63/100 -> 0 | AN98: =AN$18*$CJ62/100 -> 0 | AO98: =AO$18*$CJ61/100 -> 0 | AP98: =AP$18*$CJ60/100 -> 46543.374 | AQ98: =AQ$18*$CJ59/100 -> 0 | AR98: =AR$18*$CJ58/100 -> 0 | AS98: =AS$18*$CJ57/100 -> 0 | AT98: =AT$18*$CJ56/100 -> 0 | AU98: =AU$18*$CJ55/100 -> 0 | AV98: =AV$18*$CJ54/100 -> 0 | AW98: =AW$18*$CJ53/100 -> 0 | AX98: =AX$18*$CJ52/100 -> 0 | AY98: =AY$18*$CJ51/100 -> 0 | AZ98: =AZ$18*$CJ50/100 -> 151697.73 | BA98: =BA$18*$CJ49/100 -> 0 | BB98: =BB$18*$CJ48/100 -> 0 | BC98: =BC$18*$CJ47/100 -> 0 | BD98: =BD$18*$CJ46/100 -> 0 | BE98: =BE$18*$CJ45/100 -> 94633.49 | BF98: =BF$18*$CJ44/100 -> 0 | BG98: =BG$18*$CJ43/100 -> 0 | BH98: =BH$18*$CJ42/100 -> 1578736.2 | BI98: =BI$18*$CJ41/100 -> 0 | BJ98: =BJ$18*$CJ40/100 -> 0 | BK98: =BK$18*$CJ39/100 -> 0 | BL98: =BL$18*$CJ38/100 -> 0 | BM98: =BM$18*$CJ37/100 -> 0 | BN98: =BN$18*$CJ36/100 -> 0 | BO98: =BO$18*$CJ35/100 -> 0 | BP98: =BP$18*$CJ34/100 -> 0 | BQ98: =BQ$18*$CJ33/100 -> 0 | BR98: =BR$18*$CJ32/100 -> 0 | BS98: =BS$18*$CJ31/100 -> 0 | BT98: =BT$18*$CJ30/100 -> 0 | BU98: =BU$18*$CJ29/100 -> 0 | BV98: =BV$18*$CJ28/100 -> 0 | BW98: =BW$18*$CJ27/100 -> 0 | BX98: =BX$18*$CJ26/100 -> 0 | BY98: =BY$18*$CJ25/100 -> 0 | BZ98: =BZ$18*$CJ24/100 -> 0 | CA98: =CA$18*$CJ23/100 -> 0 | CB98: =CB$18*$CJ22/100 -> 0 | CC98: =CC$18*$CJ21/100 -> 0 | CD98: =CD$18*$CJ20/100 -> 0 | CG98: =SUM(D98:CF98) -> 2150855.2 | CJ98: 0
B99: =B98+1 -> 2106 | C99: 0 | D99: =D$18*$C99/100 -> 0 | E99: =E$18*$C98/100 -> 0 | F99: =F$18*$C97/100 -> 0 | G99: =G$18*$CJ96/100 -> 0 | H99: =H$18*$CJ95/100 -> 0 | I99: =I$18*$CJ94/100 -> 0 | J99: =J$18*$CJ93/100 -> 0 | K99: =K$18*$CJ92/100 -> 0 | L99: =L$18*$CJ91/100 -> 0 | M99: =M$18*$CJ90/100 -> 0 | N99: =N$18*$CJ89/100 -> 0 | O99: =O$18*$CJ88/100 -> 0 | P99: =P$18*$CJ87/100 -> 0 | Q99: =Q$18*$CJ86/100 -> 0 | R99: =R$18*$CJ85/100 -> 0 | S99: =S$18*$CJ84/100 -> 0 | T99: =T$18*$CJ83/100 -> 0 | U99: =U$18*$CJ82/100 -> 0 | V99: =V$18*$CJ81/100 -> 0 | W99: =W$18*$CJ80/100 -> 0 | X99: =X$18*$CJ79/100 -> 29684.197 | Y99: =Y$18*$CJ78/100 -> 0 | Z99: =Z$18*$CJ77/100 -> 0 | AA99: =AA$18*$CJ76/100 -> 31031.834 | AB99: =AB$18*$CJ75/100 -> 0 | AC99: =AC$18*$CJ74/100 -> 0 | AD99: =AD$18*$CJ73/100 -> 0 | AE99: =AE$18*$CJ72/100 -> 29395.004 | AF99: =AF$18*$CJ71/100 -> 0 | AG99: =AG$18*$CJ70/100 -> 0 | AH99: =AH$18*$CJ69/100 -> 0 | AI99: =AI$18*$CJ68/100 -> 137416.1 | AJ99: =AJ$18*$CJ67/100 -> 0 | AK99: =AK$18*$CJ66/100 -> 0 | AL99: =AL$18*$CJ65/100 -> 35633.235 | AM99: =AM$18*$CJ64/100 -> 0 | AN99: =AN$18*$CJ63/100 -> 0 | AO99: =AO$18*$CJ62/100 -> 0 | AP99: =AP$18*$CJ61/100 -> 44836.059 | AQ99: =AQ$18*$CJ60/100 -> 0 | AR99: =AR$18*$CJ59/100 -> 0 | AS99: =AS$18*$CJ58/100 -> 0 | AT99: =AT$18*$CJ57/100 -> 0 | AU99: =AU$18*$CJ56/100 -> 0 | AV99: =AV$18*$CJ55/100 -> 0 | AW99: =AW$18*$CJ54/100 -> 0 | AX99: =AX$18*$CJ53/100 -> 0 | AY99: =AY$18*$CJ52/100 -> 0 | AZ99: =AZ$18*$CJ51/100 -> 147359.14 | BA99: =BA$18*$CJ50/100 -> 0 | BB99: =BB$18*$CJ49/100 -> 0 | BC99: =BC$18*$CJ48/100 -> 0 | BD99: =BD$18*$CJ47/100 -> 0 | BE99: =BE$18*$CJ46/100 -> 92123.798 | BF99: =BF$18*$CJ45/100 -> 0 | BG99: =BG$18*$CJ44/100 -> 0 | BH99: =BH$18*$CJ43/100 -> 1538086.2 | BI99: =BI$18*$CJ42/100 -> 0 | BJ99: =BJ$18*$CJ41/100 -> 0 | BK99: =BK$18*$CJ40/100 -> 0 | BL99: =BL$18*$CJ39/100 -> 0 | BM99: =BM$18*$CJ38/100 -> 0 | BN99: =BN$18*$CJ37/100 -> 0 | BO99: =BO$18*$CJ36/100 -> 0 | BP99: =BP$18*$CJ35/100 -> 0 | BQ99: =BQ$18*$CJ34/100 -> 0 | BR99: =BR$18*$CJ33/100 -> 0 | BS99: =BS$18*$CJ32/100 -> 0 | BT99: =BT$18*$CJ31/100 -> 0 | BU99: =BU$18*$CJ30/100 -> 0 | BV99: =BV$18*$CJ29/100 -> 0 | BW99: =BW$18*$CJ28/100 -> 0 | BX99: =BX$18*$CJ27/100 -> 0 | BY99: =BY$18*$CJ26/100 -> 0 | BZ99: =BZ$18*$CJ25/100 -> 0 | CA99: =CA$18*$CJ24/100 -> 0 | CB99: =CB$18*$CJ23/100 -> 0 | CC99: =CC$18*$CJ22/100 -> 0 | CD99: =CD$18*$CJ21/100 -> 0 | CE99: =CE$18*$CJ20/100 -> 0 | CG99: =SUM(D99:CF99) -> 2085565.5 | CJ99: 0
B100: =B99+1 -> 2107 | C100: 0 | D100: =D$18*$C100/100 -> 0 | E100: =E$18*$C99/100 -> 0 | F100: =F$18*$C98/100 -> 0 | G100: =G$18*$CJ97/100 -> 0 | H100: =H$18*$CJ96/100 -> 0 | I100: =I$18*$CJ95/100 -> 0 | J100: =J$18*$CJ94/100 -> 0 | K100: =K$18*$CJ93/100 -> 0 | L100: =L$18*$CJ92/100 -> 0 | M100: =M$18*$CJ91/100 -> 0 | N100: =N$18*$CJ90/100 -> 0 | O100: =O$18*$CJ89/100 -> 0 | P100: =P$18*$CJ88/100 -> 0 | Q100: =Q$18*$CJ87/100 -> 0 | R100: =R$18*$CJ86/100 -> 0 | S100: =S$18*$CJ85/100 -> 0 | T100: =T$18*$CJ84/100 -> 0 | U100: =U$18*$CJ83/100 -> 0 | V100: =V$18*$CJ82/100 -> 0 | W100: =W$18*$CJ81/100 -> 0 | X100: =X$18*$CJ80/100 -> 26464.734 | Y100: =Y$18*$CJ79/100 -> 0 | Z100: =Z$18*$CJ78/100 -> 0 | AA100: =AA$18*$CJ77/100 -> 28484.818 | AB100: =AB$18*$CJ76/100 -> 0 | AC100: =AC$18*$CJ75/100 -> 0 | AD100: =AD$18*$CJ74/100 -> 0 | AE100: =AE$18*$CJ73/100 -> 27568.803 | AF100: =AF$18*$CJ72/100 -> 0 | AG100: =AG$18*$CJ71/100 -> 0 | AH100: =AH$18*$CJ70/100 -> 0 | AI100: =AI$18*$CJ69/100 -> 130525 | AJ100: =AJ$18*$CJ68/100 -> 0 | AK100: =AK$18*$CJ67/100 -> 0 | AL100: =AL$18*$CJ66/100 -> 34067.51 | AM100: =AM$18*$CJ65/100 -> 0 | AN100: =AN$18*$CJ64/100 -> 0 | AO100: =AO$18*$CJ63/100 -> 0 | AP100: =AP$18*$CJ62/100 -> 43136.736 | AQ100: =AQ$18*$CJ61/100 -> 0 | AR100: =AR$18*$CJ60/100 -> 0 | AS100: =AS$18*$CJ59/100 -> 0 | AT100: =AT$18*$CJ58/100 -> 0 | AU100: =AU$18*$CJ57/100 -> 0 | AV100: =AV$18*$CJ56/100 -> 0 | AW100: =AW$18*$CJ55/100 -> 0 | AX100: =AX$18*$CJ54/100 -> 0 | AY100: =AY$18*$CJ53/100 -> 0 | AZ100: =AZ$18*$CJ52/100 -> 143063.99 | BA100: =BA$18*$CJ51/100 -> 0 | BB100: =BB$18*$CJ50/100 -> 0 | BC100: =BC$18*$CJ49/100 -> 0 | BD100: =BD$18*$CJ48/100 -> 0 | BE100: =BE$18*$CJ47/100 -> 89649.913 | BF100: =BF$18*$CJ46/100 -> 0 | BG100: =BG$18*$CJ45/100 -> 0 | BH100: =BH$18*$CJ44/100 -> 1498145 | BI100: =BI$18*$CJ43/100 -> 0 | BJ100: =BJ$18*$CJ42/100 -> 0 | BK100: =BK$18*$CJ41/100 -> 0 | BL100: =BL$18*$CJ40/100 -> 0 | BM100: =BM$18*$CJ39/100 -> 0 | BN100: =BN$18*$CJ38/100 -> 0 | BO100: =BO$18*$CJ37/100 -> 0 | BP100: =BP$18*$CJ36/100 -> 0 | BQ100: =BQ$18*$CJ35/100 -> 0 | BR100: =BR$18*$CJ34/100 -> 0 | BS100: =BS$18*$CJ33/100 -> 0 | BT100: =BT$18*$CJ32/100 -> 0 | BU100: =BU$18*$CJ31/100 -> 0 | BV100: =BV$18*$CJ30/100 -> 0 | BW100: =BW$18*$CJ29/100 -> 0 | BX100: =BX$18*$CJ28/100 -> 0 | BY100: =BY$18*$CJ27/100 -> 0 | BZ100: =BZ$18*$CJ26/100 -> 0 | CA100: =CA$18*$CJ25/100 -> 0 | CB100: =CB$18*$CJ24/100 -> 0 | CC100: =CC$18*$CJ23/100 -> 0 | CD100: =CD$18*$CJ22/100 -> 0 | CE100: =CE$18*$CJ21/100 -> 0 | CF100: =CF$18*$CJ20/100 -> 0 | CG100: =SUM(D100:CF100) -> 2021106.5 | CJ100: 0
B101: Total | C101: =SUM(C20:C100) -> 301.34666 | D101: =SUM(D20:D100) -> 1844241.6 | E101: =SUM(E20:E100) -> 1874376.2 | F101: =SUM(F20:F100) -> 4785385 | G101: =SUM(G20:G100) -> 0 | H101: =SUM(H20:H100) -> 9942727 | I101: =SUM(I20:I100) -> 28833927 | J101: =SUM(J20:J100) -> 11776306 | ... CG101: =SUM(CG20:CG100) -> 1.7357158e+08 | CJ101: 0
CJ102: 0
B103: SUNCOST | D103: =SUM($D$21:$D$100) -> 1788644.2 | E103: =SUM($D$22:$E$100) -> 3546575.8 | F103: =SUM($D$23:$F$100) -> 8068602.3 | G103: =SUM($D$24:$G$100) -> 7797444.1 | H103: =SUM($D$25:$H$100) -> 17176742 | I103: =SUM($D$26:$I$100) -> 44559526 | J103: =SUM($D$27:$J$100) -> 54474127 | K103: =SUM($D$28:$K$100) -> 52627248 | L103: =SUM($D$29:$L$100) -> 55894069 | M103: =SUM($D$30:$M$100) -> 57410636 | N103: =SUM($D$31:$N$100) -> 55436159 | O103: =SUM($D$32:$O$100) -> 53516595 | P103: =SUM($D$33:$P$100) -> 51649583 | Q103: =SUM($D$34:$Q$100) -> 49832954 | R103: =SUM($D$35:$R$100) -> 48064708 | S103: =SUM($D$36:$S$100) -> 46343009 | T103: =SUM($D$37:$T$100) -> 44666166 | U103: =SUM($D$38:$U$100) -> 43032623 | V103: =SUM($D$39:$V$100) -> 41440950 | W103: =SUM($D$40:$W$100) -> 39889830 | X103: =SUM($D$41:$X$100) -> 46356902 | Y103: =SUM($D$42:$Y$100) -> 44605991 | Z103: =SUM($D$43:$Z$100) -> 42900566 | AA103: =SUM($D$44:$AA$100) -> 47458883 | AB103: =SUM($D$45:$AB$100) -> 45621837 | AC103: =SUM($D$46:$AC$100) -> 43833067 | AD103: =SUM($D$47:$AD$100) -> 42091200 | AE103: =SUM($D$48:$AE$100) -> 44734082 | AF103: =SUM($D$49:$AF$100) -> 42926553 | AG103: =SUM($D$50:$AG$100) -> 41167080 | AH103: =SUM($D$51:$AH$100) -> 39454450 | AI103: =SUM($D$52:$AI$100) -> 53563981 | AJ103: =SUM($D$53:$AJ$100) -> 51359118 | AK103: =SUM($D$54:$AK$100) -> 49215408 | AL103: =SUM($D$55:$AL$100) -> 50591623 | AM103: =SUM($D$56:$AM$100) -> 48433945 | AN103: =SUM($D$57:$AN$100) -> 46336562 | AO103: =SUM($D$58:$AO$100) -> 44297936 | AP103: =SUM($D$59:$AP$100) -> 45859127 | AQ103: =SUM($D$60:$AQ$100) -> 43793635 | AR103: =SUM($D$61:$AR$100) -> 41787174 | AS103: =SUM($D$62:$AS$100) -> 39838433 | AT103: =SUM($D$63:$AT$100) -> 37946210 | AU103: =SUM($D$64:$AU$100) -> 36109397 | AV103: =SUM($D$65:$AV$100) -> 34326975 | AW103: =SUM($D$66:$AW$100) -> 32598007 | AX103: =SUM($D$67:$AX$100) -> 30921629 | AY103: =SUM($D$68:$AY$100) -> 29297050 | AZ103: =SUM($D$69:$AZ$100) -> 34886571 | BA103: =SUM($D$70:$BA$100) -> 33032292 | BB103: =SUM($D$71:$BB$100) -> 31237681 | BC103: =SUM($D$72:$BC$100) -> 29501683 | BD103: =SUM($D$73:$BD$100) -> 27823326 | BE103: =SUM($D$74:$BE$100) -> 29681101 | BF103: =SUM($D$75:$BF$100) -> 27935499 | BG103: =SUM($D$76:$BG$100) -> 26250439 | BH103: =SUM($D$77:$BH$100) -> 74001582 | BI103: =SUM($D$78:$BI$100) -> 69661221 | BJ103: =SUM($D$79:$BJ$100) -> 65461575 | BK103: =SUM($D$80:$BK$100) -> 61397813 | BL103: =SUM($D$81:$BL$100) -> 57465489 | BM103: =SUM($D$82:$BM$100) -> 53660514 | BN103: =SUM($D$83:$BN$100) -> 49979126 | BO103: =SUM($D$84:$BO$100) -> 46417863 | BP103: =SUM($D$85:$BP$100) -> 42973541 | BQ103: =SUM($D$86:$BQ$100) -> 39606679 | BR103: =SUM($D$87:$BR$100) -> 36352106 | BS103: =SUM($D$88:$BS$100) -> 33149572 | BT103: =SUM($D$89:$BT$100) -> 30151103 | BU103: =SUM($D$90:$BU$100) -> 27057521 | BV103: =SUM($D$91:$BV$100) -> 23698626 | BW103: =SUM($D$92:$BW$100) -> 20794857 | BX103: =SUM($D$93:$BX$100) -> 18214923 | BY103: =SUM($D$94:$BY$100) -> 15607289 | BZ103: =SUM($D$95:$BZ$100) -> 13111258 | CA103: =SUM($D$96:$CA$100) -> 10758796 | CB103: =SUM($D$97:$CB$100) -> 8474574.9 | CC103: =SUM($D$98:$CC$100) -> 6257527.2 | CD103: =SUM($D$99:$CD$100) -> 4106672 | CE103: =SUM($D$100:$CE$100) -> 2021106.5 | CF103: 0 | CJ103: 0
B104: NPV SUNK COST | CJ104: 0
B105: =B20 -> 2027 | C105: 0 | D105: =-NPV('Life Cycle Cost Evaluation'!$M$1,D21:D$100)/(1+'Life Cycle Cost Evaluation'!$M$1)^($B20-'Life Cycle Cost Evaluation'!$M$4) -> -642896.22 | E105: =-NPV('Life Cycle Cost Evaluation'!$M$1,E21:E$100)/(1+'Life Cycle Cost Evaluation'!$M$1)^($B20-'Life Cycle Cost Evaluation'!$M$4) -> -666141.4 | F105: =-NPV('Life Cycle Cost Evaluation'!$M$1,F21:F$100)/(1+'Life Cycle Cost Evaluation'!$M$1)^($B20-'Life Cycle Cost Evaluation'!$M$4) -> -1700695.4 | G105: =-NPV('Life Cycle Cost Evaluation'!$M$1,G21:G$100)/(1+'Life Cycle Cost Evaluation'!$M$1)^($B20-'Life Cycle Cost Evaluation'!$M$4) -> 0 | H105: =-NPV('Life Cycle Cost Evaluation'!$M$1,H21:H$100)/(1+'Life Cycle Cost Evaluation'!$M$1)^($B20-'Life Cycle Cost Evaluation'!$M$4) -> -3540777.9 | I105: =-NPV('Life Cycle Cost Evaluation'!$M$1,I21:I$100)/(1+'Life Cycle Cost Evaluation'!$M$1)^($B20-'Life Cycle Cost Evaluation'!$M$4) -> -10268263 | J105: =-NPV('Life Cycle Cost Evaluation'!$M$1,J21:J$100)/(1+'Life Cycle Cost Evaluation'!$M$1)^($B20-'Life Cycle Cost Evaluation'!$M$4) -> -4193747.2 | K105: =-NPV('Life Cycle Cost Evaluation'!$M$1,K21:K$100)/(1+'Life Cycle Cost Evaluation'!$M$1)^($B20-'Life Cycle Cost Evaluation'!$M$4) -> 0 | ... CF105: =-NPV('Life Cycle Cost Evaluation'!$M$1,CF21:CF$100)/(1+'Life Cycle Cost Evaluation'!$M$1)^($B20-'Life Cycle Cost Evaluation'!$M$4) -> 0 | CG105: =D105 -> -642896.22 | CJ105: 0
B106: =B21 -> 2028 | C106: 0 | D106: =-NPV('Life Cycle Cost Evaluation'!$M$1,D22:D$100)/(1+'Life Cycle Cost Evaluation'!$M$1)^($B21-'Life Cycle Cost Evaluation'!$M$4) -> -586652.62 | E106: =-NPV('Life Cycle Cost Evaluation'!$M$1,E22:E$100)/(1+'Life Cycle Cost Evaluation'!$M$1)^($B21-'Life Cycle Cost Evaluation'!$M$4) -> -613119.14 | F106: =-NPV('Life Cycle Cost Evaluation'!$M$1,F22:F$100)/(1+'Life Cycle Cost Evaluation'!$M$1)^($B21-'Life Cycle Cost Evaluation'!$M$4) -> -1595848.2 | G106: =-NPV('Life Cycle Cost Evaluation'!$M$1,G22:G$100)/(1+'Life Cycle Cost Evaluation'!$M$1)^($B21-'Life Cycle Cost Evaluation'!$M$4) -> 0 | H106: =-NPV('Life Cycle Cost Evaluation'!$M$1,H22:H$100)/(1+'Life Cycle Cost Evaluation'!$M$1)^($B21-'Life Cycle Cost Evaluation'!$M$4) -> -3322490.3 | I106: =-NPV('Life Cycle Cost Evaluation'!$M$1,I22:I$100)/(1+'Life Cycle Cost Evaluation'!$M$1)^($B21-'Life Cycle Cost Evaluation'!$M$4) -> -9635228.2 | J106: =-NPV('Life Cycle Cost Evaluation'!$M$1,J22:J$100)/(1+'Life Cycle Cost Evaluation'!$M$1)^($B21-'Life Cycle Cost Evaluation'!$M$4) -> -3935204.3 | K106: =-NPV('Life Cycle Cost Evaluation'!$M$1,K22:K$100)/(1+'Life Cycle Cost Evaluation'!$M$1)^($B21-'Life Cycle Cost Evaluation'!$M$4) -> 0 | ... CF106: =-NPV('Life Cycle Cost Evaluation'!$M$1,CF22:CF$100)/(1+'Life Cycle Cost Evaluation'!$M$1)^($B21-'Life Cycle Cost Evaluation'!$M$4) -> 0 | CG106: =SUM(D106:E106) -> -1199771.8 | CJ106: 0
